Workbook
Name \C: #REF!
Name \C: #REF!
Name \C: #REF!
Name \C: #REF!
Name \d: #N/A
Name \D: #REF!
Name \D: #REF!
Name \d: #N/A
Name \f: #N/A
Name \G: #REF!
Name \G: #REF!
Name \G: #REF!
Name \G: #REF!
Name \I: #REF!
Name \I: #REF!
Name \I: #REF!
Name \I: #REF!
Name \l: #REF!
Name \l: #REF!
Name \l: #REF!
Name \l: #REF!
Name \M: #REF!
Name \M: #REF!
Name \M: #REF!
Name \M: #REF!
Name \p: #N/A
Name \P: #REF!
Name \P: #REF!
Name \p: #N/A
Name \q: #REF!
Name \q: #REF!
Name \q: #REF!
Name \q: #REF!
Name \R: #REF!
Name \R: #REF!
Name \R: #REF!
Name \R: #REF!
Name \s: #REF!
Name \s: #REF!
Name \s: #REF!
Name \s: #REF!
Name \t: #REF!
Name \t: #REF!
Name \t: #REF!
Name \t: #REF!
Name \Y: #REF!
Name \Y: #REF!
Name \Y: #REF!
Name \Y: #REF!
Name _: #REF!
Name _: #REF!
Name _: #REF!
Name _: #REF!
Name ___\C: #REF!
Name ___\C: #REF!
Name ___\C: #REF!
Name ___\C: #REF!
Name ___\D: #REF!
Name ___\D: #REF!
Name ___\D: #REF!

Sheet Resumo do Orçamento - Vantajoso
D1: Obra | E1: Bancos | F1: B.D.I. | I1: Encargos Sociais
D2: CONSTRUÇÃO DE CRECHE 10 SALAS - FUNDAÇÃO RASA, NO DISTRITO DE UMARI, BOM JARDIM/PE | E2: SINAPI - 04/2025 - Pernambuco | F2: 20,5% | I2: Não Desonerado: embutido nos preços unitário dos insumos de mão de obra, de acordo com as bases.
A3: Planilha Orçamentária Resumida - VANTAJOSO
A4: Item | D4: Descrição | H4: Quant. | I4: Total | J4: Peso (%)
A5: 1 | D5: ADMINISTRAÇÃO LOCAL | H5: 1 | I5: 334535.04 | J5: =I5 / 7467019.56 -> 0.044801683
A6: 2 | D6: TERRAPLENAGEM | H6: 1 | I6: 1288606.7 | J6: =I6 / 7467019.56 -> 0.1725731
A7: 3 | D7: INSTALAÇÕES PROVISÓRIAS | H7: 1 | I7: 139281.1 | J7: =I7 / 7467019.56 -> 0.018652837
A8: 4 | D8: INFRAESTRUTURA | H8: 1 | I8: 236769.64 | J8: =I8 / 7467019.56 -> 0.031708721
A9: 5 | D9: SUPERESTRUTURA | H9: 1 | I9: 577093.46 | J9: =I9 / 7467019.56 -> 0.07728565
A10: 6 | D10: PAREDES E DIVISÓRIAS | H10: 1 | I10: 356105.95 | J10: =I10 / 7467019.56 -> 0.047690507
A11: 7 | D11: COBERTURA E IMPERMEABILIZAÇÃO | H11: 1 | I11: 554285.99 | J11: =I11 / 7467019.56 -> 0.074231222
A12: 8 | D12: PORTAS E ESQUADRIAS | H12: 1 | I12: 263515.88 | J12: =I12 / 7467019.56 -> 0.035290637
A13: 9 | D13: REVESTIMENTOS | H13: 1 | I13: 780012.78 | J13: =I13 / 7467019.56 -> 0.10446106
A14: 10 | D14: PINTURA | H14: 1 | I14: 228894.43 | J14: =I14 / 7467019.56 -> 0.030654055
A15: 11 | D15: IINSTALAÇÕES HIDROSANITÁRIAS E PLUVIAIS | H15: 1 | I15: 347858.73 | J15: =I15 / 7467019.56 -> 0.046586021
A16: 12 | D16: LOUÇAS E METAIS | H16: 1 | I16: 104993.85 | J16: =I16 / 7467019.56 -> 0.014061012
... A25: 21 | D25: PISO EXTERNO, CALÇAMENTO E PAISAGISMO | H25: 1 | I25: 249750.67 | J25: =I25 / 7467019.56 -> 0.03344717
F27: Total sem BDI | H27: 6197167.2
F28: Total do BDI | H28: 1269852.3
F29: Total Geral | H29: 7467019.6

Sheet Sintético c MO
D1: Obra | E1: Bancos | F1: B.D.I. | I1: Encargos Sociais
D2: CONSTRUÇÃO DE CRECHE 10 SALAS - FUNDAÇÃO RASA, NO DISTRITO DE UMARI, BOM JARDIM/PE | E2: SINAPI - 04/2025 - Pernambuco | F2: 20,5% | I2: Não Desonerado: embutido nos preços unitário dos insumos de mão de obra, de acordo com as bases.
A3: Planilha Orçamentária Sintética Com Valor da Mão de Obra
A4: Item | B4: Código | C4: Banco | D4: Descrição | E4: Tipo | F4: Und | G4: Quant. | H4: Valor Unit | I4: Valor Unit com BDI | J4: Mão de Obra | L4: Total | M4: Peso (%)
J5: Valor | K5: %
A6: 1 | D6: ADMINISTRAÇÃO LOCAL | L6: 334535.04 | M6: =L6 / 7467019.56 -> 0.044801683
A7: 1.1 | B7: 4975 | C7: Próprio | D7: ADMINISTRAÇÃO LOCAL CRECHE 10 SALAS | F7: un | G7: 1 | H7: 277622.44 | I7: =TRUNC(H7 * (1 + 20.5 / 100), 2) -> 334535.04 | J7: 308645.28 | K7: =ROUND((J7 * 100 / TRUNC(G7 * I7, 2)), 2) -> 92.26 | L7: =TRUNC(G7 * I7, 2) -> 334535.04 | M7: =L7 / 7467019.56 -> 0.044801683
A8: 2 | D8: TERRAPLENAGEM | L8: 1288606.7 | M8: =L8 / 7467019.56 -> 0.1725731
A9: 2.1 | B9: 102291 | C9: SINAPI | D9: ESCAVAÇÃO MECANIZADA DE VALA COM PROF. ATÉ 1,5 M (MÉDIA MONTANTE E JUSANTE/UMA COMPOSIÇÃO POR TRECHO), ESCAVADEIRA (0,8 M3), LARG. DE 1,5 M A 2,5 M, EM SOLO MOLE, LOCAIS COM BAIXO NÍVEL DE INTERFERÊNCIA. AF_09/2024 | E9: Escavação de Valas | F9: m³ | G9: 6806 | H9: 8.06 | I9: =TRUNC(H9 * (1 + 20.5 / 100), 2) -> 9.71 | J9: 13135.58 | K9: =ROUND((J9 * 100 / TRUNC(G9 * I9, 2)), 2) -> 19.88 | L9: =TRUNC(G9 * I9, 2) -> 66086.26 | M9: =L9 / 7467019.56 -> 0.0088504201
A10: 2.2 | B10: 104738 | C10: SINAPI | D10: ATERRO MECANIZADO DE VALA COM MINICARREGADEIRA, COM SOLO ARGILO-ARENOSO. AF_08/2023 | E10: Aterro e Reaterro de Valas | F10: m³ | G10: 1985.32 | H10: 80.36 | I10: =TRUNC(H10 * (1 + 20.5 / 100), 2) -> 96.83 | J10: 21262.78 | K10: =ROUND((J10 * 100 / TRUNC(G10 * I10, 2)), 2) -> 11.06 | L10: =TRUNC(G10 * I10, 2) -> 192238.53 | M10: =L10 / 7467019.56 -> 0.025745015
A11: 2.3 | B11: 95876 | C11: SINAPI | D11: TRANSPORTE COM CAMINHÃO BASCULANTE DE 14 M³, EM VIA URBANA PAVIMENTADA, DMT ATÉ 30 KM (UNIDADE: M3XKM). AF_07/2020 | E11: Transporte, Carga e Descarga de Materiais | F11: M3XKM | G11: 8860 | H11: 2.14 | I11: =TRUNC(H11 * (1 + 20.5 / 100), 2) -> 2.57 | J11: 1772 | K11: =ROUND((J11 * 100 / TRUNC(G11 * I11, 2)), 2) -> 7.78 | L11: =TRUNC(G11 * I11, 2) -> 22770.2 | M11: =L11 / 7467019.56 -> 0.0030494362
A12: 2.4 | B12: 103800 | C12: SINAPI | D12: PEDRA ARGAMASSADA COM CIMENTO E AREIA 1:3, 40% DE ARGAMASSA EM VOLUME - AREIA E PEDRA DE MÃO COMERCIAIS - FORNECIMENTO E ASSENTAMENTO. AF_08/2022 | E12: Dissipadores de Energia | F12: m³ | G12: 1589.06 | H12: 526.17 | I12: =TRUNC(H12 * (1 + 20.5 / 100), 2) -> 634.03 | J12: 302954.29 | K12: =ROUND((J12 * 100 / TRUNC(G12 * I12, 2)), 2) -> 30.07 | L12: =TRUNC(G12 * I12, 2) -> 1007511.7 | M12: =L12 / 7467019.56 -> 0.13492823
A13: 3 | D13: INSTALAÇÕES PROVISÓRIAS | L13: 139281.1 | M13: =L13 / 7467019.56 -> 0.018652837
A14: 3.1 | B14: 103689 | C14: SINAPI | D14: FORNECIMENTO E INSTALAÇÃO DE PLACA DE OBRA COM CHAPA GALVANIZADA E ESTRUTURA DE MADEIRA. AF_03/2022_PS | E14: Sinalização Vertical Viária | F14: m² | G14: 15 | H14: 465.96 | I14: =TRUNC(H14 * (1 + 20.5 / 100), 2) -> 561.48 | J14: 555 | K14: =ROUND((J14 * 100 / TRUNC(G14 * I14, 2)), 2) -> 6.59 | L14: =TRUNC(G14 * I14, 2) -> 8422.2 | M14: =L14 / 7467019.56 -> 0.0011279199
A15: 3.2 | B15: 344 | C15: Próprio | D15: LIGACAO PROVISORIA DE AGUA -PARA MEDICAO DE AGUA - ENTRADA PRINCIPAL, EM PVC SOLDÁVEL DN 25 (¾") FORNECIMENTO E INSTALAÇÃO (INCLUSIVE HIDRÔMETRO) | F15: un | G15: 1 | H15: 360.44 | I15: =TRUNC(H15 * (1 + 20.5 / 100), 2) -> 434.33 | J15: 78.75 | K15: =ROUND((J15 * 100 / TRUNC(G15 * I15, 2)), 2) -> 18.13 | L15: =TRUNC(G15 * I15, 2) -> 434.33 | M15: =L15 / 7467019.56 -> 5.8166447e-05
A16: 3.3 | B16: 345 | C16: Próprio | D16: INSTALACAO/LIGACAO PROVISORIA ELETRICA BAIXA TENSAO P/CANTEIRO DE OBRA | F16: un | G16: 1 | H16: 2016.64 | I16: =TRUNC(H16 * (1 + 20.5 / 100), 2) -> 2430.05 | J16: 1094.4 | K16: =ROUND((J16 * 100 / TRUNC(G16 * I16, 2)), 2) -> 45.04 | L16: =TRUNC(G16 * I16, 2) -> 2430.05 | M16: =L16 / 7467019.56 -> 0.00032543774
A17: 3.4 | B17: 98459 | C17: SINAPI | D17: TAPUME COM TELHA METÁLICA. AF_03/2024 | E17: Instalações para Canteiros de Obras | F17: m² | G17: 480 | H17: 95.96 | I17: =TRUNC(H17 * (1 + 20.5 / 100), 2) -> 115.63 | J17: 14534.4 | K17: =ROUND((J17 * 100 / TRUNC(G17 * I17, 2)), 2) -> 26.19 | L17: =TRUNC(G17 * I17, 2) -> 55502.4 | M17: =L17 / 7467019.56 -> 0.0074330058
A18: 3.5 | B18: 99059 | C18: SINAPI | D18: LOCAÇÃO CONVENCIONAL DE OBRA, UTILIZANDO GABARITO DE TÁBUAS CORRIDAS PONTALETADAS A CADA 2,00M - 2 UTILIZAÇÕES. AF_03/2024 | E18: Locação de Obras | F18: M | G18: 200 | H18: 67.09 | I18: =TRUNC(H18 * (1 + 20.5 / 100), 2) -> 80.84 | J18: 6914 | K18: =ROUND((J18 * 100 / TRUNC(G18 * I18, 2)), 2) -> 42.76 | L18: =TRUNC(G18 * I18, 2) -> 16168 | M18: =L18 / 7467019.56 -> 0.0021652548
A19: 3.6 | B19: 4976 | C19: Próprio | D19: MOBILIZAÇÃO CRECHE 10 SALAS | F19: un | G19: 1 | H19: 4164.69 | I19: =TRUNC(H19 * (1 + 20.5 / 100), 2) -> 5018.45 | J19: 0 | K19: =ROUND((J19 * 100 / TRUNC(G19 * I19, 2)), 2) -> 0 | L19: =TRUNC(G19 * I19, 2) -> 5018.45 | M19: =L19 / 7467019.56 -> 0.00067208208
A20: 3.7 | B20: 4979 | C20: Próprio | D20: DESMOBILIZAÇÃO CRECHE 10 SALAS | F20: un | G20: 1 | H20: 4164.69 | I20: =TRUNC(H20 * (1 + 20.5 / 100), 2) -> 5018.45 | J20: 0 | K20: =ROUND((J20 * 100 / TRUNC(G20 * I20, 2)), 2) -> 0 | L20: =TRUNC(G20 * I20, 2) -> 5018.45 | M20: =L20 / 7467019.56 -> 0.00067208208
A21: 3.8 | B21: 4981 | C21: Próprio | D21: ADESIVO PARA APLICAÇÃO EM TAPUME DE TELHA METÁLICA DE CONSTRUÇÃO | F21: un | G21: 119.13 | H21: 45 | I21: =TRUNC(H21 * (1 + 20.5 / 100), 2) -> 54.22 | J21: 0 | K21: =ROUND((J21 * 100 / TRUNC(G21 * I21, 2)), 2) -> 0 | L21: =TRUNC(G21 * I21, 2) -> 6459.22 | M21: =L21 / 7467019.56 -> 0.00086503322
A22: 3.9 | B22: 2069 | C22: Próprio | D22: LOCACAO DE CONTAINER 2,30 X 6,00 M, ALT. 2,50 M, COM 1 SANITARIO, PARA ESCRITORIO, COMPLETO, SEM DIVISORIAS INTERNAS (NAO INCLUI MOBILIZACAO/DESMOBILIZACAO) | E22: SERP - SERVIÇOS PRELIMINARES | F22: MES | G22: 24 | H22: 847.5 | I22: =TRUNC(H22 * (1 + 20.5 / 100), 2) -> 1021.23 | J22: 0 | K22: =ROUND((J22 * 100 / TRUNC(G22 * I22, 2)), 2) -> 0 | L22: =TRUNC(G22 * I22, 2) -> 24509.52 | M22: =L22 / 7467019.56 -> 0.0032823699
A23: 3.10 | B23: 2068 | C23: Próprio | D23: LOCACAO DE CONTAINER 2,30 X 4,30 M, ALT. 2,50 M, P/ SANITARIO, C/ 5 BACIAS, 1 LAVATORIO E 4 MICTORIOS (NAO INCLUI MOBILIZACAO/DESMOBILIZACAO) | E23: SERP - SERVIÇOS PRELIMINARES | F23: MES | G23: 12 | H23: 1059.37 | I23: =TRUNC(H23 * (1 + 20.5 / 100), 2) -> 1276.54 | J23: 0 | K23: =ROUND((J23 * 100 / TRUNC(G23 * I23, 2)), 2) -> 0 | L23: =TRUNC(G23 * I23, 2) -> 15318.48 | M23: =L23 / 7467019.56 -> 0.0020514852
A24: 4 | D24: INFRAESTRUTURA | L24: 236769.64 | M24: =L24 / 7467019.56 -> 0.031708721
A25: 4.1 | B25: 104916 | C25: SINAPI | D25: ARMAÇÃO DE SAPATA ISOLADA, VIGA BALDRAME E SAPATA CORRIDA UTILIZANDO AÇO CA-60 DE 5 MM - MONTAGEM. AF_01/2024 | E25: Fundações Rasas (Blocos, Sapatas, Vigas Baldrame) | F25: KG | G25: 519.82 | H25: 17 | I25: =TRUNC(H25 * (1 + 20.5 / 100), 2) -> 20.48 | J25: 3742.7 | K25: =ROUND((J25 * 100 / TRUNC(G25 * I25, 2)), 2) -> 35.16 | L25: =TRUNC(G25 * I25, 2) -> 10645.91 | M25: =L25 / 7467019.56 -> 0.0014257241
A26: 4.2 | B26: 104918 | C26: SINAPI | D26: ARMAÇÃO DE SAPATA ISOLADA, VIGA BALDRAME E SAPATA CORRIDA UTILIZANDO AÇO CA-50 DE 8 MM - MONTAGEM. AF_01/2024 | E26: Fundações Rasas (Blocos, Sapatas, Vigas Baldrame) | F26: KG | G26: 1239.09 | H26: 14.57 | I26: =TRUNC(H26 * (1 + 20.5 / 100), 2) -> 17.55 | J26: 4758.11 | K26: =ROUND((J26 * 100 / TRUNC(G26 * I26, 2)), 2) -> 21.88 | L26: =TRUNC(G26 * I26, 2) -> 21746.02 | M26: =L26 / 7467019.56 -> 0.0029122758
A27: 4.3 | B27: 104917 | C27: SINAPI | D27: ARMAÇÃO DE SAPATA ISOLADA, VIGA BALDRAME E SAPATA CORRIDA UTILIZANDO AÇO CA-50 DE 6,3 MM - MONTAGEM. AF_01/2024 | E27: Fundações Rasas (Blocos, Sapatas, Vigas Baldrame) | F27: KG | G27: 0.36 | H27: 15.75 | I27: =TRUNC(H27 * (1 + 20.5 / 100), 2) -> 18.97 | J27: 1.88 | K27: =ROUND((J27 * 100 / TRUNC(G27 * I27, 2)), 2) -> 27.57 | L27: =TRUNC(G27 * I27, 2) -> 6.82 | M27: =L27 / 7467019.56 -> 9.1334969e-07
A28: 4.4 | B28: 104919 | C28: SINAPI | D28: ARMAÇÃO DE SAPATA ISOLADA, VIGA BALDRAME E SAPATA CORRIDA UTILIZANDO AÇO CA-50 DE 10 MM - MONTAGEM. AF_01/2024 | E28: Fundações Rasas (Blocos, Sapatas, Vigas Baldrame) | F28: KG | G28: 557.09 | H28: 12.95 | I28: =TRUNC(H28 * (1 + 20.5 / 100), 2) -> 15.6 | J28: 1621.13 | K28: =ROUND((J28 * 100 / TRUNC(G28 * I28, 2)), 2) -> 18.65 | L28: =TRUNC(G28 * I28, 2) -> 8690.6 | M28: =L28 / 7467019.56 -> 0.0011638646
A29: 4.5 | B29: 104920 | C29: SINAPI | D29: ARMAÇÃO DE BLOCO, SAPATA ISOLADA, VIGA BALDRAME E SAPATA CORRIDA UTILIZANDO AÇO CA-50 DE 12,5 MM - MONTAGEM. AF_01/2024 | E29: Fundações Rasas (Blocos, Sapatas, Vigas Baldrame) | F29: KG | G29: 412.64 | H29: 10.95 | I29: =TRUNC(H29 * (1 + 20.5 / 100), 2) -> 13.19 | J29: 928.44 | K29: =ROUND((J29 * 100 / TRUNC(G29 * I29, 2)), 2) -> 17.06 | L29: =TRUNC(G29 * I29, 2) -> 5442.72 | M29: =L29 / 7467019.56 -> 0.00072890126
A30: 4.6 | B30: 96558 | C30: SINAPI | D30: CONCRETAGEM DE SAPATA, FCK 30 MPA, COM USO DE BOMBA - LANÇAMENTO, ADENSAMENTO E ACABAMENTO. AF_01/2024 | E30: Fundações Rasas (Blocos, Sapatas, Vigas Baldrame) | F30: m³ | G30: 21.15 | H30: 702.57 | I30: =TRUNC(H30 * (1 + 20.5 / 100), 2) -> 846.59 | J30: 681.24 | K30: =ROUND((J30 * 100 / TRUNC(G30 * I30, 2)), 2) -> 3.8 | L30: =TRUNC(G30 * I30, 2) -> 17905.37 | M30: =L30 / 7467019.56 -> 0.0023979273
A31: 4.7 | B31: 96538 | C31: SINAPI | D31: FABRICAÇÃO, MONTAGEM E DESMONTAGEM DE FÔRMA PARA SAPATA, EM CHAPA DE MADEIRA COMPENSADA RESINADA, E=17 MM, 2 UTILIZAÇÕES. AF_01/2024 | E31: Fundações Rasas (Blocos, Sapatas, Vigas Baldrame) | F31: m² | G31: 99.25 | H31: 248.52 | I31: =TRUNC(H31 * (1 + 20.5 / 100), 2) -> 299.46 | J31: 14571.89 | K31: =ROUND((J31 * 100 / TRUNC(G31 * I31, 2)), 2) -> 49.03 | L31: =TRUNC(G31 * I31, 2) -> 29721.4 | M31: =L31 / 7467019.56 -> 0.0039803565
A32: 4.8 | B32: 96616 | C32: SINAPI | D32: LASTRO DE CONCRETO MAGRO, APLICADO EM BLOCOS DE COROAMENTO OU SAPATAS. AF_01/2024 | E32: Lastro | F32: m³ | G32: 6.35 | H32: 809.8 | I32: =TRUNC(H32 * (1 + 20.5 / 100), 2) -> 975.8 | J32: 1991.68 | K32: =ROUND((J32 * 100 / TRUNC(G32 * I32, 2)), 2) -> 32.14 | L32: =TRUNC(G32 * I32, 2) -> 6196.33 | M32: =L32 / 7467019.56 -> 0.00082982641
A33: 4.9 | B33: 96521 | C33: SINAPI | D33: ESCAVAÇÃO MECANIZADA PARA BLOCO DE COROAMENTO OU SAPATA COM RETROESCAVADEIRA (INCLUINDO ESCAVAÇÃO PARA COLOCAÇÃO DE FÔRMAS). AF_01/2024 | E33: Fundações Rasas (Blocos, Sapatas, Vigas Baldrame) | F33: m³ | G33: 228.54 | H33: 40.6 | I33: =TRUNC(H33 * (1 + 20.5 / 100), 2) -> 48.92 | J33: 3025.87 | K33: =ROUND((J33 * 100 / TRUNC(G33 * I33, 2)), 2) -> 27.06 | L33: =TRUNC(G33 * I33, 2) -> 11180.17 | M33: =L33 / 7467019.56 -> 0.0014972734
A34: 4.10 | B34: 96527 | C34: SINAPI | D34: ESCAVAÇÃO MANUAL PARA VIGA BALDRAME OU SAPATA CORRIDA (INCLUINDO ESCAVAÇÃO PARA COLOCAÇÃO DE FÔRMAS). AF_01/2024 | E34: Fundações Rasas (Blocos, Sapatas, Vigas Baldrame) | F34: m³ | G34: 74.75 | H34: 109.11 | I34: =TRUNC(H34 * (1 + 20.5 / 100), 2) -> 131.47 | J34: 7030.99 | K34: =ROUND((J34 * 100 / TRUNC(G34 * I34, 2)), 2) -> 71.54 | L34: =TRUNC(G34 * I34, 2) -> 9827.38 | M34: =L34 / 7467019.56 -> 0.0013161048
A35: 4.11 | B35: 104741 | C35: SINAPI | D35: REATERRO MECANIZADO DE VALA COM MINICARREGADEIRA, COM PLACA VIBRATÓRIA. AF_08/2023 | E35: Aterro e Reaterro de Valas | F35: m³ | G35: 242.96 | H35: 23.21 | I35: =TRUNC(H35 * (1 + 20.5 / 100), 2) -> 27.96 | J35: 1980.12 | K35: =ROUND((J35 * 100 / TRUNC(G35 * I35, 2)), 2) -> 29.15 | L35: =TRUNC(G35 * I35, 2) -> 6793.16 | M35: =L35 / 7467019.56 -> 0.00090975522
A36: 4.12 | B36: 96557 | C36: SINAPI | D36: CONCRETAGEM DE BLOCO DE COROAMENTO OU VIGA BALDRAME, FCK 30 MPA, COM USO DE BOMBA - LANÇAMENTO, ADENSAMENTO E ACABAMENTO. AF_01/2024 | E36: Fundações Rasas (Blocos, Sapatas, Vigas Baldrame) | F36: m³ | G36: 32.83 | H36: 670.71 | I36: =TRUNC(H36 * (1 + 20.5 / 100), 2) -> 808.2 | J36: 601.45 | K36: =ROUND((J36 * 100 / TRUNC(G36 * I36, 2)), 2) -> 2.27 | L36: =TRUNC(G36 * I36, 2) -> 26533.2 | M36: =L36 / 7467019.56 -> 0.0035533856
... A38: 4.14 | B38: 98557 | C38: SINAPI | D38: IMPERMEABILIZAÇÃO DE SUPERFÍCIE COM EMULSÃO ASFÁLTICA, 2 DEMÃOS. AF_09/2023 | E38: Impermeabilização, Proteção Mecânica e Tratamento de Junta | F38: m² | G38: 630.99 | H38: 46.12 | I38: =TRUNC(H38 * (1 + 20.5 / 100), 2) -> 55.57 | J38: 8240.73 | K38: =ROUND((J38 * 100 / TRUNC(G38 * I38, 2)), 2) -> 23.5 | L38: =TRUNC(G38 * I38, 2) -> 35064.11 | M38: =L38 / 7467019.56 -> 0.0046958642
A39: 5 | D39: SUPERESTRUTURA | L39: 577093.46 | M39: =L39 / 7467019.56 -> 0.07728565
A40: 5.1 | B40: 92762 | C40: SINAPI | D40: ARMAÇÃO DE PILAR OU VIGA DE ESTRUTURA CONVENCIONAL DE CONCRETO ARMADO UTILIZANDO AÇO CA-50 DE 10,0 MM - MONTAGEM. AF_06/2022 | E40: Armação para Estruturas de Concreto Armado | F40: KG | G40: 1859.73 | H40: 11.23 | I40: =TRUNC(H40 * (1 + 20.5 / 100), 2) -> 13.53 | J40: 2492.04 | K40: =ROUND((J40 * 100 / TRUNC(G40 * I40, 2)), 2) -> 9.9 | L40: =TRUNC(G40 * I40, 2) -> 25162.14 | M40: =L40 / 7467019.56 -> 0.0033697702
A41: 5.2 | B41: 92763 | C41: SINAPI | D41: ARMAÇÃO DE PILAR OU VIGA DE ESTRUTURA CONVENCIONAL DE CONCRETO ARMADO UTILIZANDO AÇO CA-50 DE 12,5 MM - MONTAGEM. AF_06/2022 | E41: Armação para Estruturas de Concreto Armado | F41: KG | G41: 154.73 | H41: 9.4 | I41: =TRUNC(H41 * (1 + 20.5 / 100), 2) -> 11.32 | J41: 133.07 | K41: =ROUND((J41 * 100 / TRUNC(G41 * I41, 2)), 2) -> 7.6 | L41: =TRUNC(G41 * I41, 2) -> 1751.54 | M41: =L41 / 7467019.56 -> 0.00023457016
A42: 5.3 | B42: 92759 | C42: SINAPI | D42: ARMAÇÃO DE PILAR OU VIGA DE ESTRUTURA CONVENCIONAL DE CONCRETO ARMADO UTILIZANDO AÇO CA-60 DE 5,0 MM - MONTAGEM. AF_06/2022 | E42: Armação para Estruturas de Concreto Armado | F42: KG | G42: 1157.45 | H42: 14.3 | I42: =TRUNC(H42 * (1 + 20.5 / 100), 2) -> 17.23 | J42: 5486.31 | K42: =ROUND((J42 * 100 / TRUNC(G42 * I42, 2)), 2) -> 27.51 | L42: =TRUNC(G42 * I42, 2) -> 19942.86 | M42: =L42 / 7467019.56 -> 0.0026707925
A43: 5.4 | B43: 92761 | C43: SINAPI | D43: ARMAÇÃO DE PILAR OU VIGA DE ESTRUTURA CONVENCIONAL DE CONCRETO ARMADO UTILIZANDO AÇO CA-50 DE 8,0 MM - MONTAGEM. AF_06/2022 | E43: Armação para Estruturas de Concreto Armado | F43: KG | G43: 966.45 | H43: 12.6 | I43: =TRUNC(H43 * (1 + 20.5 / 100), 2) -> 15.18 | J43: 1981.22 | K43: =ROUND((J43 * 100 / TRUNC(G43 * I43, 2)), 2) -> 13.5 | L43: =TRUNC(G43 * I43, 2) -> 14670.71 | M43: =L43 / 7467019.56 -> 0.0019647344
A44: 5.5 | B44: 92760 | C44: SINAPI | D44: ARMAÇÃO DE PILAR OU VIGA DE ESTRUTURA CONVENCIONAL DE CONCRETO ARMADO UTILIZANDO AÇO CA-50 DE 6,3 MM - MONTAGEM. AF_06/2022 | E44: Armação para Estruturas de Concreto Armado | F44: KG | G44: 5 | H44: 13.47 | I44: =TRUNC(H44 * (1 + 20.5 / 100), 2) -> 16.23 | J44: 15.65 | K44: =ROUND((J44 * 100 / TRUNC(G44 * I44, 2)), 2) -> 19.29 | L44: =TRUNC(G44 * I44, 2) -> 81.15 | M44: =L44 / 7467019.56 -> 1.086779e-05
A45: 5.6 | B45: 92456 | C45: SINAPI | D45: MONTAGEM E DESMONTAGEM DE FÔRMA DE VIGA, ESCORAMENTO METÁLICO, PÉ-DIREITO SIMPLES, EM CHAPA DE MADEIRA RESINADA, 4 UTILIZAÇÕES. AF_09/2020 | E45: Fôrmas para Estruturas de Concreto Armado | F45: m² | G45: 615.54 | H45: 158.33 | I45: =TRUNC(H45 * (1 + 20.5 / 100), 2) -> 190.78 | J45: 38077.3 | K45: =ROUND((J45 * 100 / TRUNC(G45 * I45, 2)), 2) -> 32.42 | L45: =TRUNC(G45 * I45, 2) -> 117432.72 | M45: =L45 / 7467019.56 -> 0.015726853
A46: 5.7 | B46: 92419 | C46: SINAPI | D46: MONTAGEM E DESMONTAGEM DE FÔRMA DE PILARES RETANGULARES E ESTRUTURAS SIMILARES, PÉ-DIREITO SIMPLES, EM CHAPA DE MADEIRA COMPENSADA RESINADA, 4 UTILIZAÇÕES. AF_09/2020 | E46: Fôrmas para Estruturas de Concreto Armado | F46: m² | G46: 429.79 | H46: 92.18 | I46: =TRUNC(H46 * (1 + 20.5 / 100), 2) -> 111.07 | J46: 15670.14 | K46: =ROUND((J46 * 100 / TRUNC(G46 * I46, 2)), 2) -> 32.83 | L46: =TRUNC(G46 * I46, 2) -> 47736.77 | M46: =L46 / 7467019.56 -> 0.0063930153
A47: 5.8 | B47: 3060 | C47: Próprio | D47: LAJE PRÉ-MOLDADA UNIDIRECIONAL B16, BIAPOIADA, PARA FORRO OU PISO, ENCHIMENTO EM EPS 40x40, VIGOTA CONVENCIONAL, ALTURA TOTAL DA LAJE (ENCHIMENTO+CAPA) = (12+4) | E47: ASTU - ASSENTAMENTO DE TUBOS E PECAS | F47: m² | G47: 1094.9 | H47: 190.49 | I47: =TRUNC(H47 * (1 + 20.5 / 100), 2) -> 229.54 | J47: 47507.71 | K47: =ROUND((J47 * 100 / TRUNC(G47 * I47, 2)), 2) -> 18.9 | L47: =TRUNC(G47 * I47, 2) -> 251323.34 | M47: =L47 / 7467019.56 -> 0.033657785
A48: 5.9 | B48: 604 | C48: Próprio | D48: CONCRETAGEM DE PILARES, VIGAS E LAJES (PRE MOLDADAS OU MACIÇA) FCK = 30 MPA, COM USO DE BOMBA EM EDIFICAÇÃO - LANÇAMENTO, ADENSAMENTO E ACABAMENTO. | E48: ASTU - ASSENTAMENTO DE TUBOS E PECAS | F48: m³ | G48: 75.56 | H48: 576.13 | I48: =TRUNC(H48 * (1 + 20.5 / 100), 2) -> 694.23 | J48: 3121.38 | K48: =ROUND((J48 * 100 / TRUNC(G48 * I48, 2)), 2) -> 5.95 | L48: =TRUNC(G48 * I48, 2) -> 52456.01 | M48: =L48 / 7467019.56 -> 0.0070250265
A49: 5.10 | B49: 97090 | C49: SINAPI | D49: ARMAÇÃO PARA EXECUÇÃO DE RADIER, PISO DE CONCRETO OU LAJE SOBRE SOLO, COM USO DE TELA Q-138. AF_09/2021 | E49: Radier, Piso de Concreto e Laje sobre Solo | F49: KG | G49: 2745.5 | H49: 14.07 | I49: =TRUNC(H49 * (1 + 20.5 / 100), 2) -> 16.95 | J49: 2718.05 | K49: =ROUND((J49 * 100 / TRUNC(G49 * I49, 2)), 2) -> 5.84 | L49: =TRUNC(G49 * I49, 2) -> 46536.22 | M49: =L49 / 7467019.56 -> 0.0062322349
A50: 6 | D50: PAREDES E DIVISÓRIAS | L50: 356105.95 | M50: =L50 / 7467019.56 -> 0.047690507
A51: 6.1 | B51: 103330 | C51: SINAPI | D51: ALVENARIA DE VEDAÇÃO DE BLOCOS CERÂMICOS FURADOS NA HORIZONTAL DE 11,5X19X19 CM (ESPESSURA 11,5 CM) E ARGAMASSA DE ASSENTAMENTO COM PREPARO EM BETONEIRA. AF_12/2021 | E51: Alvenaria de Vedação | F51: m² | G51: 1628.16 | H51: 78.94 | I51: =TRUNC(H51 * (1 + 20.5 / 100), 2) -> 95.12 | J51: 70662.14 | K51: =ROUND((J51 * 100 / TRUNC(G51 * I51, 2)), 2) -> 45.63 | L51: =TRUNC(G51 * I51, 2) -> 154870.57 | M51: =L51 / 7467019.56 -> 0.020740614
A52: 6.2 | B52: 101161 | C52: SINAPI | D52: ALVENARIA DE VEDAÇÃO COM ELEMENTO VAZADO DE CONCRETO (COBOGÓ) DE 7X50X50CM E ARGAMASSA DE ASSENTAMENTO COM PREPARO EM BETONEIRA. AF_05/2020 | E52: Alvenarias Diversas | F52: m² | G52: 18.83 | H52: 226.45 | I52: =TRUNC(H52 * (1 + 20.5 / 100), 2) -> 272.87 | J52: 1384.57 | K52: =ROUND((J52 * 100 / TRUNC(G52 * I52, 2)), 2) -> 26.95 | L52: =TRUNC(G52 * I52, 2) -> 5138.14 | M52: =L52 / 7467019.56 -> 0.00068811123
A53: 6.3 | B53: 350 | C53: Próprio | D53: MURO EM ALVENARIA BLOCO CERÂMICO, E= 0,09M, C/ ALV DE PEDRA GRANÍTICA, 0,35 X 0,60M, COLUNAS (9X20CM) E CINTAMENTO (9X15CM) SUPERIOR E INFERIOR CONCRETO ARMADO FCK = 20,0 MPA CADA 3,00M, CHAPISCO E REBOCO | E53: ASTU - ASSENTAMENTO DE TUBOS E PECAS | F53: m² | G53: 414.18 | H53: 229 | I53: =TRUNC(H53 * (1 + 20.5 / 100), 2) -> 275.94 | J53: 37363.18 | K53: =ROUND((J53 * 100 / TRUNC(G53 * I53, 2)), 2) -> 32.69 | L53: =TRUNC(G53 * I53, 2) -> 114288.82 | M53: =L53 / 7467019.56 -> 0.015305815
A54: 6.4 | B54: 101966 | C54: SINAPI | D54: CHAPIM SOBRE MUROS LINEARES, EM GRANITO OU MÁRMORE, L = 25 CM, ASSENTADO COM ARGAMASSA 1:6 COM ADITIVO. AF_11/2020 | E54: Peitoris e Chapins | F54: M | G54: 180.6 | H54: 197.64 | I54: =TRUNC(H54 * (1 + 20.5 / 100), 2) -> 238.15 | J54: 2044.39 | K54: =ROUND((J54 * 100 / TRUNC(G54 * I54, 2)), 2) -> 4.75 | L54: =TRUNC(G54 * I54, 2) -> 43009.89 | M54: =L54 / 7467019.56 -> 0.0057599809
A55: 6.5 | B55: 102253 | C55: SINAPI | D55: DIVISORIA SANITÁRIA, TIPO CABINE, EM GRANITO CINZA POLIDO, ESP = 3CM, ASSENTADO COM ARGAMASSA COLANTE AC III-E, EXCLUSIVE FERRAGENS. AF_01/2021 | E55: Instalações de Divisórias Diversas | F55: m² | G55: 14.63 | H55: 1058.51 | I55: =TRUNC(H55 * (1 + 20.5 / 100), 2) -> 1275.5 | J55: 1185.62 | K55: =ROUND((J55 * 100 / TRUNC(G55 * I55, 2)), 2) -> 6.35 | L55: =TRUNC(G55 * I55, 2) -> 18660.56 | M55: =L55 / 7467019.56 -> 0.002499064
A56: 6.6 | B56: 103324 | C56: SINAPI | D56: ALVENARIA DE VEDAÇÃO DE BLOCOS CERÂMICOS FURADOS NA VERTICAL DE 14X19X39 CM (ESPESSURA 14 CM) E ARGAMASSA DE ASSENTAMENTO COM PREPARO EM BETONEIRA. AF_12/2021 | E56: Alvenaria de Vedação | F56: m² | G56: 33.73 | H56: 74.08 | I56: =TRUNC(H56 * (1 + 20.5 / 100), 2) -> 89.26 | J56: 1062.5 | K56: =ROUND((J56 * 100 / TRUNC(G56 * I56, 2)), 2) -> 35.29 | L56: =TRUNC(G56 * I56, 2) -> 3010.73 | M56: =L56 / 7467019.56 -> 0.00040320371
A57: 6.7 | B57: 93202 | C57: SINAPI | D57: FIXAÇÃO (ENCUNHAMENTO) DE ALVENARIA DE VEDAÇÃO COM TIJOLO MACIÇO. AF_03/2024 | E57: Vergas, contravergas e fixação de alvenaria | F57: M | G57: 522.65 | H57: 27.2 | I57: =TRUNC(H57 * (1 + 20.5 / 100), 2) -> 32.77 | J57: 8827.56 | K57: =ROUND((J57 * 100 / TRUNC(G57 * I57, 2)), 2) -> 51.54 | L57: =TRUNC(G57 * I57, 2) -> 17127.24 | M57: =L57 / 7467019.56 -> 0.0022937184
A58: 7 | D58: COBERTURA E IMPERMEABILIZAÇÃO | L58: 554285.99 | M58: =L58 / 7467019.56 -> 0.074231222
A59: 7.1 | B59: 101964 | C59: SINAPI | D59: LAJE PRÉ-MOLDADA UNIDIRECIONAL, BIAPOIADA, PARA FORRO, ENCHIMENTO EM CERÂMICA, VIGOTA CONVENCIONAL, ALTURA TOTAL DA LAJE (ENCHIMENTO+CAPA) = (8+3). AF_11/2020 | E59: Lajes Pré-Moldadas | F59: m² | G59: 12.06 | H59: 193.32 | I59: =TRUNC(H59 * (1 + 20.5 / 100), 2) -> 232.95 | J59: 376.27 | K59: =ROUND((J59 * 100 / TRUNC(G59 * I59, 2)), 2) -> 13.39 | L59: =TRUNC(G59 * I59, 2) -> 2809.37 | M59: =L59 / 7467019.56 -> 0.00037623713
A60: 7.2 | B60: 3120 | C60: Próprio | D60: ESTRUTURA TRELIÇADA DE COBERTURA, TIPO FINK, COM LIGAÇÕES SOLDADAS, INCLUSOS PERFIS METÁLICOS, CHAPAS METÁLICAS, MÃO DE OBRA E TRANSPORTE COM GUINDASTE - FORNECIMENTO E INSTALAÇÃO. AF_01/2020_PSA | E60: ASTU - ASSENTAMENTO DE TUBOS E PECAS | F60: KG | G60: 3465.64 | H60: 14.39 | I60: =TRUNC(H60 * (1 + 20.5 / 100), 2) -> 17.33 | J60: 1906.1 | K60: =ROUND((J60 * 100 / TRUNC(G60 * I60, 2)), 2) -> 3.17 | L60: =TRUNC(G60 * I60, 2) -> 60059.54 | M60: =L60 / 7467019.56 -> 0.0080433082
A61: 7.3 | B61: 94216 | C61: SINAPI | D61: TELHAMENTO COM TELHA METÁLICA TERMOACÚSTICA E = 30 MM, COM ATÉ 2 ÁGUAS, INCLUSO IÇAMENTO. AF_07/2019 | E61: Telhamento para Cobertura | F61: m² | G61: 1037.26 | H61: 209.55 | I61: =TRUNC(H61 * (1 + 20.5 / 100), 2) -> 252.5 | J61: 2707.25 | K61: =ROUND((J61 * 100 / TRUNC(G61 * I61, 2)), 2) -> 1.03 | L61: =TRUNC(G61 * I61, 2) -> 261908.15 | M61: =L61 / 7467019.56 -> 0.035075327
A62: 7.4 | B62: 101979 | C62: SINAPI | D62: CHAPIM (RUFO CAPA) EM AÇO GALVANIZADO, CORTE 33. AF_11/2020 | E62: Peitoris e Chapins | F62: M | G62: 134.65 | H62: 39.55 | I62: =TRUNC(H62 * (1 + 20.5 / 100), 2) -> 47.65 | J62: 853.68 | K62: =ROUND((J62 * 100 / TRUNC(G62 * I62, 2)), 2) -> 13.31 | L62: =TRUNC(G62 * I62, 2) -> 6416.07 | M62: =L62 / 7467019.56 -> 0.00085925448
A63: 7.5 | B63: 94229 | C63: SINAPI | D63: CALHA EM CHAPA DE AÇO GALVANIZADO NÚMERO 24, DESENVOLVIMENTO DE 100 CM, INCLUSO TRANSPORTE VERTICAL. AF_07/2019 | E63: Telhamento para Cobertura | F63: M | G63: 85.1 | H63: 148.82 | I63: =TRUNC(H63 * (1 + 20.5 / 100), 2) -> 179.32 | J63: 2250.04 | K63: =ROUND((J63 * 100 / TRUNC(G63 * I63, 2)), 2) -> 14.74 | L63: =TRUNC(G63 * I63, 2) -> 15260.13 | M63: =L63 / 7467019.56 -> 0.0020436708
A64: 7.6 | B64: 98680 | C64: SINAPI | D64: PISO CIMENTADO, TRAÇO 1:5 (CIMENTO E AREIA), ACABAMENTO LISO, ESPESSURA 3,0 CM, PREPARO MECÂNICO DA ARGAMASSA. AF_02/2026 | E64: Pisos | F64: m² | G64: 385.93 | H64: 46.99 | I64: =TRUNC(H64 * (1 + 20.5 / 100), 2) -> 56.62 | J64: 6719.04 | K64: =ROUND((J64 * 100 / TRUNC(G64 * I64, 2)), 2) -> 30.75 | L64: =TRUNC(G64 * I64, 2) -> 21851.35 | M64: =L64 / 7467019.56 -> 0.0029263818
A65: 7.7 | B65: 98546 | C65: SINAPI | D65: IMPERMEABILIZAÇÃO DE SUPERFÍCIE COM MANTA ASFÁLTICA, UMA CAMADA, INCLUSIVE APLICAÇÃO DE PRIMER ASFÁLTICO, E=4MM. AF_09/2023 | E65: Impermeabilização, Proteção Mecânica e Tratamento de Junta | F65: m² | G65: 460.06 | H65: 136.85 | I65: =TRUNC(H65 * (1 + 20.5 / 100), 2) -> 164.9 | J65: 13047.3 | K65: =ROUND((J65 * 100 / TRUNC(G65 * I65, 2)), 2) -> 17.2 | L65: =TRUNC(G65 * I65, 2) -> 75863.89 | M65: =L65 / 7467019.56 -> 0.010159862
A66: 7.8 | B66: 98563 | C66: SINAPI | D66: PROTEÇÃO MECÂNICA DE SUPERFÍCIE HORIZONTAL COM ARGAMASSA DE CIMENTO E AREIA, TRAÇO 1:3, E=2CM. AF_09/2023 | E66: Impermeabilização, Proteção Mecânica e Tratamento de Junta | F66: m² | G66: 385.93 | H66: 38.53 | I66: =TRUNC(H66 * (1 + 20.5 / 100), 2) -> 46.42 | J66: 7452.31 | K66: =ROUND((J66 * 100 / TRUNC(G66 * I66, 2)), 2) -> 41.6 | L66: =TRUNC(G66 * I66, 2) -> 17914.87 | M66: =L66 / 7467019.56 -> 0.0023991996
A67: 7.9 | B67: 98558 | C67: SINAPI | D67: TRATAMENTO DE RALO OU PONTO EMERGENTE COM ARGAMASSA POLIMÉRICA / MEMBRANA ACRÍLICA REFORÇADO COM TELA DE POLIÉSTER (MAV). AF_09/2023 | E67: Impermeabilização, Proteção Mecânica e Tratamento de Junta | F67: UN | G67: 21 | H67: 10.09 | I67: =TRUNC(H67 * (1 + 20.5 / 100), 2) -> 12.15 | J67: 86.52 | K67: =ROUND((J67 * 100 / TRUNC(G67 * I67, 2)), 2) -> 33.91 | L67: =TRUNC(G67 * I67, 2) -> 255.15 | M67: =L67 / 7467019.56 -> 3.417026e-05
A68: 7.10 | B68: 94231 | C68: SINAPI | D68: RUFO EM CHAPA DE AÇO GALVANIZADO NÚMERO 24, CORTE DE 25 CM, INCLUSO TRANSPORTE VERTICAL. AF_07/2019 | E68: Telhamento para Cobertura | F68: M | G68: 473.5 | H68: 46.74 | I68: =TRUNC(H68 * (1 + 20.5 / 100), 2) -> 56.32 | J68: 3503.9 | K68: =ROUND((J68 * 100 / TRUNC(G68 * I68, 2)), 2) -> 13.14 | L68: =TRUNC(G68 * I68, 2) -> 26667.52 | M68: =L68 / 7467019.56 -> 0.0035713741
A69: 7.11 | B69: 103314 | C69: SINAPI | D69: INSTALAÇÃO DE PERGOLADO DE MADEIRA, EM MAÇARANDUBA, ANGELIM OU EQUIVALENTE DA REGIÃO, FIXADO COM CONCRETO SOBRE PISO DE CONCRETO EXISTENTE. AF_11/2021 | E69: Mobiliário Urbano | F69: m² | G69: 20.45 | H69: 285.18 | I69: =TRUNC(H69 * (1 + 20.5 / 100), 2) -> 343.64 | J69: 585.07 | K69: =ROUND((J69 * 100 / TRUNC(G69 * I69, 2)), 2) -> 8.33 | L69: =TRUNC(G69 * I69, 2) -> 7027.43 | M69: =L69 / 7467019.56 -> 0.00094112918
A70: 7.12 | B70: 92580 | C70: SINAPI | D70: TRAMA DE AÇO COMPOSTA POR TERÇAS PARA TELHADOS DE ATÉ 2 ÁGUAS PARA TELHA ONDULADA DE FIBROCIMENTO, METÁLICA, PLÁSTICA OU TERMOACÚSTICA, INCLUSO TRANSPORTE VERTICAL. AF_07/2019 | E70: Estrutura e Trama para Cobertura | F70: m² | G70: 1037.26 | H70: 46.61 | I70: =TRUNC(H70 * (1 + 20.5 / 100), 2) -> 56.16 | J70: 6545.11 | K70: =ROUND((J70 * 100 / TRUNC(G70 * I70, 2)), 2) -> 11.24 | L70: =TRUNC(G70 * I70, 2) -> 58252.52 | M70: =L70 / 7467019.56 -> 0.0078013081
A71: 8 | D71: PORTAS E ESQUADRIAS | L71: 263515.88 | M71: =L71 / 7467019.56 -> 0.035290637
A72: 8.1 | D72: VERGAS E CONTRAVERGAS | L72: 34727.24 | M72: =L72 / 7467019.56 -> 0.0046507498
A73: 8.1.1 | B73: 93187 | C73: SINAPI | D73: VERGA MOLDADA IN LOCO EM CONCRETO, ESPESSURA DE *20* CM. AF_03/2024 | E73: Vergas, contravergas e fixação de alvenaria | F73: M | G73: 229.6 | H73: 77.94 | I73: =TRUNC(H73 * (1 + 20.5 / 100), 2) -> 93.91 | J73: 6635.44 | K73: =ROUND((J73 * 100 / TRUNC(G73 * I73, 2)), 2) -> 30.77 | L73: =TRUNC(G73 * I73, 2) -> 21561.73 | M73: =L73 / 7467019.56 -> 0.0028875952
A74: 8.1.2 | B74: 93197 | C74: SINAPI | D74: CONTRAVERGA MOLDADA IN LOCO EM CONCRETO, ESPESSURA DE *20* CM. AF_03/2024 | E74: Vergas, contravergas e fixação de alvenaria | F74: M | G74: 143.65 | H74: 57.75 | I74: =TRUNC(H74 * (1 + 20.5 / 100), 2) -> 69.58 | J74: 2575.64 | K74: =ROUND((J74 * 100 / TRUNC(G74 * I74, 2)), 2) -> 25.77 | L74: =TRUNC(G74 * I74, 2) -> 9995.16 | M74: =L74 / 7467019.56 -> 0.0013385742
A75: 8.1.3 | B75: 94589 | C75: SINAPI | D75: CONTRAMARCO DE ALUMÍNIO, FIXAÇÃO COM ARGAMASSA - FORNECIMENTO E INSTALAÇÃO. AF_11/2024 | E75: Esquadrias - Janelas | F75: M | G75: 143.65 | H75: 18.32 | I75: =TRUNC(H75 * (1 + 20.5 / 100), 2) -> 22.07 | J75: 1570.09 | K75: =ROUND((J75 * 100 / TRUNC(G75 * I75, 2)), 2) -> 49.52 | L75: =TRUNC(G75 * I75, 2) -> 3170.35 | M75: =L75 / 7467019.56 -> 0.00042458038
A76: 8.2 | D76: PORTAS EM MADEIRA | L76: 25402.85 | M76: =L76 / 7467019.56 -> 0.0034020066
A77: 8.2.1 | B77: 100675 | C77: SINAPI | D77: KIT DE PORTA-PRONTA DE MADEIRA EM ACABAMENTO MELAMÍNICO BRANCO, FOLHA LEVE OU MÉDIA, 90X210, EXCLUSIVE FECHADURA, FIXAÇÃO COM PREENCHIMENTO TOTAL DE ESPUMA EXPANSIVA - FORNECIMENTO E INSTALAÇÃO. AF_12/2019 | E77: Esquadrias - Portas | F77: UN | G77: 4 | H77: 684.98 | I77: =TRUNC(H77 * (1 + 20.5 / 100), 2) -> 825.4 | J77: 92.92 | K77: =ROUND((J77 * 100 / TRUNC(G77 * I77, 2)), 2) -> 2.81 | L77: =TRUNC(G77 * I77, 2) -> 3301.6 | M77: =L77 / 7467019.56 -> 0.00044215767
A78: 8.2.2 | B78: 363 | C78: Próprio | D78: CHAPA DE ACO GALVANIZADA, E = 0,50 MM4,00 KG/M2), CONTRA IMPACTO - FORNECIMENTO E INSTALACAO | E78: ASTU - ASSENTAMENTO DE TUBOS E PECAS | F78: m² | G78: 3.6 | H78: 80.8 | I78: =TRUNC(H78 * (1 + 20.5 / 100), 2) -> 97.36 | J78: 112.36 | K78: =ROUND((J78 * 100 / TRUNC(G78 * I78, 2)), 2) -> 32.06 | L78: =TRUNC(G78 * I78, 2) -> 350.49 | M78: =L78 / 7467019.56 -> 4.6938407e-05
A79: 8.2.3 | B79: 90831 | C79: SINAPI | D79: FECHADURA DE EMBUTIR PARA PORTA DE BANHEIRO, COMPLETA, ACABAMENTO PADRÃO MÉDIO, INCLUSO EXECUÇÃO DE FURO - FORNECIMENTO E INSTALAÇÃO. AF_12/2019 | E79: Esquadrias - Portas | F79: UN | G79: 4 | H79: 167 | I79: =TRUNC(H79 * (1 + 20.5 / 100), 2) -> 201.23 | J79: 104.6 | K79: =ROUND((J79 * 100 / TRUNC(G79 * I79, 2)), 2) -> 13 | L79: =TRUNC(G79 * I79, 2) -> 804.92 | M79: =L79 / 7467019.56 -> 0.00010779669
A80: 8.2.4 | B80: 100874 | C80: SINAPI | D80: PUXADOR PARA PCD, FIXADO NA PORTA - FORNECIMENTO E INSTALAÇÃO. AF_01/2020 | E80: Louças e Metais | F80: UN | G80: 8 | H80: 326.5 | I80: =TRUNC(H80 * (1 + 20.5 / 100), 2) -> 393.43 | J80: 241.28 | K80: =ROUND((J80 * 100 / TRUNC(G80 * I80, 2)), 2) -> 7.67 | L80: =TRUNC(G80 * I80, 2) -> 3147.44 | M80: =L80 / 7467019.56 -> 0.00042151222
A81: 8.2.5 | B81: 90790 | C81: SINAPI | D81: KIT DE PORTA-PRONTA DE MADEIRA EM ACABAMENTO MELAMÍNICO BRANCO, FOLHA LEVE OU MÉDIA, 80X210CM, EXCLUSIVE FECHADURA, FIXAÇÃO COM PREENCHIMENTO PARCIAL DE ESPUMA EXPANSIVA - FORNECIMENTO E INSTALAÇÃO. AF_12/2019 | E81: Esquadrias - Portas | F81: UN | G81: 14 | H81: 613.93 | I81: =TRUNC(H81 * (1 + 20.5 / 100), 2) -> 739.78 | J81: 264.88 | K81: =ROUND((J81 * 100 / TRUNC(G81 * I81, 2)), 2) -> 2.56 | L81: =TRUNC(G81 * I81, 2) -> 10356.92 | M81: =L81 / 7467019.56 -> 0.0013870219
A82: 8.2.6 | B82: 657 | C82: Próprio | D82: KIT DE PORTA-PRONTA DE MADEIRA EM ACABAMENTO MELAMÍNICO BRANCO DE CORRER, FOLHA LEVE OU MÉDIA, 80X210CM, EXCLUSIVE FECHADURA- FORNECIMENTO E INSTALAÇÃO. | F82: un | G82: 4 | H82: 687.72 | I82: =TRUNC(H82 * (1 + 20.5 / 100), 2) -> 828.7 | J82: 75.68 | K82: =ROUND((J82 * 100 / TRUNC(G82 * I82, 2)), 2) -> 2.28 | L82: =TRUNC(G82 * I82, 2) -> 3314.8 | M82: =L82 / 7467019.56 -> 0.00044392545
A83: 8.2.7 | B83: 90830 | C83: SINAPI | D83: FECHADURA DE EMBUTIR COM CILINDRO, EXTERNA, COMPLETA, ACABAMENTO PADRÃO MÉDIO, INCLUSO EXECUÇÃO DE FURO - FORNECIMENTO E INSTALAÇÃO. AF_12/2019 | E83: Esquadrias - Portas | F83: UN | G83: 18 | H83: 190.26 | I83: =TRUNC(H83 * (1 + 20.5 / 100), 2) -> 229.26 | J83: 614.88 | K83: =ROUND((J83 * 100 / TRUNC(G83 * I83, 2)), 2) -> 14.9 | L83: =TRUNC(G83 * I83, 2) -> 4126.68 | M83: =L83 / 7467019.56 -> 0.00055265424
A84: 8.3 | D84: ESQUADRIA DE ALUMINIO E VIDRO | L84: 203385.79 | M84: =L84 / 7467019.56 -> 0.027237881
A85: 8.3.1 | B85: 94573 | C85: SINAPI | D85: JANELA DE ALUMÍNIO DE CORRER COM 4 FOLHAS PARA VIDROS (VIDROS INCLUSOS), COM BANDEIRA, BATENTE/ REQUADRO 6 A 14 CM, ACABAMENTO COM ACETATO OU BRILHANTE, FIXAÇÃO COM PARAFUSO, SEM GUARNIÇÃO/ ALIZAR, DIMENSÕES 150X120 CM, VEDAÇÃO COM SILICONE, EXCLUSIVE CONTRAMARCO - FORNECIMENTO E INSTALAÇÃO. AF_11/2024 | E85: Esquadrias - Janelas | F85: m² | G85: 141.5 | H85: 276.19 | I85: =TRUNC(H85 * (1 + 20.5 / 100), 2) -> 332.8 | J85: 1563.58 | K85: =ROUND((J85 * 100 / TRUNC(G85 * I85, 2)), 2) -> 3.32 | L85: =TRUNC(G85 * I85, 2) -> 47091.2 | M85: =L85 / 7467019.56 -> 0.0063065591
A86: 8.3.2 | B86: 94570 | C86: SINAPI | D86: JANELA DE ALUMÍNIO DE CORRER COM 2 FOLHAS PARA VIDROS (VIDROS INCLUSOS), BATENTE/ REQUADRO 6 A 14 CM, ACABAMENTO COM ACETATO OU BRILHANTE, FIXAÇÃO COM PARAFUSO, SEM GUARNIÇÃO/ ALIZAR, DIMENSÕES 100X120 CM, VEDAÇÃO COM SILICONE, EXCLUSIVE CONTRAMARCO - FORNECIMENTO E INSTALAÇÃO. AF_11/2024 | E86: Esquadrias - Janelas | F86: m² | G86: 74.22 | H86: 249.73 | I86: =TRUNC(H86 * (1 + 20.5 / 100), 2) -> 300.92 | J86: 823.84 | K86: =ROUND((J86 * 100 / TRUNC(G86 * I86, 2)), 2) -> 3.69 | L86: =TRUNC(G86 * I86, 2) -> 22334.28 | M86: =L86 / 7467019.56 -> 0.0029910568
A87: 8.3.3 | B87: 91341 | C87: SINAPI | D87: PORTA EM ALUMÍNIO DE ABRIR TIPO VENEZIANA COM GUARNIÇÃO, FIXAÇÃO COM PARAFUSOS - FORNECIMENTO E INSTALAÇÃO. AF_10/2025 | E87: Esquadrias - Portas | F87: m² | G87: 54.75 | H87: 485.94 | I87: =TRUNC(H87 * (1 + 20.5 / 100), 2) -> 585.55 | J87: 741.86 | K87: =ROUND((J87 * 100 / TRUNC(G87 * I87, 2)), 2) -> 2.31 | L87: =TRUNC(G87 * I87, 2) -> 32058.86 | M87: =L87 / 7467019.56 -> 0.0042933944
A88: 8.3.4 | B88: 470 | C88: Próprio | D88: TELA EM POLIETILENO ANTI INSETO NA COR BRANCA 2X2MM FORMADO POR CANTONEIRA ALUMINIO 1X1/8 + BARRA CHATA ALUMINIO 7/8 X 1/8 | E88: ASTU - ASSENTAMENTO DE TUBOS E PECAS | F88: m² | G88: 14.5 | H88: 100.05 | I88: =TRUNC(H88 * (1 + 20.5 / 100), 2) -> 120.56 | J88: 592.04 | K88: =ROUND((J88 * 100 / TRUNC(G88 * I88, 2)), 2) -> 33.87 | L88: =TRUNC(G88 * I88, 2) -> 1748.12 | M88: =L88 / 7467019.56 -> 0.00023411215
A89: 8.3.5 | B89: 471 | C89: Próprio | D89: GUARDA CORPO COM CORRIMÃO DUPLO DE AÇO GALVANIZADO D 1,1M , MONTANTES TUBULARES DE 1.1/4 ESPAÇADOS DE 1.2M, TRAVESSA SUPERIOR DE 1.1/2, GRADIL, FORMADO POR TUBOS HORIZONTAIS DE 1 E VERTICAIS DE /34, FIXADO COMCUMBADOR MECANICO | E89: ASTU - ASSENTAMENTO DE TUBOS E PECAS | F89: M | G89: 26.8 | H89: 749.67 | I89: =TRUNC(H89 * (1 + 20.5 / 100), 2) -> 903.35 | J89: 8261.9 | K89: =ROUND((J89 * 100 / TRUNC(G89 * I89, 2)), 2) -> 34.13 | L89: =TRUNC(G89 * I89, 2) -> 24209.78 | M89: =L89 / 7467019.56 -> 0.003242228
A90: 8.3.6 | B90: 468 | C90: Próprio | D90: PORTÃO COM GRADIL NYLOFOR 3D, MALHA 20X5CM, DIM. 5MM 250X103CM, PINTURA BRANCA VERDE E PRETA, BELGO OU SIMILAR , INCLUI POSTES E ACESSÓRIOS | E90: ASTU - ASSENTAMENTO DE TUBOS E PECAS | F90: m² | G90: 25.39 | H90: 202.46 | I90: =TRUNC(H90 * (1 + 20.5 / 100), 2) -> 243.96 | J90: 1147.37 | K90: =ROUND((J90 * 100 / TRUNC(G90 * I90, 2)), 2) -> 18.52 | L90: =TRUNC(G90 * I90, 2) -> 6194.14 | M90: =L90 / 7467019.56 -> 0.00082953312
A91: 8.3.7 | B91: 658 | C91: Próprio | D91: GRADIL NYLOFOR H=1.53 M INCLUSIVE POSTE OU EQUIVALENTE | F91: un | G91: 68.85 | H91: 300.53 | I91: =TRUNC(H91 * (1 + 20.5 / 100), 2) -> 362.13 | J91: 4447.02 | K91: =ROUND((J91 * 100 / TRUNC(G91 * I91, 2)), 2) -> 17.84 | L91: =TRUNC(G91 * I91, 2) -> 24932.65 | M91: =L91 / 7467019.56 -> 0.0033390364
A92: 8.3.8 | B92: 659 | C92: Próprio | D92: PORTA DE CORRER COM JANELA FIXA ( 3,0m x 2,50m) - P1 | F92: un | G92: 4 | H92: 2793.87 | I92: =TRUNC(H92 * (1 + 20.5 / 100), 2) -> 3366.61 | J92: 378.08 | K92: =ROUND((J92 * 100 / TRUNC(G92 * I92, 2)), 2) -> 2.81 | L92: =TRUNC(G92 * I92, 2) -> 13466.44 | M92: =L92 / 7467019.56 -> 0.0018034558
A93: 8.3.9 | B93: 660 | C93: Próprio | D93: PORTA DE ABRI COM JANELA FIXA ( 1,25m x 2,50m) - P1A | F93: un | G93: 1 | H93: 1162.41 | I93: =TRUNC(H93 * (1 + 20.5 / 100), 2) -> 1400.7 | J93: 39.32 | K93: =ROUND((J93 * 100 / TRUNC(G93 * I93, 2)), 2) -> 2.81 | L93: =TRUNC(G93 * I93, 2) -> 1400.7 | M93: =L93 / 7467019.56 -> 0.00018758488
A94: 8.3.10 | B94: 927 | C94: Próprio | D94: GRADIL NYLOFOR H=2.43 M INCLUSIVE POSTE OU EQUIVALENTE | F94: un | G94: 29.85 | H94: 423.33 | I94: =TRUNC(H94 * (1 + 20.5 / 100), 2) -> 510.11 | J94: 1928.01 | K94: =ROUND((J94 * 100 / TRUNC(G94 * I94, 2)), 2) -> 12.66 | L94: =TRUNC(G94 * I94, 2) -> 15226.78 | M94: =L94 / 7467019.56 -> 0.0020392045
A95: 8.3.11 | B95: 928 | C95: Próprio | D95: PORTÃO COM GRADIL NYLOFOR 3D, MALHA 20X5CM, DIM. 5MM 150X103CM, PINTURA BRANCA VERDE E PRETA, BELGO OU SIMILAR , INCLUI POSTES E ACESSÓRIOS | F95: un | G95: 4.8 | H95: 477.83 | I95: =TRUNC(H95 * (1 + 20.5 / 100), 2) -> 575.78 | J95: 216.91 | K95: =ROUND((J95 * 100 / TRUNC(G95 * I95, 2)), 2) -> 7.85 | L95: =TRUNC(G95 * I95, 2) -> 2763.74 | M95: =L95 / 7467019.56 -> 0.00037012626
A96: 8.3.12 | B96: 955 | C96: Próprio | D96: PORTA DE CORRER DE 04 FOLHAS EM VIDRO (DUAS FIXAS E DUAS MÓVEIS) PF-6 C/ FERRAGENS | F96: un | G96: 10 | H96: 992.46 | I96: =TRUNC(H96 * (1 + 20.5 / 100), 2) -> 1195.91 | J96: 577.2 | K96: =ROUND((J96 * 100 / TRUNC(G96 * I96, 2)), 2) -> 4.83 | L96: =TRUNC(G96 * I96, 2) -> 11959.1 | M96: =L96 / 7467019.56 -> 0.0016015895
A97: 9 | D97: REVESTIMENTOS | L97: 780012.78 | M97: =L97 / 7467019.56 -> 0.10446106
A98: 9.1 | D98: PAREDES | L98: 368818.23 | M98: =L98 / 7467019.56 -> 0.049392964
A99: 9.1.1 | B99: 87879 | C99: SINAPI | D99: CHAPISCO APLICADO EM ALVENARIAS E ESTRUTURAS DE CONCRETO INTERNAS, COM COLHER DE PEDREIRO. ARGAMASSA TRAÇO 1:3 COM PREPARO EM BETONEIRA 400L. AF_10/2022 | E99: Chapisco | F99: m² | G99: 3256.31 | H99: 4.44 | I99: =TRUNC(H99 * (1 + 20.5 / 100), 2) -> 5.35 | J99: 8238.46 | K99: =ROUND((J99 * 100 / TRUNC(G99 * I99, 2)), 2) -> 47.29 | L99: =TRUNC(G99 * I99, 2) -> 17421.25 | M99: =L99 / 7467019.56 -> 0.0023330929
A100: 9.1.2 | B100: 87529 | C100: SINAPI | D100: MASSA ÚNICA, EM ARGAMASSA TRAÇO 1:2:8, PREPARO MECÂNICO, APLICADA MANUALMENTE EM PAREDES INTERNAS DE AMBIENTES COM ÁREA ENTRE 5M² E 10M², E = 17,5MM, COM TALISCAS. AF_03/2024 | E100: Massa Única Interna | F100: m² | G100: 1886.31 | H100: 40.03 | I100: =TRUNC(H100 * (1 + 20.5 / 100), 2) -> 48.23 | J100: 36462.37 | K100: =ROUND((J100 * 100 / TRUNC(G100 * I100, 2)), 2) -> 40.08 | L100: =TRUNC(G100 * I100, 2) -> 90976.73 | M100: =L100 / 7467019.56 -> 0.012183808
A101: 9.1.3 | B101: 87535 | C101: SINAPI | D101: EMBOÇO, EM ARGAMASSA TRAÇO 1:2:8, PREPARO MECÂNICO, APLICADO MANUALMENTE EM PAREDES INTERNAS DE AMBIENTES COM ÁREA MAIOR QUE 10M², E = 17,5MM, COM TALISCAS. AF_03/2024 | E101: Massa Única Interna | F101: m² | G101: 1370 | H101: 36.11 | I101: =TRUNC(H101 * (1 + 20.5 / 100), 2) -> 43.51 | J101: 21700.8 | K101: =ROUND((J101 * 100 / TRUNC(G101 * I101, 2)), 2) -> 36.41 | L101: =TRUNC(G101 * I101, 2) -> 59608.7 | M101: =L101 / 7467019.56 -> 0.0079829307
...

Sheet Sintético c MO MAT
D1: Obra | E1: Bancos | H1: B.D.I. | K1: Encargos Sociais
D2: CONSTRUÇÃO DE CRECHE 10 SALAS - FUNDAÇÃO RASA, NO DISTRITO DE UMARI, BOM JARDIM/PE | E2: SINAPI - 04/2025 - Pernambuco | H2: 20,5% | K2: Não Desonerado: embutido nos preços unitário dos insumos de mão de obra, de acordo com as bases.
A3: Planilha Orçamentária Sintética Com Valor do Material e da Mão de Obra
A4: Item | B4: Código | C4: Banco | D4: Descrição | E4: Und | F4: Quant. | G4: Valor Unit | H4: Valor Unit com BDI | K4: Total | N4: Peso (%)
H5: M. O. | I5: MAT. | J5: Total | K5: M. O. | L5: MAT. | M5: Total
A6: 1 | D6: ADMINISTRAÇÃO LOCAL | M6: 334535.04 | N6: =M6 / 7467019.56 -> 0.044801683
A7: 1.1 | B7: 4975 | C7: Próprio | D7: ADMINISTRAÇÃO LOCAL CRECHE 10 SALAS | E7: un | F7: 1 | G7: 277622.44 | H7: 308645.28 | I7: 25889.76 | J7: =TRUNC(G7 * (1 + 20.5 / 100), 2) -> 334535.04 | K7: =TRUNC(F7 * H7, 2) -> 308645.28 | L7: =M7 - K7 -> 25889.76 | M7: =TRUNC(F7 * J7, 2) -> 334535.04 | N7: =M7 / 7467019.56 -> 0.044801683
A8: 2 | D8: TERRAPLENAGEM | M8: 1288606.7 | N8: =M8 / 7467019.56 -> 0.1725731
A9: 2.1 | B9: 102291 | C9: SINAPI | D9: ESCAVAÇÃO MECANIZADA DE VALA COM PROF. ATÉ 1,5 M (MÉDIA MONTANTE E JUSANTE/UMA COMPOSIÇÃO POR TRECHO), ESCAVADEIRA (0,8 M3), LARG. DE 1,5 M A 2,5 M, EM SOLO MOLE, LOCAIS COM BAIXO NÍVEL DE INTERFERÊNCIA. AF_09/2024 | E9: m³ | F9: 6806 | G9: 8.06 | H9: 1.93 | I9: 7.78 | J9: =TRUNC(G9 * (1 + 20.5 / 100), 2) -> 9.71 | K9: =TRUNC(F9 * H9, 2) -> 13135.58 | L9: =M9 - K9 -> 52950.68 | M9: =TRUNC(F9 * J9, 2) -> 66086.26 | N9: =M9 / 7467019.56 -> 0.0088504201
A10: 2.2 | B10: 104738 | C10: SINAPI | D10: ATERRO MECANIZADO DE VALA COM MINICARREGADEIRA, COM SOLO ARGILO-ARENOSO. AF_08/2023 | E10: m³ | F10: 1985.32 | G10: 80.36 | H10: 10.71 | I10: 86.12 | J10: =TRUNC(G10 * (1 + 20.5 / 100), 2) -> 96.83 | K10: =TRUNC(F10 * H10, 2) -> 21262.77 | L10: =M10 - K10 -> 170975.76 | M10: =TRUNC(F10 * J10, 2) -> 192238.53 | N10: =M10 / 7467019.56 -> 0.025745015
A11: 2.3 | B11: 95876 | C11: SINAPI | D11: TRANSPORTE COM CAMINHÃO BASCULANTE DE 14 M³, EM VIA URBANA PAVIMENTADA, DMT ATÉ 30 KM (UNIDADE: M3XKM). AF_07/2020 | E11: M3XKM | F11: 8860 | G11: 2.14 | H11: 0.2 | I11: 2.37 | J11: =TRUNC(G11 * (1 + 20.5 / 100), 2) -> 2.57 | K11: =TRUNC(F11 * H11, 2) -> 1772 | L11: =M11 - K11 -> 20998.2 | M11: =TRUNC(F11 * J11, 2) -> 22770.2 | N11: =M11 / 7467019.56 -> 0.0030494362
A12: 2.4 | B12: 103800 | C12: SINAPI | D12: PEDRA ARGAMASSADA COM CIMENTO E AREIA 1:3, 40% DE ARGAMASSA EM VOLUME - AREIA E PEDRA DE MÃO COMERCIAIS - FORNECIMENTO E ASSENTAMENTO. AF_08/2022 | E12: m³ | F12: 1589.06 | G12: 526.17 | H12: 190.65 | I12: 443.38 | J12: =TRUNC(G12 * (1 + 20.5 / 100), 2) -> 634.03 | K12: =TRUNC(F12 * H12, 2) -> 302954.28 | L12: =M12 - K12 -> 704557.43 | M12: =TRUNC(F12 * J12, 2) -> 1007511.7 | N12: =M12 / 7467019.56 -> 0.13492823
A13: 3 | D13: INSTALAÇÕES PROVISÓRIAS | M13: 139281.1 | N13: =M13 / 7467019.56 -> 0.018652837
A14: 3.1 | B14: 103689 | C14: SINAPI | D14: FORNECIMENTO E INSTALAÇÃO DE PLACA DE OBRA COM CHAPA GALVANIZADA E ESTRUTURA DE MADEIRA. AF_03/2022_PS | E14: m² | F14: 15 | G14: 465.96 | H14: 37 | I14: 524.48 | J14: =TRUNC(G14 * (1 + 20.5 / 100), 2) -> 561.48 | K14: =TRUNC(F14 * H14, 2) -> 555 | L14: =M14 - K14 -> 7867.2 | M14: =TRUNC(F14 * J14, 2) -> 8422.2 | N14: =M14 / 7467019.56 -> 0.0011279199
A15: 3.2 | B15: 344 | C15: Próprio | D15: LIGACAO PROVISORIA DE AGUA -PARA MEDICAO DE AGUA - ENTRADA PRINCIPAL, EM PVC SOLDÁVEL DN 25 (¾") FORNECIMENTO E INSTALAÇÃO (INCLUSIVE HIDRÔMETRO) | E15: un | F15: 1 | G15: 360.44 | H15: 78.75 | I15: 355.58 | J15: =TRUNC(G15 * (1 + 20.5 / 100), 2) -> 434.33 | K15: =TRUNC(F15 * H15, 2) -> 78.75 | L15: =M15 - K15 -> 355.58 | M15: =TRUNC(F15 * J15, 2) -> 434.33 | N15: =M15 / 7467019.56 -> 5.8166447e-05
A16: 3.3 | B16: 345 | C16: Próprio | D16: INSTALACAO/LIGACAO PROVISORIA ELETRICA BAIXA TENSAO P/CANTEIRO DE OBRA | E16: un | F16: 1 | G16: 2016.64 | H16: 1094.4 | I16: 1335.65 | J16: =TRUNC(G16 * (1 + 20.5 / 100), 2) -> 2430.05 | K16: =TRUNC(F16 * H16, 2) -> 1094.4 | L16: =M16 - K16 -> 1335.65 | M16: =TRUNC(F16 * J16, 2) -> 2430.05 | N16: =M16 / 7467019.56 -> 0.00032543774
A17: 3.4 | B17: 98459 | C17: SINAPI | D17: TAPUME COM TELHA METÁLICA. AF_03/2024 | E17: m² | F17: 480 | G17: 95.96 | H17: 30.28 | I17: 85.35 | J17: =TRUNC(G17 * (1 + 20.5 / 100), 2) -> 115.63 | K17: =TRUNC(F17 * H17, 2) -> 14534.4 | L17: =M17 - K17 -> 40968 | M17: =TRUNC(F17 * J17, 2) -> 55502.4 | N17: =M17 / 7467019.56 -> 0.0074330058
A18: 3.5 | B18: 99059 | C18: SINAPI | D18: LOCAÇÃO CONVENCIONAL DE OBRA, UTILIZANDO GABARITO DE TÁBUAS CORRIDAS PONTALETADAS A CADA 2,00M - 2 UTILIZAÇÕES. AF_03/2024 | E18: M | F18: 200 | G18: 67.09 | H18: 34.57 | I18: 46.27 | J18: =TRUNC(G18 * (1 + 20.5 / 100), 2) -> 80.84 | K18: =TRUNC(F18 * H18, 2) -> 6914 | L18: =M18 - K18 -> 9254 | M18: =TRUNC(F18 * J18, 2) -> 16168 | N18: =M18 / 7467019.56 -> 0.0021652548
A19: 3.6 | B19: 4976 | C19: Próprio | D19: MOBILIZAÇÃO CRECHE 10 SALAS | E19: un | F19: 1 | G19: 4164.69 | H19: 0 | I19: 5018.45 | J19: =TRUNC(G19 * (1 + 20.5 / 100), 2) -> 5018.45 | K19: =TRUNC(F19 * H19, 2) -> 0 | L19: =M19 - K19 -> 5018.45 | M19: =TRUNC(F19 * J19, 2) -> 5018.45 | N19: =M19 / 7467019.56 -> 0.00067208208
A20: 3.7 | B20: 4979 | C20: Próprio | D20: DESMOBILIZAÇÃO CRECHE 10 SALAS | E20: un | F20: 1 | G20: 4164.69 | H20: 0 | I20: 5018.45 | J20: =TRUNC(G20 * (1 + 20.5 / 100), 2) -> 5018.45 | K20: =TRUNC(F20 * H20, 2) -> 0 | L20: =M20 - K20 -> 5018.45 | M20: =TRUNC(F20 * J20, 2) -> 5018.45 | N20: =M20 / 7467019.56 -> 0.00067208208
A21: 3.8 | B21: 4981 | C21: Próprio | D21: ADESIVO PARA APLICAÇÃO EM TAPUME DE TELHA METÁLICA DE CONSTRUÇÃO | E21: un | F21: 119.13 | G21: 45 | H21: 0 | I21: 54.22 | J21: =TRUNC(G21 * (1 + 20.5 / 100), 2) -> 54.22 | K21: =TRUNC(F21 * H21, 2) -> 0 | L21: =M21 - K21 -> 6459.22 | M21: =TRUNC(F21 * J21, 2) -> 6459.22 | N21: =M21 / 7467019.56 -> 0.00086503322
A22: 3.9 | B22: 2069 | C22: Próprio | D22: LOCACAO DE CONTAINER 2,30 X 6,00 M, ALT. 2,50 M, COM 1 SANITARIO, PARA ESCRITORIO, COMPLETO, SEM DIVISORIAS INTERNAS (NAO INCLUI MOBILIZACAO/DESMOBILIZACAO) | E22: MES | F22: 24 | G22: 847.5 | H22: 0 | I22: 1021.23 | J22: =TRUNC(G22 * (1 + 20.5 / 100), 2) -> 1021.23 | K22: =TRUNC(F22 * H22, 2) -> 0 | L22: =M22 - K22 -> 24509.52 | M22: =TRUNC(F22 * J22, 2) -> 24509.52 | N22: =M22 / 7467019.56 -> 0.0032823699
A23: 3.10 | B23: 2068 | C23: Próprio | D23: LOCACAO DE CONTAINER 2,30 X 4,30 M, ALT. 2,50 M, P/ SANITARIO, C/ 5 BACIAS, 1 LAVATORIO E 4 MICTORIOS (NAO INCLUI MOBILIZACAO/DESMOBILIZACAO) | E23: MES | F23: 12 | G23: 1059.37 | H23: 0 | I23: 1276.54 | J23: =TRUNC(G23 * (1 + 20.5 / 100), 2) -> 1276.54 | K23: =TRUNC(F23 * H23, 2) -> 0 | L23: =M23 - K23 -> 15318.48 | M23: =TRUNC(F23 * J23, 2) -> 15318.48 | N23: =M23 / 7467019.56 -> 0.0020514852
A24: 4 | D24: INFRAESTRUTURA | M24: 236769.64 | N24: =M24 / 7467019.56 -> 0.031708721
A25: 4.1 | B25: 104916 | C25: SINAPI | D25: ARMAÇÃO DE SAPATA ISOLADA, VIGA BALDRAME E SAPATA CORRIDA UTILIZANDO AÇO CA-60 DE 5 MM - MONTAGEM. AF_01/2024 | E25: KG | F25: 519.82 | G25: 17 | H25: 7.2 | I25: 13.28 | J25: =TRUNC(G25 * (1 + 20.5 / 100), 2) -> 20.48 | K25: =TRUNC(F25 * H25, 2) -> 3742.7 | L25: =M25 - K25 -> 6903.21 | M25: =TRUNC(F25 * J25, 2) -> 10645.91 | N25: =M25 / 7467019.56 -> 0.0014257241
A26: 4.2 | B26: 104918 | C26: SINAPI | D26: ARMAÇÃO DE SAPATA ISOLADA, VIGA BALDRAME E SAPATA CORRIDA UTILIZANDO AÇO CA-50 DE 8 MM - MONTAGEM. AF_01/2024 | E26: KG | F26: 1239.09 | G26: 14.57 | H26: 3.84 | I26: 13.71 | J26: =TRUNC(G26 * (1 + 20.5 / 100), 2) -> 17.55 | K26: =TRUNC(F26 * H26, 2) -> 4758.1 | L26: =M26 - K26 -> 16987.92 | M26: =TRUNC(F26 * J26, 2) -> 21746.02 | N26: =M26 / 7467019.56 -> 0.0029122758
A27: 4.3 | B27: 104917 | C27: SINAPI | D27: ARMAÇÃO DE SAPATA ISOLADA, VIGA BALDRAME E SAPATA CORRIDA UTILIZANDO AÇO CA-50 DE 6,3 MM - MONTAGEM. AF_01/2024 | E27: KG | F27: 0.36 | G27: 15.75 | H27: 5.21 | I27: 13.76 | J27: =TRUNC(G27 * (1 + 20.5 / 100), 2) -> 18.97 | K27: =TRUNC(F27 * H27, 2) -> 1.87 | L27: =M27 - K27 -> 4.95 | M27: =TRUNC(F27 * J27, 2) -> 6.82 | N27: =M27 / 7467019.56 -> 9.1334969e-07
A28: 4.4 | B28: 104919 | C28: SINAPI | D28: ARMAÇÃO DE SAPATA ISOLADA, VIGA BALDRAME E SAPATA CORRIDA UTILIZANDO AÇO CA-50 DE 10 MM - MONTAGEM. AF_01/2024 | E28: KG | F28: 557.09 | G28: 12.95 | H28: 2.91 | I28: 12.69 | J28: =TRUNC(G28 * (1 + 20.5 / 100), 2) -> 15.6 | K28: =TRUNC(F28 * H28, 2) -> 1621.13 | L28: =M28 - K28 -> 7069.47 | M28: =TRUNC(F28 * J28, 2) -> 8690.6 | N28: =M28 / 7467019.56 -> 0.0011638646
A29: 4.5 | B29: 104920 | C29: SINAPI | D29: ARMAÇÃO DE BLOCO, SAPATA ISOLADA, VIGA BALDRAME E SAPATA CORRIDA UTILIZANDO AÇO CA-50 DE 12,5 MM - MONTAGEM. AF_01/2024 | E29: KG | F29: 412.64 | G29: 10.95 | H29: 2.25 | I29: 10.94 | J29: =TRUNC(G29 * (1 + 20.5 / 100), 2) -> 13.19 | K29: =TRUNC(F29 * H29, 2) -> 928.44 | L29: =M29 - K29 -> 4514.28 | M29: =TRUNC(F29 * J29, 2) -> 5442.72 | N29: =M29 / 7467019.56 -> 0.00072890126
A30: 4.6 | B30: 96558 | C30: SINAPI | D30: CONCRETAGEM DE SAPATA, FCK 30 MPA, COM USO DE BOMBA - LANÇAMENTO, ADENSAMENTO E ACABAMENTO. AF_01/2024 | E30: m³ | F30: 21.15 | G30: 702.57 | H30: 32.21 | I30: 814.38 | J30: =TRUNC(G30 * (1 + 20.5 / 100), 2) -> 846.59 | K30: =TRUNC(F30 * H30, 2) -> 681.24 | L30: =M30 - K30 -> 17224.13 | M30: =TRUNC(F30 * J30, 2) -> 17905.37 | N30: =M30 / 7467019.56 -> 0.0023979273
A31: 4.7 | B31: 96538 | C31: SINAPI | D31: FABRICAÇÃO, MONTAGEM E DESMONTAGEM DE FÔRMA PARA SAPATA, EM CHAPA DE MADEIRA COMPENSADA RESINADA, E=17 MM, 2 UTILIZAÇÕES. AF_01/2024 | E31: m² | F31: 99.25 | G31: 248.52 | H31: 146.82 | I31: 152.64 | J31: =TRUNC(G31 * (1 + 20.5 / 100), 2) -> 299.46 | K31: =TRUNC(F31 * H31, 2) -> 14571.88 | L31: =M31 - K31 -> 15149.52 | M31: =TRUNC(F31 * J31, 2) -> 29721.4 | N31: =M31 / 7467019.56 -> 0.0039803565
A32: 4.8 | B32: 96616 | C32: SINAPI | D32: LASTRO DE CONCRETO MAGRO, APLICADO EM BLOCOS DE COROAMENTO OU SAPATAS. AF_01/2024 | E32: m³ | F32: 6.35 | G32: 809.8 | H32: 313.65 | I32: 662.15 | J32: =TRUNC(G32 * (1 + 20.5 / 100), 2) -> 975.8 | K32: =TRUNC(F32 * H32, 2) -> 1991.67 | L32: =M32 - K32 -> 4204.66 | M32: =TRUNC(F32 * J32, 2) -> 6196.33 | N32: =M32 / 7467019.56 -> 0.00082982641
A33: 4.9 | B33: 96521 | C33: SINAPI | D33: ESCAVAÇÃO MECANIZADA PARA BLOCO DE COROAMENTO OU SAPATA COM RETROESCAVADEIRA (INCLUINDO ESCAVAÇÃO PARA COLOCAÇÃO DE FÔRMAS). AF_01/2024 | E33: m³ | F33: 228.54 | G33: 40.6 | H33: 13.24 | I33: 35.68 | J33: =TRUNC(G33 * (1 + 20.5 / 100), 2) -> 48.92 | K33: =TRUNC(F33 * H33, 2) -> 3025.86 | L33: =M33 - K33 -> 8154.31 | M33: =TRUNC(F33 * J33, 2) -> 11180.17 | N33: =M33 / 7467019.56 -> 0.0014972734
A34: 4.10 | B34: 96527 | C34: SINAPI | D34: ESCAVAÇÃO MANUAL PARA VIGA BALDRAME OU SAPATA CORRIDA (INCLUINDO ESCAVAÇÃO PARA COLOCAÇÃO DE FÔRMAS). AF_01/2024 | E34: m³ | F34: 74.75 | G34: 109.11 | H34: 94.06 | I34: 37.41 | J34: =TRUNC(G34 * (1 + 20.5 / 100), 2) -> 131.47 | K34: =TRUNC(F34 * H34, 2) -> 7030.98 | L34: =M34 - K34 -> 2796.4 | M34: =TRUNC(F34 * J34, 2) -> 9827.38 | N34: =M34 / 7467019.56 -> 0.0013161048
A35: 4.11 | B35: 104741 | C35: SINAPI | D35: REATERRO MECANIZADO DE VALA COM MINICARREGADEIRA, COM PLACA VIBRATÓRIA. AF_08/2023 | E35: m³ | F35: 242.96 | G35: 23.21 | H35: 8.15 | I35: 19.81 | J35: =TRUNC(G35 * (1 + 20.5 / 100), 2) -> 27.96 | K35: =TRUNC(F35 * H35, 2) -> 1980.12 | L35: =M35 - K35 -> 4813.04 | M35: =TRUNC(F35 * J35, 2) -> 6793.16 | N35: =M35 / 7467019.56 -> 0.00090975522
A36: 4.12 | B36: 96557 | C36: SINAPI | D36: CONCRETAGEM DE BLOCO DE COROAMENTO OU VIGA BALDRAME, FCK 30 MPA, COM USO DE BOMBA - LANÇAMENTO, ADENSAMENTO E ACABAMENTO. AF_01/2024 | E36: m³ | F36: 32.83 | G36: 670.71 | H36: 18.32 | I36: 789.88 | J36: =TRUNC(G36 * (1 + 20.5 / 100), 2) -> 808.2 | K36: =TRUNC(F36 * H36, 2) -> 601.44 | L36: =M36 - K36 -> 25931.76 | M36: =TRUNC(F36 * J36, 2) -> 26533.2 | N36: =M36 / 7467019.56 -> 0.0035533856
... A38: 4.14 | B38: 98557 | C38: SINAPI | D38: IMPERMEABILIZAÇÃO DE SUPERFÍCIE COM EMULSÃO ASFÁLTICA, 2 DEMÃOS. AF_09/2023 | E38: m² | F38: 630.99 | G38: 46.12 | H38: 13.06 | I38: 42.51 | J38: =TRUNC(G38 * (1 + 20.5 / 100), 2) -> 55.57 | K38: =TRUNC(F38 * H38, 2) -> 8240.72 | L38: =M38 - K38 -> 26823.39 | M38: =TRUNC(F38 * J38, 2) -> 35064.11 | N38: =M38 / 7467019.56 -> 0.0046958642
A39: 5 | D39: SUPERESTRUTURA | M39: 577093.46 | N39: =M39 / 7467019.56 -> 0.07728565
A40: 5.1 | B40: 92762 | C40: SINAPI | D40: ARMAÇÃO DE PILAR OU VIGA DE ESTRUTURA CONVENCIONAL DE CONCRETO ARMADO UTILIZANDO AÇO CA-50 DE 10,0 MM - MONTAGEM. AF_06/2022 | E40: KG | F40: 1859.73 | G40: 11.23 | H40: 1.34 | I40: 12.19 | J40: =TRUNC(G40 * (1 + 20.5 / 100), 2) -> 13.53 | K40: =TRUNC(F40 * H40, 2) -> 2492.03 | L40: =M40 - K40 -> 22670.11 | M40: =TRUNC(F40 * J40, 2) -> 25162.14 | N40: =M40 / 7467019.56 -> 0.0033697702
A41: 5.2 | B41: 92763 | C41: SINAPI | D41: ARMAÇÃO DE PILAR OU VIGA DE ESTRUTURA CONVENCIONAL DE CONCRETO ARMADO UTILIZANDO AÇO CA-50 DE 12,5 MM - MONTAGEM. AF_06/2022 | E41: KG | F41: 154.73 | G41: 9.4 | H41: 0.86 | I41: 10.46 | J41: =TRUNC(G41 * (1 + 20.5 / 100), 2) -> 11.32 | K41: =TRUNC(F41 * H41, 2) -> 133.06 | L41: =M41 - K41 -> 1618.48 | M41: =TRUNC(F41 * J41, 2) -> 1751.54 | N41: =M41 / 7467019.56 -> 0.00023457016
A42: 5.3 | B42: 92759 | C42: SINAPI | D42: ARMAÇÃO DE PILAR OU VIGA DE ESTRUTURA CONVENCIONAL DE CONCRETO ARMADO UTILIZANDO AÇO CA-60 DE 5,0 MM - MONTAGEM. AF_06/2022 | E42: KG | F42: 1157.45 | G42: 14.3 | H42: 4.74 | I42: 12.49 | J42: =TRUNC(G42 * (1 + 20.5 / 100), 2) -> 17.23 | K42: =TRUNC(F42 * H42, 2) -> 5486.31 | L42: =M42 - K42 -> 14456.55 | M42: =TRUNC(F42 * J42, 2) -> 19942.86 | N42: =M42 / 7467019.56 -> 0.0026707925
A43: 5.4 | B43: 92761 | C43: SINAPI | D43: ARMAÇÃO DE PILAR OU VIGA DE ESTRUTURA CONVENCIONAL DE CONCRETO ARMADO UTILIZANDO AÇO CA-50 DE 8,0 MM - MONTAGEM. AF_06/2022 | E43: KG | F43: 966.45 | G43: 12.6 | H43: 2.05 | I43: 13.13 | J43: =TRUNC(G43 * (1 + 20.5 / 100), 2) -> 15.18 | K43: =TRUNC(F43 * H43, 2) -> 1981.22 | L43: =M43 - K43 -> 12689.49 | M43: =TRUNC(F43 * J43, 2) -> 14670.71 | N43: =M43 / 7467019.56 -> 0.0019647344
A44: 5.5 | B44: 92760 | C44: SINAPI | D44: ARMAÇÃO DE PILAR OU VIGA DE ESTRUTURA CONVENCIONAL DE CONCRETO ARMADO UTILIZANDO AÇO CA-50 DE 6,3 MM - MONTAGEM. AF_06/2022 | E44: KG | F44: 5 | G44: 13.47 | H44: 3.13 | I44: 13.1 | J44: =TRUNC(G44 * (1 + 20.5 / 100), 2) -> 16.23 | K44: =TRUNC(F44 * H44, 2) -> 15.65 | L44: =M44 - K44 -> 65.5 | M44: =TRUNC(F44 * J44, 2) -> 81.15 | N44: =M44 / 7467019.56 -> 1.086779e-05
A45: 5.6 | B45: 92456 | C45: SINAPI | D45: MONTAGEM E DESMONTAGEM DE FÔRMA DE VIGA, ESCORAMENTO METÁLICO, PÉ-DIREITO SIMPLES, EM CHAPA DE MADEIRA RESINADA, 4 UTILIZAÇÕES. AF_09/2020 | E45: m² | F45: 615.54 | G45: 158.33 | H45: 61.86 | I45: 128.92 | J45: =TRUNC(G45 * (1 + 20.5 / 100), 2) -> 190.78 | K45: =TRUNC(F45 * H45, 2) -> 38077.3 | L45: =M45 - K45 -> 79355.42 | M45: =TRUNC(F45 * J45, 2) -> 117432.72 | N45: =M45 / 7467019.56 -> 0.015726853
A46: 5.7 | B46: 92419 | C46: SINAPI | D46: MONTAGEM E DESMONTAGEM DE FÔRMA DE PILARES RETANGULARES E ESTRUTURAS SIMILARES, PÉ-DIREITO SIMPLES, EM CHAPA DE MADEIRA COMPENSADA RESINADA, 4 UTILIZAÇÕES. AF_09/2020 | E46: m² | F46: 429.79 | G46: 92.18 | H46: 36.46 | I46: 74.61 | J46: =TRUNC(G46 * (1 + 20.5 / 100), 2) -> 111.07 | K46: =TRUNC(F46 * H46, 2) -> 15670.14 | L46: =M46 - K46 -> 32066.63 | M46: =TRUNC(F46 * J46, 2) -> 47736.77 | N46: =M46 / 7467019.56 -> 0.0063930153
A47: 5.8 | B47: 3060 | C47: Próprio | D47: LAJE PRÉ-MOLDADA UNIDIRECIONAL B16, BIAPOIADA, PARA FORRO OU PISO, ENCHIMENTO EM EPS 40x40, VIGOTA CONVENCIONAL, ALTURA TOTAL DA LAJE (ENCHIMENTO+CAPA) = (12+4) | E47: m² | F47: 1094.9 | G47: 190.49 | H47: 43.39 | I47: 186.15 | J47: =TRUNC(G47 * (1 + 20.5 / 100), 2) -> 229.54 | K47: =TRUNC(F47 * H47, 2) -> 47507.71 | L47: =M47 - K47 -> 203815.63 | M47: =TRUNC(F47 * J47, 2) -> 251323.34 | N47: =M47 / 7467019.56 -> 0.033657785
A48: 5.9 | B48: 604 | C48: Próprio | D48: CONCRETAGEM DE PILARES, VIGAS E LAJES (PRE MOLDADAS OU MACIÇA) FCK = 30 MPA, COM USO DE BOMBA EM EDIFICAÇÃO - LANÇAMENTO, ADENSAMENTO E ACABAMENTO. | E48: m³ | F48: 75.56 | G48: 576.13 | H48: 41.31 | I48: 652.92 | J48: =TRUNC(G48 * (1 + 20.5 / 100), 2) -> 694.23 | K48: =TRUNC(F48 * H48, 2) -> 3121.38 | L48: =M48 - K48 -> 49334.63 | M48: =TRUNC(F48 * J48, 2) -> 52456.01 | N48: =M48 / 7467019.56 -> 0.0070250265
A49: 5.10 | B49: 97090 | C49: SINAPI | D49: ARMAÇÃO PARA EXECUÇÃO DE RADIER, PISO DE CONCRETO OU LAJE SOBRE SOLO, COM USO DE TELA Q-138. AF_09/2021 | E49: KG | F49: 2745.5 | G49: 14.07 | H49: 0.99 | I49: 15.96 | J49: =TRUNC(G49 * (1 + 20.5 / 100), 2) -> 16.95 | K49: =TRUNC(F49 * H49, 2) -> 2718.04 | L49: =M49 - K49 -> 43818.18 | M49: =TRUNC(F49 * J49, 2) -> 46536.22 | N49: =M49 / 7467019.56 -> 0.0062322349
A50: 6 | D50: PAREDES E DIVISÓRIAS | M50: 356105.95 | N50: =M50 / 7467019.56 -> 0.047690507
A51: 6.1 | B51: 103330 | C51: SINAPI | D51: ALVENARIA DE VEDAÇÃO DE BLOCOS CERÂMICOS FURADOS NA HORIZONTAL DE 11,5X19X19 CM (ESPESSURA 11,5 CM) E ARGAMASSA DE ASSENTAMENTO COM PREPARO EM BETONEIRA. AF_12/2021 | E51: m² | F51: 1628.16 | G51: 78.94 | H51: 43.4 | I51: 51.72 | J51: =TRUNC(G51 * (1 + 20.5 / 100), 2) -> 95.12 | K51: =TRUNC(F51 * H51, 2) -> 70662.14 | L51: =M51 - K51 -> 84208.43 | M51: =TRUNC(F51 * J51, 2) -> 154870.57 | N51: =M51 / 7467019.56 -> 0.020740614
A52: 6.2 | B52: 101161 | C52: SINAPI | D52: ALVENARIA DE VEDAÇÃO COM ELEMENTO VAZADO DE CONCRETO (COBOGÓ) DE 7X50X50CM E ARGAMASSA DE ASSENTAMENTO COM PREPARO EM BETONEIRA. AF_05/2020 | E52: m² | F52: 18.83 | G52: 226.45 | H52: 73.53 | I52: 199.34 | J52: =TRUNC(G52 * (1 + 20.5 / 100), 2) -> 272.87 | K52: =TRUNC(F52 * H52, 2) -> 1384.56 | L52: =M52 - K52 -> 3753.58 | M52: =TRUNC(F52 * J52, 2) -> 5138.14 | N52: =M52 / 7467019.56 -> 0.00068811123
A53: 6.3 | B53: 350 | C53: Próprio | D53: MURO EM ALVENARIA BLOCO CERÂMICO, E= 0,09M, C/ ALV DE PEDRA GRANÍTICA, 0,35 X 0,60M, COLUNAS (9X20CM) E CINTAMENTO (9X15CM) SUPERIOR E INFERIOR CONCRETO ARMADO FCK = 20,0 MPA CADA 3,00M, CHAPISCO E REBOCO | E53: m² | F53: 414.18 | G53: 229 | H53: 90.21 | I53: 185.73 | J53: =TRUNC(G53 * (1 + 20.5 / 100), 2) -> 275.94 | K53: =TRUNC(F53 * H53, 2) -> 37363.17 | L53: =M53 - K53 -> 76925.65 | M53: =TRUNC(F53 * J53, 2) -> 114288.82 | N53: =M53 / 7467019.56 -> 0.015305815
A54: 6.4 | B54: 101966 | C54: SINAPI | D54: CHAPIM SOBRE MUROS LINEARES, EM GRANITO OU MÁRMORE, L = 25 CM, ASSENTADO COM ARGAMASSA 1:6 COM ADITIVO. AF_11/2020 | E54: M | F54: 180.6 | G54: 197.64 | H54: 11.32 | I54: 226.83 | J54: =TRUNC(G54 * (1 + 20.5 / 100), 2) -> 238.15 | K54: =TRUNC(F54 * H54, 2) -> 2044.39 | L54: =M54 - K54 -> 40965.5 | M54: =TRUNC(F54 * J54, 2) -> 43009.89 | N54: =M54 / 7467019.56 -> 0.0057599809
A55: 6.5 | B55: 102253 | C55: SINAPI | D55: DIVISORIA SANITÁRIA, TIPO CABINE, EM GRANITO CINZA POLIDO, ESP = 3CM, ASSENTADO COM ARGAMASSA COLANTE AC III-E, EXCLUSIVE FERRAGENS. AF_01/2021 | E55: m² | F55: 14.63 | G55: 1058.51 | H55: 81.04 | I55: 1194.46 | J55: =TRUNC(G55 * (1 + 20.5 / 100), 2) -> 1275.5 | K55: =TRUNC(F55 * H55, 2) -> 1185.61 | L55: =M55 - K55 -> 17474.95 | M55: =TRUNC(F55 * J55, 2) -> 18660.56 | N55: =M55 / 7467019.56 -> 0.002499064
A56: 6.6 | B56: 103324 | C56: SINAPI | D56: ALVENARIA DE VEDAÇÃO DE BLOCOS CERÂMICOS FURADOS NA VERTICAL DE 14X19X39 CM (ESPESSURA 14 CM) E ARGAMASSA DE ASSENTAMENTO COM PREPARO EM BETONEIRA. AF_12/2021 | E56: m² | F56: 33.73 | G56: 74.08 | H56: 31.5 | I56: 57.76 | J56: =TRUNC(G56 * (1 + 20.5 / 100), 2) -> 89.26 | K56: =TRUNC(F56 * H56, 2) -> 1062.49 | L56: =M56 - K56 -> 1948.24 | M56: =TRUNC(F56 * J56, 2) -> 3010.73 | N56: =M56 / 7467019.56 -> 0.00040320371
A57: 6.7 | B57: 93202 | C57: SINAPI | D57: FIXAÇÃO (ENCUNHAMENTO) DE ALVENARIA DE VEDAÇÃO COM TIJOLO MACIÇO. AF_03/2024 | E57: M | F57: 522.65 | G57: 27.2 | H57: 16.89 | I57: 15.88 | J57: =TRUNC(G57 * (1 + 20.5 / 100), 2) -> 32.77 | K57: =TRUNC(F57 * H57, 2) -> 8827.55 | L57: =M57 - K57 -> 8299.69 | M57: =TRUNC(F57 * J57, 2) -> 17127.24 | N57: =M57 / 7467019.56 -> 0.0022937184
A58: 7 | D58: COBERTURA E IMPERMEABILIZAÇÃO | M58: 554285.99 | N58: =M58 / 7467019.56 -> 0.074231222
A59: 7.1 | B59: 101964 | C59: SINAPI | D59: LAJE PRÉ-MOLDADA UNIDIRECIONAL, BIAPOIADA, PARA FORRO, ENCHIMENTO EM CERÂMICA, VIGOTA CONVENCIONAL, ALTURA TOTAL DA LAJE (ENCHIMENTO+CAPA) = (8+3). AF_11/2020 | E59: m² | F59: 12.06 | G59: 193.32 | H59: 31.2 | I59: 201.75 | J59: =TRUNC(G59 * (1 + 20.5 / 100), 2) -> 232.95 | K59: =TRUNC(F59 * H59, 2) -> 376.27 | L59: =M59 - K59 -> 2433.1 | M59: =TRUNC(F59 * J59, 2) -> 2809.37 | N59: =M59 / 7467019.56 -> 0.00037623713
A60: 7.2 | B60: 3120 | C60: Próprio | D60: ESTRUTURA TRELIÇADA DE COBERTURA, TIPO FINK, COM LIGAÇÕES SOLDADAS, INCLUSOS PERFIS METÁLICOS, CHAPAS METÁLICAS, MÃO DE OBRA E TRANSPORTE COM GUINDASTE - FORNECIMENTO E INSTALAÇÃO. AF_01/2020_PSA | E60: KG | F60: 3465.64 | G60: 14.39 | H60: 0.55 | I60: 16.78 | J60: =TRUNC(G60 * (1 + 20.5 / 100), 2) -> 17.33 | K60: =TRUNC(F60 * H60, 2) -> 1906.1 | L60: =M60 - K60 -> 58153.44 | M60: =TRUNC(F60 * J60, 2) -> 60059.54 | N60: =M60 / 7467019.56 -> 0.0080433082
A61: 7.3 | B61: 94216 | C61: SINAPI | D61: TELHAMENTO COM TELHA METÁLICA TERMOACÚSTICA E = 30 MM, COM ATÉ 2 ÁGUAS, INCLUSO IÇAMENTO. AF_07/2019 | E61: m² | F61: 1037.26 | G61: 209.55 | H61: 2.61 | I61: 249.89 | J61: =TRUNC(G61 * (1 + 20.5 / 100), 2) -> 252.5 | K61: =TRUNC(F61 * H61, 2) -> 2707.24 | L61: =M61 - K61 -> 259200.91 | M61: =TRUNC(F61 * J61, 2) -> 261908.15 | N61: =M61 / 7467019.56 -> 0.035075327
A62: 7.4 | B62: 101979 | C62: SINAPI | D62: CHAPIM (RUFO CAPA) EM AÇO GALVANIZADO, CORTE 33. AF_11/2020 | E62: M | F62: 134.65 | G62: 39.55 | H62: 6.34 | I62: 41.31 | J62: =TRUNC(G62 * (1 + 20.5 / 100), 2) -> 47.65 | K62: =TRUNC(F62 * H62, 2) -> 853.68 | L62: =M62 - K62 -> 5562.39 | M62: =TRUNC(F62 * J62, 2) -> 6416.07 | N62: =M62 / 7467019.56 -> 0.00085925448
A63: 7.5 | B63: 94229 | C63: SINAPI | D63: CALHA EM CHAPA DE AÇO GALVANIZADO NÚMERO 24, DESENVOLVIMENTO DE 100 CM, INCLUSO TRANSPORTE VERTICAL. AF_07/2019 | E63: M | F63: 85.1 | G63: 148.82 | H63: 26.44 | I63: 152.88 | J63: =TRUNC(G63 * (1 + 20.5 / 100), 2) -> 179.32 | K63: =TRUNC(F63 * H63, 2) -> 2250.04 | L63: =M63 - K63 -> 13010.09 | M63: =TRUNC(F63 * J63, 2) -> 15260.13 | N63: =M63 / 7467019.56 -> 0.0020436708
A64: 7.6 | B64: 98680 | C64: SINAPI | D64: PISO CIMENTADO, TRAÇO 1:5 (CIMENTO E AREIA), ACABAMENTO LISO, ESPESSURA 3,0 CM, PREPARO MECÂNICO DA ARGAMASSA. AF_02/2026 | E64: m² | F64: 385.93 | G64: 46.99 | H64: 17.41 | I64: 39.21 | J64: =TRUNC(G64 * (1 + 20.5 / 100), 2) -> 56.62 | K64: =TRUNC(F64 * H64, 2) -> 6719.04 | L64: =M64 - K64 -> 15132.31 | M64: =TRUNC(F64 * J64, 2) -> 21851.35 | N64: =M64 / 7467019.56 -> 0.0029263818
A65: 7.7 | B65: 98546 | C65: SINAPI | D65: IMPERMEABILIZAÇÃO DE SUPERFÍCIE COM MANTA ASFÁLTICA, UMA CAMADA, INCLUSIVE APLICAÇÃO DE PRIMER ASFÁLTICO, E=4MM. AF_09/2023 | E65: m² | F65: 460.06 | G65: 136.85 | H65: 28.36 | I65: 136.54 | J65: =TRUNC(G65 * (1 + 20.5 / 100), 2) -> 164.9 | K65: =TRUNC(F65 * H65, 2) -> 13047.3 | L65: =M65 - K65 -> 62816.59 | M65: =TRUNC(F65 * J65, 2) -> 75863.89 | N65: =M65 / 7467019.56 -> 0.010159862
A66: 7.8 | B66: 98563 | C66: SINAPI | D66: PROTEÇÃO MECÂNICA DE SUPERFÍCIE HORIZONTAL COM ARGAMASSA DE CIMENTO E AREIA, TRAÇO 1:3, E=2CM. AF_09/2023 | E66: m² | F66: 385.93 | G66: 38.53 | H66: 19.31 | I66: 27.11 | J66: =TRUNC(G66 * (1 + 20.5 / 100), 2) -> 46.42 | K66: =TRUNC(F66 * H66, 2) -> 7452.3 | L66: =M66 - K66 -> 10462.57 | M66: =TRUNC(F66 * J66, 2) -> 17914.87 | N66: =M66 / 7467019.56 -> 0.0023991996
A67: 7.9 | B67: 98558 | C67: SINAPI | D67: TRATAMENTO DE RALO OU PONTO EMERGENTE COM ARGAMASSA POLIMÉRICA / MEMBRANA ACRÍLICA REFORÇADO COM TELA DE POLIÉSTER (MAV). AF_09/2023 | E67: UN | F67: 21 | G67: 10.09 | H67: 4.12 | I67: 8.03 | J67: =TRUNC(G67 * (1 + 20.5 / 100), 2) -> 12.15 | K67: =TRUNC(F67 * H67, 2) -> 86.52 | L67: =M67 - K67 -> 168.63 | M67: =TRUNC(F67 * J67, 2) -> 255.15 | N67: =M67 / 7467019.56 -> 3.417026e-05
A68: 7.10 | B68: 94231 | C68: SINAPI | D68: RUFO EM CHAPA DE AÇO GALVANIZADO NÚMERO 24, CORTE DE 25 CM, INCLUSO TRANSPORTE VERTICAL. AF_07/2019 | E68: M | F68: 473.5 | G68: 46.74 | H68: 7.4 | I68: 48.92 | J68: =TRUNC(G68 * (1 + 20.5 / 100), 2) -> 56.32 | K68: =TRUNC(F68 * H68, 2) -> 3503.9 | L68: =M68 - K68 -> 23163.62 | M68: =TRUNC(F68 * J68, 2) -> 26667.52 | N68: =M68 / 7467019.56 -> 0.0035713741
A69: 7.11 | B69: 103314 | C69: SINAPI | D69: INSTALAÇÃO DE PERGOLADO DE MADEIRA, EM MAÇARANDUBA, ANGELIM OU EQUIVALENTE DA REGIÃO, FIXADO COM CONCRETO SOBRE PISO DE CONCRETO EXISTENTE. AF_11/2021 | E69: m² | F69: 20.45 | G69: 285.18 | H69: 28.61 | I69: 315.03 | J69: =TRUNC(G69 * (1 + 20.5 / 100), 2) -> 343.64 | K69: =TRUNC(F69 * H69, 2) -> 585.07 | L69: =M69 - K69 -> 6442.36 | M69: =TRUNC(F69 * J69, 2) -> 7027.43 | N69: =M69 / 7467019.56 -> 0.00094112918
A70: 7.12 | B70: 92580 | C70: SINAPI | D70: TRAMA DE AÇO COMPOSTA POR TERÇAS PARA TELHADOS DE ATÉ 2 ÁGUAS PARA TELHA ONDULADA DE FIBROCIMENTO, METÁLICA, PLÁSTICA OU TERMOACÚSTICA, INCLUSO TRANSPORTE VERTICAL. AF_07/2019 | E70: m² | F70: 1037.26 | G70: 46.61 | H70: 6.31 | I70: 49.85 | J70: =TRUNC(G70 * (1 + 20.5 / 100), 2) -> 56.16 | K70: =TRUNC(F70 * H70, 2) -> 6545.11 | L70: =M70 - K70 -> 51707.41 | M70: =TRUNC(F70 * J70, 2) -> 58252.52 | N70: =M70 / 7467019.56 -> 0.0078013081
A71: 8 | D71: PORTAS E ESQUADRIAS | M71: 263515.88 | N71: =M71 / 7467019.56 -> 0.035290637
A72: 8.1 | D72: VERGAS E CONTRAVERGAS | M72: 34727.24 | N72: =M72 / 7467019.56 -> 0.0046507498
A73: 8.1.1 | B73: 93187 | C73: SINAPI | D73: VERGA MOLDADA IN LOCO EM CONCRETO, ESPESSURA DE *20* CM. AF_03/2024 | E73: M | F73: 229.6 | G73: 77.94 | H73: 28.9 | I73: 65.01 | J73: =TRUNC(G73 * (1 + 20.5 / 100), 2) -> 93.91 | K73: =TRUNC(F73 * H73, 2) -> 6635.44 | L73: =M73 - K73 -> 14926.29 | M73: =TRUNC(F73 * J73, 2) -> 21561.73 | N73: =M73 / 7467019.56 -> 0.0028875952
A74: 8.1.2 | B74: 93197 | C74: SINAPI | D74: CONTRAVERGA MOLDADA IN LOCO EM CONCRETO, ESPESSURA DE *20* CM. AF_03/2024 | E74: M | F74: 143.65 | G74: 57.75 | H74: 17.93 | I74: 51.65 | J74: =TRUNC(G74 * (1 + 20.5 / 100), 2) -> 69.58 | K74: =TRUNC(F74 * H74, 2) -> 2575.64 | L74: =M74 - K74 -> 7419.52 | M74: =TRUNC(F74 * J74, 2) -> 9995.16 | N74: =M74 / 7467019.56 -> 0.0013385742
A75: 8.1.3 | B75: 94589 | C75: SINAPI | D75: CONTRAMARCO DE ALUMÍNIO, FIXAÇÃO COM ARGAMASSA - FORNECIMENTO E INSTALAÇÃO. AF_11/2024 | E75: M | F75: 143.65 | G75: 18.32 | H75: 10.93 | I75: 11.14 | J75: =TRUNC(G75 * (1 + 20.5 / 100), 2) -> 22.07 | K75: =TRUNC(F75 * H75, 2) -> 1570.09 | L75: =M75 - K75 -> 1600.26 | M75: =TRUNC(F75 * J75, 2) -> 3170.35 | N75: =M75 / 7467019.56 -> 0.00042458038
A76: 8.2 | D76: PORTAS EM MADEIRA | M76: 25402.85 | N76: =M76 / 7467019.56 -> 0.0034020066
A77: 8.2.1 | B77: 100675 | C77: SINAPI | D77: KIT DE PORTA-PRONTA DE MADEIRA EM ACABAMENTO MELAMÍNICO BRANCO, FOLHA LEVE OU MÉDIA, 90X210, EXCLUSIVE FECHADURA, FIXAÇÃO COM PREENCHIMENTO TOTAL DE ESPUMA EXPANSIVA - FORNECIMENTO E INSTALAÇÃO. AF_12/2019 | E77: UN | F77: 4 | G77: 684.98 | H77: 23.23 | I77: 802.17 | J77: =TRUNC(G77 * (1 + 20.5 / 100), 2) -> 825.4 | K77: =TRUNC(F77 * H77, 2) -> 92.92 | L77: =M77 - K77 -> 3208.68 | M77: =TRUNC(F77 * J77, 2) -> 3301.6 | N77: =M77 / 7467019.56 -> 0.00044215767
A78: 8.2.2 | B78: 363 | C78: Próprio | D78: CHAPA DE ACO GALVANIZADA, E = 0,50 MM4,00 KG/M2), CONTRA IMPACTO - FORNECIMENTO E INSTALACAO | E78: m² | F78: 3.6 | G78: 80.8 | H78: 31.21 | I78: 66.15 | J78: =TRUNC(G78 * (1 + 20.5 / 100), 2) -> 97.36 | K78: =TRUNC(F78 * H78, 2) -> 112.35 | L78: =M78 - K78 -> 238.14 | M78: =TRUNC(F78 * J78, 2) -> 350.49 | N78: =M78 / 7467019.56 -> 4.6938407e-05
A79: 8.2.3 | B79: 90831 | C79: SINAPI | D79: FECHADURA DE EMBUTIR PARA PORTA DE BANHEIRO, COMPLETA, ACABAMENTO PADRÃO MÉDIO, INCLUSO EXECUÇÃO DE FURO - FORNECIMENTO E INSTALAÇÃO. AF_12/2019 | E79: UN | F79: 4 | G79: 167 | H79: 26.15 | I79: 175.08 | J79: =TRUNC(G79 * (1 + 20.5 / 100), 2) -> 201.23 | K79: =TRUNC(F79 * H79, 2) -> 104.6 | L79: =M79 - K79 -> 700.32 | M79: =TRUNC(F79 * J79, 2) -> 804.92 | N79: =M79 / 7467019.56 -> 0.00010779669
A80: 8.2.4 | B80: 100874 | C80: SINAPI | D80: PUXADOR PARA PCD, FIXADO NA PORTA - FORNECIMENTO E INSTALAÇÃO. AF_01/2020 | E80: UN | F80: 8 | G80: 326.5 | H80: 30.16 | I80: 363.27 | J80: =TRUNC(G80 * (1 + 20.5 / 100), 2) -> 393.43 | K80: =TRUNC(F80 * H80, 2) -> 241.28 | L80: =M80 - K80 -> 2906.16 | M80: =TRUNC(F80 * J80, 2) -> 3147.44 | N80: =M80 / 7467019.56 -> 0.00042151222
A81: 8.2.5 | B81: 90790 | C81: SINAPI | D81: KIT DE PORTA-PRONTA DE MADEIRA EM ACABAMENTO MELAMÍNICO BRANCO, FOLHA LEVE OU MÉDIA, 80X210CM, EXCLUSIVE FECHADURA, FIXAÇÃO COM PREENCHIMENTO PARCIAL DE ESPUMA EXPANSIVA - FORNECIMENTO E INSTALAÇÃO. AF_12/2019 | E81: UN | F81: 14 | G81: 613.93 | H81: 18.92 | I81: 720.86 | J81: =TRUNC(G81 * (1 + 20.5 / 100), 2) -> 739.78 | K81: =TRUNC(F81 * H81, 2) -> 264.88 | L81: =M81 - K81 -> 10092.04 | M81: =TRUNC(F81 * J81, 2) -> 10356.92 | N81: =M81 / 7467019.56 -> 0.0013870219
A82: 8.2.6 | B82: 657 | C82: Próprio | D82: KIT DE PORTA-PRONTA DE MADEIRA EM ACABAMENTO MELAMÍNICO BRANCO DE CORRER, FOLHA LEVE OU MÉDIA, 80X210CM, EXCLUSIVE FECHADURA- FORNECIMENTO E INSTALAÇÃO. | E82: un | F82: 4 | G82: 687.72 | H82: 18.92 | I82: 809.78 | J82: =TRUNC(G82 * (1 + 20.5 / 100), 2) -> 828.7 | K82: =TRUNC(F82 * H82, 2) -> 75.68 | L82: =M82 - K82 -> 3239.12 | M82: =TRUNC(F82 * J82, 2) -> 3314.8 | N82: =M82 / 7467019.56 -> 0.00044392545
A83: 8.2.7 | B83: 90830 | C83: SINAPI | D83: FECHADURA DE EMBUTIR COM CILINDRO, EXTERNA, COMPLETA, ACABAMENTO PADRÃO MÉDIO, INCLUSO EXECUÇÃO DE FURO - FORNECIMENTO E INSTALAÇÃO. AF_12/2019 | E83: UN | F83: 18 | G83: 190.26 | H83: 34.16 | I83: 195.1 | J83: =TRUNC(G83 * (1 + 20.5 / 100), 2) -> 229.26 | K83: =TRUNC(F83 * H83, 2) -> 614.88 | L83: =M83 - K83 -> 3511.8 | M83: =TRUNC(F83 * J83, 2) -> 4126.68 | N83: =M83 / 7467019.56 -> 0.00055265424
A84: 8.3 | D84: ESQUADRIA DE ALUMINIO E VIDRO | M84: 203385.79 | N84: =M84 / 7467019.56 -> 0.027237881
A85: 8.3.1 | B85: 94573 | C85: SINAPI | D85: JANELA DE ALUMÍNIO DE CORRER COM 4 FOLHAS PARA VIDROS (VIDROS INCLUSOS), COM BANDEIRA, BATENTE/ REQUADRO 6 A 14 CM, ACABAMENTO COM ACETATO OU BRILHANTE, FIXAÇÃO COM PARAFUSO, SEM GUARNIÇÃO/ ALIZAR, DIMENSÕES 150X120 CM, VEDAÇÃO COM SILICONE, EXCLUSIVE CONTRAMARCO - FORNECIMENTO E INSTALAÇÃO. AF_11/2024 | E85: m² | F85: 141.5 | G85: 276.19 | H85: 11.05 | I85: 321.75 | J85: =TRUNC(G85 * (1 + 20.5 / 100), 2) -> 332.8 | K85: =TRUNC(F85 * H85, 2) -> 1563.57 | L85: =M85 - K85 -> 45527.63 | M85: =TRUNC(F85 * J85, 2) -> 47091.2 | N85: =M85 / 7467019.56 -> 0.0063065591
A86: 8.3.2 | B86: 94570 | C86: SINAPI | D86: JANELA DE ALUMÍNIO DE CORRER COM 2 FOLHAS PARA VIDROS (VIDROS INCLUSOS), BATENTE/ REQUADRO 6 A 14 CM, ACABAMENTO COM ACETATO OU BRILHANTE, FIXAÇÃO COM PARAFUSO, SEM GUARNIÇÃO/ ALIZAR, DIMENSÕES 100X120 CM, VEDAÇÃO COM SILICONE, EXCLUSIVE CONTRAMARCO - FORNECIMENTO E INSTALAÇÃO. AF_11/2024 | E86: m² | F86: 74.22 | G86: 249.73 | H86: 11.1 | I86: 289.82 | J86: =TRUNC(G86 * (1 + 20.5 / 100), 2) -> 300.92 | K86: =TRUNC(F86 * H86, 2) -> 823.84 | L86: =M86 - K86 -> 21510.44 | M86: =TRUNC(F86 * J86, 2) -> 22334.28 | N86: =M86 / 7467019.56 -> 0.0029910568
A87: 8.3.3 | B87: 91341 | C87: SINAPI | D87: PORTA EM ALUMÍNIO DE ABRIR TIPO VENEZIANA COM GUARNIÇÃO, FIXAÇÃO COM PARAFUSOS - FORNECIMENTO E INSTALAÇÃO. AF_10/2025 | E87: m² | F87: 54.75 | G87: 485.94 | H87: 13.55 | I87: 572 | J87: =TRUNC(G87 * (1 + 20.5 / 100), 2) -> 585.55 | K87: =TRUNC(F87 * H87, 2) -> 741.86 | L87: =M87 - K87 -> 31317 | M87: =TRUNC(F87 * J87, 2) -> 32058.86 | N87: =M87 / 7467019.56 -> 0.0042933944
A88: 8.3.4 | B88: 470 | C88: Próprio | D88: TELA EM POLIETILENO ANTI INSETO NA COR BRANCA 2X2MM FORMADO POR CANTONEIRA ALUMINIO 1X1/8 + BARRA CHATA ALUMINIO 7/8 X 1/8 | E88: m² | F88: 14.5 | G88: 100.05 | H88: 40.83 | I88: 79.73 | J88: =TRUNC(G88 * (1 + 20.5 / 100), 2) -> 120.56 | K88: =TRUNC(F88 * H88, 2) -> 592.03 | L88: =M88 - K88 -> 1156.09 | M88: =TRUNC(F88 * J88, 2) -> 1748.12 | N88: =M88 / 7467019.56 -> 0.00023411215
A89: 8.3.5 | B89: 471 | C89: Próprio | D89: GUARDA CORPO COM CORRIMÃO DUPLO DE AÇO GALVANIZADO D 1,1M , MONTANTES TUBULARES DE 1.1/4 ESPAÇADOS DE 1.2M, TRAVESSA SUPERIOR DE 1.1/2, GRADIL, FORMADO POR TUBOS HORIZONTAIS DE 1 E VERTICAIS DE /34, FIXADO COMCUMBADOR MECANICO | E89: M | F89: 26.8 | G89: 749.67 | H89: 308.28 | I89: 595.07 | J89: =TRUNC(G89 * (1 + 20.5 / 100), 2) -> 903.35 | K89: =TRUNC(F89 * H89, 2) -> 8261.9 | L89: =M89 - K89 -> 15947.88 | M89: =TRUNC(F89 * J89, 2) -> 24209.78 | N89: =M89 / 7467019.56 -> 0.003242228
A90: 8.3.6 | B90: 468 | C90: Próprio | D90: PORTÃO COM GRADIL NYLOFOR 3D, MALHA 20X5CM, DIM. 5MM 250X103CM, PINTURA BRANCA VERDE E PRETA, BELGO OU SIMILAR , INCLUI POSTES E ACESSÓRIOS | E90: m² | F90: 25.39 | G90: 202.46 | H90: 45.19 | I90: 198.77 | J90: =TRUNC(G90 * (1 + 20.5 / 100), 2) -> 243.96 | K90: =TRUNC(F90 * H90, 2) -> 1147.37 | L90: =M90 - K90 -> 5046.77 | M90: =TRUNC(F90 * J90, 2) -> 6194.14 | N90: =M90 / 7467019.56 -> 0.00082953312
A91: 8.3.7 | B91: 658 | C91: Próprio | D91: GRADIL NYLOFOR H=1.53 M INCLUSIVE POSTE OU EQUIVALENTE | E91: un | F91: 68.85 | G91: 300.53 | H91: 64.59 | I91: 297.54 | J91: =TRUNC(G91 * (1 + 20.5 / 100), 2) -> 362.13 | K91: =TRUNC(F91 * H91, 2) -> 4447.02 | L91: =M91 - K91 -> 20485.63 | M91: =TRUNC(F91 * J91, 2) -> 24932.65 | N91: =M91 / 7467019.56 -> 0.0033390364
A92: 8.3.8 | B92: 659 | C92: Próprio | D92: PORTA DE CORRER COM JANELA FIXA ( 3,0m x 2,50m) - P1 | E92: un | F92: 4 | G92: 2793.87 | H92: 94.52 | I92: 3272.09 | J92: =TRUNC(G92 * (1 + 20.5 / 100), 2) -> 3366.61 | K92: =TRUNC(F92 * H92, 2) -> 378.08 | L92: =M92 - K92 -> 13088.36 | M92: =TRUNC(F92 * J92, 2) -> 13466.44 | N92: =M92 / 7467019.56 -> 0.0018034558
A93: 8.3.9 | B93: 660 | C93: Próprio | D93: PORTA DE ABRI COM JANELA FIXA ( 1,25m x 2,50m) - P1A | E93: un | F93: 1 | G93: 1162.41 | H93: 39.32 | I93: 1361.38 | J93: =TRUNC(G93 * (1 + 20.5 / 100), 2) -> 1400.7 | K93: =TRUNC(F93 * H93, 2) -> 39.32 | L93: =M93 - K93 -> 1361.38 | M93: =TRUNC(F93 * J93, 2) -> 1400.7 | N93: =M93 / 7467019.56 -> 0.00018758488
A94: 8.3.10 | B94: 927 | C94: Próprio | D94: GRADIL NYLOFOR H=2.43 M INCLUSIVE POSTE OU EQUIVALENTE | E94: un | F94: 29.85 | G94: 423.33 | H94: 64.59 | I94: 445.52 | J94: =TRUNC(G94 * (1 + 20.5 / 100), 2) -> 510.11 | K94: =TRUNC(F94 * H94, 2) -> 1928.01 | L94: =M94 - K94 -> 13298.77 | M94: =TRUNC(F94 * J94, 2) -> 15226.78 | N94: =M94 / 7467019.56 -> 0.0020392045
A95: 8.3.11 | B95: 928 | C95: Próprio | D95: PORTÃO COM GRADIL NYLOFOR 3D, MALHA 20X5CM, DIM. 5MM 150X103CM, PINTURA BRANCA VERDE E PRETA, BELGO OU SIMILAR , INCLUI POSTES E ACESSÓRIOS | E95: un | F95: 4.8 | G95: 477.83 | H95: 45.19 | I95: 530.59 | J95: =TRUNC(G95 * (1 + 20.5 / 100), 2) -> 575.78 | K95: =TRUNC(F95 * H95, 2) -> 216.91 | L95: =M95 - K95 -> 2546.83 | M95: =TRUNC(F95 * J95, 2) -> 2763.74 | N95: =M95 / 7467019.56 -> 0.00037012626
A96: 8.3.12 | B96: 955 | C96: Próprio | D96: PORTA DE CORRER DE 04 FOLHAS EM VIDRO (DUAS FIXAS E DUAS MÓVEIS) PF-6 C/ FERRAGENS | E96: un | F96: 10 | G96: 992.46 | H96: 57.72 | I96: 1138.19 | J96: =TRUNC(G96 * (1 + 20.5 / 100), 2) -> 1195.91 | K96: =TRUNC(F96 * H96, 2) -> 577.2 | L96: =M96 - K96 -> 11381.9 | M96: =TRUNC(F96 * J96, 2) -> 11959.1 | N96: =M96 / 7467019.56 -> 0.0016015895
A97: 9 | D97: REVESTIMENTOS | M97: 780012.78 | N97: =M97 / 7467019.56 -> 0.10446106
A98: 9.1 | D98: PAREDES | M98: 368818.23 | N98: =M98 / 7467019.56 -> 0.049392964
A99: 9.1.1 | B99: 87879 | C99: SINAPI | D99: CHAPISCO APLICADO EM ALVENARIAS E ESTRUTURAS DE CONCRETO INTERNAS, COM COLHER DE PEDREIRO. ARGAMASSA TRAÇO 1:3 COM PREPARO EM BETONEIRA 400L. AF_10/2022 | E99: m² | F99: 3256.31 | G99: 4.44 | H99: 2.53 | I99: 2.82 | J99: =TRUNC(G99 * (1 + 20.5 / 100), 2) -> 5.35 | K99: =TRUNC(F99 * H99, 2) -> 8238.46 | L99: =M99 - K99 -> 9182.79 | M99: =TRUNC(F99 * J99, 2) -> 17421.25 | N99: =M99 / 7467019.56 -> 0.0023330929
A100: 9.1.2 | B100: 87529 | C100: SINAPI | D100: MASSA ÚNICA, EM ARGAMASSA TRAÇO 1:2:8, PREPARO MECÂNICO, APLICADA MANUALMENTE EM PAREDES INTERNAS DE AMBIENTES COM ÁREA ENTRE 5M² E 10M², E = 17,5MM, COM TALISCAS. AF_03/2024 | E100: m² | F100: 1886.31 | G100: 40.03 | H100: 19.33 | I100: 28.9 | J100: =TRUNC(G100 * (1 + 20.5 / 100), 2) -> 48.23 | K100: =TRUNC(F100 * H100, 2) -> 36462.37 | L100: =M100 - K100 -> 54514.36 | M100: =TRUNC(F100 * J100, 2) -> 90976.73 | N100: =M100 / 7467019.56 -> 0.012183808
A101: 9.1.3 | B101: 87535 | C101: SINAPI | D101: EMBOÇO, EM ARGAMASSA TRAÇO 1:2:8, PREPARO MECÂNICO, APLICADO MANUALMENTE EM PAREDES INTERNAS DE AMBIENTES COM ÁREA MAIOR QUE 10M², E = 17,5MM, COM TALISCAS. AF_03/2024 | E101: m² | F101: 1370 | G101: 36.11 | H101: 15.84 | I101: 27.67 | J101: =TRUNC(G101 * (1 + 20.5 / 100), 2) -> 43.51 | K101: =TRUNC(F101 * H101, 2) -> 21700.8 | L101: =M101 - K101 -> 37907.9 | M101: =TRUNC(F101 * J101, 2) -> 59608.7 | N101: =M101 / 7467019.56 -> 0.0079829307
...

Sheet Sintético c MO MAT EQ
D1: Obra | E1: Bancos | H1: B.D.I. | K1: Encargos Sociais
D2: CONSTRUÇÃO DE CRECHE 10 SALAS - FUNDAÇÃO RASA, NO DISTRITO DE UMARI, BOM JARDIM/PE | E2: SINAPI - 04/2025 - Pernambuco | H2: 20,5% | K2: Não Desonerado: embutido nos preços unitário dos insumos de mão de obra, de acordo com as bases.
A3: Planilha Orçamentária Sintética Com Valor do Material, Mão de Obra e Equipamento
A4: Item | B4: Código | C4: Banco | D4: Descrição | E4: Und | F4: Quant. | G4: Valor Unit | H4: Valor Unit com BDI | L4: Total | P4: Peso (%)
H5: M. O. | I5: EQ. | J5: MAT. | K5: Total | L5: M. O. | M5: EQ. | N5: MAT. | O5: Total
A6: 1 | D6: ADMINISTRAÇÃO LOCAL | O6: 334535.04 | P6: =O6 / 7467019.56 -> 0.044801683
A7: 1.1 | B7: 4975 | C7: Próprio | D7: ADMINISTRAÇÃO LOCAL CRECHE 10 SALAS | E7: un | F7: 1 | G7: 277622.44 | H7: 308645.28 | I7: 0 | J7: 25889.76 | K7: =TRUNC(G7 * (1 + 20.5 / 100), 2) -> 334535.04 | L7: =TRUNC(F7 * H7, 2) -> 308645.28 | M7: =TRUNC(F7 * I7, 2) -> 0 | N7: =TRUNC(F7 * J7, 2) -> 25889.76 | O7: =TRUNC(F7 * K7, 2) -> 334535.04 | P7: =O7 / 7467019.56 -> 0.044801683
A8: 2 | D8: TERRAPLENAGEM | O8: 1288606.7 | P8: =O8 / 7467019.56 -> 0.1725731
A9: 2.1 | B9: 102291 | C9: SINAPI | D9: ESCAVAÇÃO MECANIZADA DE VALA COM PROF. ATÉ 1,5 M (MÉDIA MONTANTE E JUSANTE/UMA COMPOSIÇÃO POR TRECHO), ESCAVADEIRA (0,8 M3), LARG. DE 1,5 M A 2,5 M, EM SOLO MOLE, LOCAIS COM BAIXO NÍVEL DE INTERFERÊNCIA. AF_09/2024 | E9: m³ | F9: 6806 | G9: 8.06 | H9: 1.93 | I9: 0 | J9: 7.78 | K9: =TRUNC(G9 * (1 + 20.5 / 100), 2) -> 9.71 | L9: =TRUNC(F9 * H9, 2) -> 13135.58 | M9: =TRUNC(F9 * I9, 2) -> 0 | N9: =TRUNC(F9 * J9, 2) -> 52950.68 | O9: =TRUNC(F9 * K9, 2) -> 66086.26 | P9: =O9 / 7467019.56 -> 0.0088504201
A10: 2.2 | B10: 104738 | C10: SINAPI | D10: ATERRO MECANIZADO DE VALA COM MINICARREGADEIRA, COM SOLO ARGILO-ARENOSO. AF_08/2023 | E10: m³ | F10: 1985.32 | G10: 80.36 | H10: 10.71 | I10: 0 | J10: 86.12 | K10: =TRUNC(G10 * (1 + 20.5 / 100), 2) -> 96.83 | L10: =TRUNC(F10 * H10, 2) -> 21262.77 | M10: =TRUNC(F10 * I10, 2) -> 0 | N10: =TRUNC(F10 * J10, 2) -> 170975.75 | O10: =TRUNC(F10 * K10, 2) -> 192238.53 | P10: =O10 / 7467019.56 -> 0.025745015
A11: 2.3 | B11: 95876 | C11: SINAPI | D11: TRANSPORTE COM CAMINHÃO BASCULANTE DE 14 M³, EM VIA URBANA PAVIMENTADA, DMT ATÉ 30 KM (UNIDADE: M3XKM). AF_07/2020 | E11: M3XKM | F11: 8860 | G11: 2.14 | H11: 0.2 | I11: 0 | J11: 2.37 | K11: =TRUNC(G11 * (1 + 20.5 / 100), 2) -> 2.57 | L11: =TRUNC(F11 * H11, 2) -> 1772 | M11: =TRUNC(F11 * I11, 2) -> 0 | N11: =TRUNC(F11 * J11, 2) -> 20998.2 | O11: =TRUNC(F11 * K11, 2) -> 22770.2 | P11: =O11 / 7467019.56 -> 0.0030494362
A12: 2.4 | B12: 103800 | C12: SINAPI | D12: PEDRA ARGAMASSADA COM CIMENTO E AREIA 1:3, 40% DE ARGAMASSA EM VOLUME - AREIA E PEDRA DE MÃO COMERCIAIS - FORNECIMENTO E ASSENTAMENTO. AF_08/2022 | E12: m³ | F12: 1589.06 | G12: 526.17 | H12: 190.65 | I12: 0 | J12: 443.38 | K12: =TRUNC(G12 * (1 + 20.5 / 100), 2) -> 634.03 | L12: =TRUNC(F12 * H12, 2) -> 302954.28 | M12: =TRUNC(F12 * I12, 2) -> 0 | N12: =TRUNC(F12 * J12, 2) -> 704557.42 | O12: =TRUNC(F12 * K12, 2) -> 1007511.7 | P12: =O12 / 7467019.56 -> 0.13492823
A13: 3 | D13: INSTALAÇÕES PROVISÓRIAS | O13: 139281.1 | P13: =O13 / 7467019.56 -> 0.018652837
A14: 3.1 | B14: 103689 | C14: SINAPI | D14: FORNECIMENTO E INSTALAÇÃO DE PLACA DE OBRA COM CHAPA GALVANIZADA E ESTRUTURA DE MADEIRA. AF_03/2022_PS | E14: m² | F14: 15 | G14: 465.96 | H14: 37 | I14: 0 | J14: 524.48 | K14: =TRUNC(G14 * (1 + 20.5 / 100), 2) -> 561.48 | L14: =TRUNC(F14 * H14, 2) -> 555 | M14: =TRUNC(F14 * I14, 2) -> 0 | N14: =TRUNC(F14 * J14, 2) -> 7867.2 | O14: =TRUNC(F14 * K14, 2) -> 8422.2 | P14: =O14 / 7467019.56 -> 0.0011279199
A15: 3.2 | B15: 344 | C15: Próprio | D15: LIGACAO PROVISORIA DE AGUA -PARA MEDICAO DE AGUA - ENTRADA PRINCIPAL, EM PVC SOLDÁVEL DN 25 (¾") FORNECIMENTO E INSTALAÇÃO (INCLUSIVE HIDRÔMETRO) | E15: un | F15: 1 | G15: 360.44 | H15: 78.75 | I15: 0 | J15: 355.58 | K15: =TRUNC(G15 * (1 + 20.5 / 100), 2) -> 434.33 | L15: =TRUNC(F15 * H15, 2) -> 78.75 | M15: =TRUNC(F15 * I15, 2) -> 0 | N15: =TRUNC(F15 * J15, 2) -> 355.58 | O15: =TRUNC(F15 * K15, 2) -> 434.33 | P15: =O15 / 7467019.56 -> 5.8166447e-05
A16: 3.3 | B16: 345 | C16: Próprio | D16: INSTALACAO/LIGACAO PROVISORIA ELETRICA BAIXA TENSAO P/CANTEIRO DE OBRA | E16: un | F16: 1 | G16: 2016.64 | H16: 1094.4 | I16: 0 | J16: 1335.65 | K16: =TRUNC(G16 * (1 + 20.5 / 100), 2) -> 2430.05 | L16: =TRUNC(F16 * H16, 2) -> 1094.4 | M16: =TRUNC(F16 * I16, 2) -> 0 | N16: =TRUNC(F16 * J16, 2) -> 1335.65 | O16: =TRUNC(F16 * K16, 2) -> 2430.05 | P16: =O16 / 7467019.56 -> 0.00032543774
A17: 3.4 | B17: 98459 | C17: SINAPI | D17: TAPUME COM TELHA METÁLICA. AF_03/2024 | E17: m² | F17: 480 | G17: 95.96 | H17: 30.28 | I17: 0 | J17: 85.35 | K17: =TRUNC(G17 * (1 + 20.5 / 100), 2) -> 115.63 | L17: =TRUNC(F17 * H17, 2) -> 14534.4 | M17: =TRUNC(F17 * I17, 2) -> 0 | N17: =TRUNC(F17 * J17, 2) -> 40968 | O17: =TRUNC(F17 * K17, 2) -> 55502.4 | P17: =O17 / 7467019.56 -> 0.0074330058
A18: 3.5 | B18: 99059 | C18: SINAPI | D18: LOCAÇÃO CONVENCIONAL DE OBRA, UTILIZANDO GABARITO DE TÁBUAS CORRIDAS PONTALETADAS A CADA 2,00M - 2 UTILIZAÇÕES. AF_03/2024 | E18: M | F18: 200 | G18: 67.09 | H18: 34.57 | I18: 0 | J18: 46.27 | K18: =TRUNC(G18 * (1 + 20.5 / 100), 2) -> 80.84 | L18: =TRUNC(F18 * H18, 2) -> 6914 | M18: =TRUNC(F18 * I18, 2) -> 0 | N18: =TRUNC(F18 * J18, 2) -> 9254 | O18: =TRUNC(F18 * K18, 2) -> 16168 | P18: =O18 / 7467019.56 -> 0.0021652548
A19: 3.6 | B19: 4976 | C19: Próprio | D19: MOBILIZAÇÃO CRECHE 10 SALAS | E19: un | F19: 1 | G19: 4164.69 | H19: 0 | I19: 0 | J19: 5018.45 | K19: =TRUNC(G19 * (1 + 20.5 / 100), 2) -> 5018.45 | L19: =TRUNC(F19 * H19, 2) -> 0 | M19: =TRUNC(F19 * I19, 2) -> 0 | N19: =TRUNC(F19 * J19, 2) -> 5018.45 | O19: =TRUNC(F19 * K19, 2) -> 5018.45 | P19: =O19 / 7467019.56 -> 0.00067208208
A20: 3.7 | B20: 4979 | C20: Próprio | D20: DESMOBILIZAÇÃO CRECHE 10 SALAS | E20: un | F20: 1 | G20: 4164.69 | H20: 0 | I20: 0 | J20: 5018.45 | K20: =TRUNC(G20 * (1 + 20.5 / 100), 2) -> 5018.45 | L20: =TRUNC(F20 * H20, 2) -> 0 | M20: =TRUNC(F20 * I20, 2) -> 0 | N20: =TRUNC(F20 * J20, 2) -> 5018.45 | O20: =TRUNC(F20 * K20, 2) -> 5018.45 | P20: =O20 / 7467019.56 -> 0.00067208208
A21: 3.8 | B21: 4981 | C21: Próprio | D21: ADESIVO PARA APLICAÇÃO EM TAPUME DE TELHA METÁLICA DE CONSTRUÇÃO | E21: un | F21: 119.13 | G21: 45 | H21: 0 | I21: 0 | J21: 54.22 | K21: =TRUNC(G21 * (1 + 20.5 / 100), 2) -> 54.22 | L21: =TRUNC(F21 * H21, 2) -> 0 | M21: =TRUNC(F21 * I21, 2) -> 0 | N21: =TRUNC(F21 * J21, 2) -> 6459.22 | O21: =TRUNC(F21 * K21, 2) -> 6459.22 | P21: =O21 / 7467019.56 -> 0.00086503322
A22: 3.9 | B22: 2069 | C22: Próprio | D22: LOCACAO DE CONTAINER 2,30 X 6,00 M, ALT. 2,50 M, COM 1 SANITARIO, PARA ESCRITORIO, COMPLETO, SEM DIVISORIAS INTERNAS (NAO INCLUI MOBILIZACAO/DESMOBILIZACAO) | E22: MES | F22: 24 | G22: 847.5 | H22: 0 | I22: 0 | J22: 1021.23 | K22: =TRUNC(G22 * (1 + 20.5 / 100), 2) -> 1021.23 | L22: =TRUNC(F22 * H22, 2) -> 0 | M22: =TRUNC(F22 * I22, 2) -> 0 | N22: =TRUNC(F22 * J22, 2) -> 24509.52 | O22: =TRUNC(F22 * K22, 2) -> 24509.52 | P22: =O22 / 7467019.56 -> 0.0032823699
A23: 3.10 | B23: 2068 | C23: Próprio | D23: LOCACAO DE CONTAINER 2,30 X 4,30 M, ALT. 2,50 M, P/ SANITARIO, C/ 5 BACIAS, 1 LAVATORIO E 4 MICTORIOS (NAO INCLUI MOBILIZACAO/DESMOBILIZACAO) | E23: MES | F23: 12 | G23: 1059.37 | H23: 0 | I23: 0 | J23: 1276.54 | K23: =TRUNC(G23 * (1 + 20.5 / 100), 2) -> 1276.54 | L23: =TRUNC(F23 * H23, 2) -> 0 | M23: =TRUNC(F23 * I23, 2) -> 0 | N23: =TRUNC(F23 * J23, 2) -> 15318.48 | O23: =TRUNC(F23 * K23, 2) -> 15318.48 | P23: =O23 / 7467019.56 -> 0.0020514852
A24: 4 | D24: INFRAESTRUTURA | O24: 236769.64 | P24: =O24 / 7467019.56 -> 0.031708721
A25: 4.1 | B25: 104916 | C25: SINAPI | D25: ARMAÇÃO DE SAPATA ISOLADA, VIGA BALDRAME E SAPATA CORRIDA UTILIZANDO AÇO CA-60 DE 5 MM - MONTAGEM. AF_01/2024 | E25: KG | F25: 519.82 | G25: 17 | H25: 7.2 | I25: 0 | J25: 13.28 | K25: =TRUNC(G25 * (1 + 20.5 / 100), 2) -> 20.48 | L25: =TRUNC(F25 * H25, 2) -> 3742.7 | M25: =TRUNC(F25 * I25, 2) -> 0 | N25: =TRUNC(F25 * J25, 2) -> 6903.2 | O25: =TRUNC(F25 * K25, 2) -> 10645.91 | P25: =O25 / 7467019.56 -> 0.0014257241
A26: 4.2 | B26: 104918 | C26: SINAPI | D26: ARMAÇÃO DE SAPATA ISOLADA, VIGA BALDRAME E SAPATA CORRIDA UTILIZANDO AÇO CA-50 DE 8 MM - MONTAGEM. AF_01/2024 | E26: KG | F26: 1239.09 | G26: 14.57 | H26: 3.84 | I26: 0 | J26: 13.71 | K26: =TRUNC(G26 * (1 + 20.5 / 100), 2) -> 17.55 | L26: =TRUNC(F26 * H26, 2) -> 4758.1 | M26: =TRUNC(F26 * I26, 2) -> 0 | N26: =TRUNC(F26 * J26, 2) -> 16987.92 | O26: =TRUNC(F26 * K26, 2) -> 21746.02 | P26: =O26 / 7467019.56 -> 0.0029122758
A27: 4.3 | B27: 104917 | C27: SINAPI | D27: ARMAÇÃO DE SAPATA ISOLADA, VIGA BALDRAME E SAPATA CORRIDA UTILIZANDO AÇO CA-50 DE 6,3 MM - MONTAGEM. AF_01/2024 | E27: KG | F27: 0.36 | G27: 15.75 | H27: 5.21 | I27: 0 | J27: 13.76 | K27: =TRUNC(G27 * (1 + 20.5 / 100), 2) -> 18.97 | L27: =TRUNC(F27 * H27, 2) -> 1.87 | M27: =TRUNC(F27 * I27, 2) -> 0 | N27: =TRUNC(F27 * J27, 2) -> 4.95 | O27: =TRUNC(F27 * K27, 2) -> 6.82 | P27: =O27 / 7467019.56 -> 9.1334969e-07
A28: 4.4 | B28: 104919 | C28: SINAPI | D28: ARMAÇÃO DE SAPATA ISOLADA, VIGA BALDRAME E SAPATA CORRIDA UTILIZANDO AÇO CA-50 DE 10 MM - MONTAGEM. AF_01/2024 | E28: KG | F28: 557.09 | G28: 12.95 | H28: 2.91 | I28: 0 | J28: 12.69 | K28: =TRUNC(G28 * (1 + 20.5 / 100), 2) -> 15.6 | L28: =TRUNC(F28 * H28, 2) -> 1621.13 | M28: =TRUNC(F28 * I28, 2) -> 0 | N28: =TRUNC(F28 * J28, 2) -> 7069.47 | O28: =TRUNC(F28 * K28, 2) -> 8690.6 | P28: =O28 / 7467019.56 -> 0.0011638646
A29: 4.5 | B29: 104920 | C29: SINAPI | D29: ARMAÇÃO DE BLOCO, SAPATA ISOLADA, VIGA BALDRAME E SAPATA CORRIDA UTILIZANDO AÇO CA-50 DE 12,5 MM - MONTAGEM. AF_01/2024 | E29: KG | F29: 412.64 | G29: 10.95 | H29: 2.25 | I29: 0 | J29: 10.94 | K29: =TRUNC(G29 * (1 + 20.5 / 100), 2) -> 13.19 | L29: =TRUNC(F29 * H29, 2) -> 928.44 | M29: =TRUNC(F29 * I29, 2) -> 0 | N29: =TRUNC(F29 * J29, 2) -> 4514.28 | O29: =TRUNC(F29 * K29, 2) -> 5442.72 | P29: =O29 / 7467019.56 -> 0.00072890126
A30: 4.6 | B30: 96558 | C30: SINAPI | D30: CONCRETAGEM DE SAPATA, FCK 30 MPA, COM USO DE BOMBA - LANÇAMENTO, ADENSAMENTO E ACABAMENTO. AF_01/2024 | E30: m³ | F30: 21.15 | G30: 702.57 | H30: 32.21 | I30: 0 | J30: 814.38 | K30: =TRUNC(G30 * (1 + 20.5 / 100), 2) -> 846.59 | L30: =TRUNC(F30 * H30, 2) -> 681.24 | M30: =TRUNC(F30 * I30, 2) -> 0 | N30: =TRUNC(F30 * J30, 2) -> 17224.13 | O30: =TRUNC(F30 * K30, 2) -> 17905.37 | P30: =O30 / 7467019.56 -> 0.0023979273
A31: 4.7 | B31: 96538 | C31: SINAPI | D31: FABRICAÇÃO, MONTAGEM E DESMONTAGEM DE FÔRMA PARA SAPATA, EM CHAPA DE MADEIRA COMPENSADA RESINADA, E=17 MM, 2 UTILIZAÇÕES. AF_01/2024 | E31: m² | F31: 99.25 | G31: 248.52 | H31: 146.82 | I31: 0 | J31: 152.64 | K31: =TRUNC(G31 * (1 + 20.5 / 100), 2) -> 299.46 | L31: =TRUNC(F31 * H31, 2) -> 14571.88 | M31: =TRUNC(F31 * I31, 2) -> 0 | N31: =TRUNC(F31 * J31, 2) -> 15149.52 | O31: =TRUNC(F31 * K31, 2) -> 29721.4 | P31: =O31 / 7467019.56 -> 0.0039803565
A32: 4.8 | B32: 96616 | C32: SINAPI | D32: LASTRO DE CONCRETO MAGRO, APLICADO EM BLOCOS DE COROAMENTO OU SAPATAS. AF_01/2024 | E32: m³ | F32: 6.35 | G32: 809.8 | H32: 313.65 | I32: 0 | J32: 662.15 | K32: =TRUNC(G32 * (1 + 20.5 / 100), 2) -> 975.8 | L32: =TRUNC(F32 * H32, 2) -> 1991.67 | M32: =TRUNC(F32 * I32, 2) -> 0 | N32: =TRUNC(F32 * J32, 2) -> 4204.65 | O32: =TRUNC(F32 * K32, 2) -> 6196.33 | P32: =O32 / 7467019.56 -> 0.00082982641
A33: 4.9 | B33: 96521 | C33: SINAPI | D33: ESCAVAÇÃO MECANIZADA PARA BLOCO DE COROAMENTO OU SAPATA COM RETROESCAVADEIRA (INCLUINDO ESCAVAÇÃO PARA COLOCAÇÃO DE FÔRMAS). AF_01/2024 | E33: m³ | F33: 228.54 | G33: 40.6 | H33: 13.24 | I33: 0 | J33: 35.68 | K33: =TRUNC(G33 * (1 + 20.5 / 100), 2) -> 48.92 | L33: =TRUNC(F33 * H33, 2) -> 3025.86 | M33: =TRUNC(F33 * I33, 2) -> 0 | N33: =TRUNC(F33 * J33, 2) -> 8154.3 | O33: =TRUNC(F33 * K33, 2) -> 11180.17 | P33: =O33 / 7467019.56 -> 0.0014972734
A34: 4.10 | B34: 96527 | C34: SINAPI | D34: ESCAVAÇÃO MANUAL PARA VIGA BALDRAME OU SAPATA CORRIDA (INCLUINDO ESCAVAÇÃO PARA COLOCAÇÃO DE FÔRMAS). AF_01/2024 | E34: m³ | F34: 74.75 | G34: 109.11 | H34: 94.06 | I34: 0 | J34: 37.41 | K34: =TRUNC(G34 * (1 + 20.5 / 100), 2) -> 131.47 | L34: =TRUNC(F34 * H34, 2) -> 7030.98 | M34: =TRUNC(F34 * I34, 2) -> 0 | N34: =TRUNC(F34 * J34, 2) -> 2796.39 | O34: =TRUNC(F34 * K34, 2) -> 9827.38 | P34: =O34 / 7467019.56 -> 0.0013161048
A35: 4.11 | B35: 104741 | C35: SINAPI | D35: REATERRO MECANIZADO DE VALA COM MINICARREGADEIRA, COM PLACA VIBRATÓRIA. AF_08/2023 | E35: m³ | F35: 242.96 | G35: 23.21 | H35: 8.15 | I35: 0 | J35: 19.81 | K35: =TRUNC(G35 * (1 + 20.5 / 100), 2) -> 27.96 | L35: =TRUNC(F35 * H35, 2) -> 1980.12 | M35: =TRUNC(F35 * I35, 2) -> 0 | N35: =TRUNC(F35 * J35, 2) -> 4813.03 | O35: =TRUNC(F35 * K35, 2) -> 6793.16 | P35: =O35 / 7467019.56 -> 0.00090975522
A36: 4.12 | B36: 96557 | C36: SINAPI | D36: CONCRETAGEM DE BLOCO DE COROAMENTO OU VIGA BALDRAME, FCK 30 MPA, COM USO DE BOMBA - LANÇAMENTO, ADENSAMENTO E ACABAMENTO. AF_01/2024 | E36: m³ | F36: 32.83 | G36: 670.71 | H36: 18.32 | I36: 0 | J36: 789.88 | K36: =TRUNC(G36 * (1 + 20.5 / 100), 2) -> 808.2 | L36: =TRUNC(F36 * H36, 2) -> 601.44 | M36: =TRUNC(F36 * I36, 2) -> 0 | N36: =TRUNC(F36 * J36, 2) -> 25931.76 | O36: =TRUNC(F36 * K36, 2) -> 26533.2 | P36: =O36 / 7467019.56 -> 0.0035533856
... A38: 4.14 | B38: 98557 | C38: SINAPI | D38: IMPERMEABILIZAÇÃO DE SUPERFÍCIE COM EMULSÃO ASFÁLTICA, 2 DEMÃOS. AF_09/2023 | E38: m² | F38: 630.99 | G38: 46.12 | H38: 13.06 | I38: 0 | J38: 42.51 | K38: =TRUNC(G38 * (1 + 20.5 / 100), 2) -> 55.57 | L38: =TRUNC(F38 * H38, 2) -> 8240.72 | M38: =TRUNC(F38 * I38, 2) -> 0 | N38: =TRUNC(F38 * J38, 2) -> 26823.38 | O38: =TRUNC(F38 * K38, 2) -> 35064.11 | P38: =O38 / 7467019.56 -> 0.0046958642
A39: 5 | D39: SUPERESTRUTURA | O39: 577093.46 | P39: =O39 / 7467019.56 -> 0.07728565
A40: 5.1 | B40: 92762 | C40: SINAPI | D40: ARMAÇÃO DE PILAR OU VIGA DE ESTRUTURA CONVENCIONAL DE CONCRETO ARMADO UTILIZANDO AÇO CA-50 DE 10,0 MM - MONTAGEM. AF_06/2022 | E40: KG | F40: 1859.73 | G40: 11.23 | H40: 1.34 | I40: 0 | J40: 12.19 | K40: =TRUNC(G40 * (1 + 20.5 / 100), 2) -> 13.53 | L40: =TRUNC(F40 * H40, 2) -> 2492.03 | M40: =TRUNC(F40 * I40, 2) -> 0 | N40: =TRUNC(F40 * J40, 2) -> 22670.1 | O40: =TRUNC(F40 * K40, 2) -> 25162.14 | P40: =O40 / 7467019.56 -> 0.0033697702
A41: 5.2 | B41: 92763 | C41: SINAPI | D41: ARMAÇÃO DE PILAR OU VIGA DE ESTRUTURA CONVENCIONAL DE CONCRETO ARMADO UTILIZANDO AÇO CA-50 DE 12,5 MM - MONTAGEM. AF_06/2022 | E41: KG | F41: 154.73 | G41: 9.4 | H41: 0.86 | I41: 0 | J41: 10.46 | K41: =TRUNC(G41 * (1 + 20.5 / 100), 2) -> 11.32 | L41: =TRUNC(F41 * H41, 2) -> 133.06 | M41: =TRUNC(F41 * I41, 2) -> 0 | N41: =TRUNC(F41 * J41, 2) -> 1618.47 | O41: =TRUNC(F41 * K41, 2) -> 1751.54 | P41: =O41 / 7467019.56 -> 0.00023457016
A42: 5.3 | B42: 92759 | C42: SINAPI | D42: ARMAÇÃO DE PILAR OU VIGA DE ESTRUTURA CONVENCIONAL DE CONCRETO ARMADO UTILIZANDO AÇO CA-60 DE 5,0 MM - MONTAGEM. AF_06/2022 | E42: KG | F42: 1157.45 | G42: 14.3 | H42: 4.74 | I42: 0 | J42: 12.49 | K42: =TRUNC(G42 * (1 + 20.5 / 100), 2) -> 17.23 | L42: =TRUNC(F42 * H42, 2) -> 5486.31 | M42: =TRUNC(F42 * I42, 2) -> 0 | N42: =TRUNC(F42 * J42, 2) -> 14456.55 | O42: =TRUNC(F42 * K42, 2) -> 19942.86 | P42: =O42 / 7467019.56 -> 0.0026707925
A43: 5.4 | B43: 92761 | C43: SINAPI | D43: ARMAÇÃO DE PILAR OU VIGA DE ESTRUTURA CONVENCIONAL DE CONCRETO ARMADO UTILIZANDO AÇO CA-50 DE 8,0 MM - MONTAGEM. AF_06/2022 | E43: KG | F43: 966.45 | G43: 12.6 | H43: 2.05 | I43: 0 | J43: 13.13 | K43: =TRUNC(G43 * (1 + 20.5 / 100), 2) -> 15.18 | L43: =TRUNC(F43 * H43, 2) -> 1981.22 | M43: =TRUNC(F43 * I43, 2) -> 0 | N43: =TRUNC(F43 * J43, 2) -> 12689.48 | O43: =TRUNC(F43 * K43, 2) -> 14670.71 | P43: =O43 / 7467019.56 -> 0.0019647344
A44: 5.5 | B44: 92760 | C44: SINAPI | D44: ARMAÇÃO DE PILAR OU VIGA DE ESTRUTURA CONVENCIONAL DE CONCRETO ARMADO UTILIZANDO AÇO CA-50 DE 6,3 MM - MONTAGEM. AF_06/2022 | E44: KG | F44: 5 | G44: 13.47 | H44: 3.13 | I44: 0 | J44: 13.1 | K44: =TRUNC(G44 * (1 + 20.5 / 100), 2) -> 16.23 | L44: =TRUNC(F44 * H44, 2) -> 15.65 | M44: =TRUNC(F44 * I44, 2) -> 0 | N44: =TRUNC(F44 * J44, 2) -> 65.5 | O44: =TRUNC(F44 * K44, 2) -> 81.15 | P44: =O44 / 7467019.56 -> 1.086779e-05
A45: 5.6 | B45: 92456 | C45: SINAPI | D45: MONTAGEM E DESMONTAGEM DE FÔRMA DE VIGA, ESCORAMENTO METÁLICO, PÉ-DIREITO SIMPLES, EM CHAPA DE MADEIRA RESINADA, 4 UTILIZAÇÕES. AF_09/2020 | E45: m² | F45: 615.54 | G45: 158.33 | H45: 61.86 | I45: 50.25 | J45: 78.67 | K45: =TRUNC(G45 * (1 + 20.5 / 100), 2) -> 190.78 | L45: =TRUNC(F45 * H45, 2) -> 38077.3 | M45: =TRUNC(F45 * I45, 2) -> 30930.88 | N45: =TRUNC(F45 * J45, 2) -> 48424.53 | O45: =TRUNC(F45 * K45, 2) -> 117432.72 | P45: =O45 / 7467019.56 -> 0.015726853
A46: 5.7 | B46: 92419 | C46: SINAPI | D46: MONTAGEM E DESMONTAGEM DE FÔRMA DE PILARES RETANGULARES E ESTRUTURAS SIMILARES, PÉ-DIREITO SIMPLES, EM CHAPA DE MADEIRA COMPENSADA RESINADA, 4 UTILIZAÇÕES. AF_09/2020 | E46: m² | F46: 429.79 | G46: 92.18 | H46: 36.46 | I46: 19.47 | J46: 55.14 | K46: =TRUNC(G46 * (1 + 20.5 / 100), 2) -> 111.07 | L46: =TRUNC(F46 * H46, 2) -> 15670.14 | M46: =TRUNC(F46 * I46, 2) -> 8368.01 | N46: =TRUNC(F46 * J46, 2) -> 23698.62 | O46: =TRUNC(F46 * K46, 2) -> 47736.77 | P46: =O46 / 7467019.56 -> 0.0063930153
A47: 5.8 | B47: 3060 | C47: Próprio | D47: LAJE PRÉ-MOLDADA UNIDIRECIONAL B16, BIAPOIADA, PARA FORRO OU PISO, ENCHIMENTO EM EPS 40x40, VIGOTA CONVENCIONAL, ALTURA TOTAL DA LAJE (ENCHIMENTO+CAPA) = (12+4) | E47: m² | F47: 1094.9 | G47: 190.49 | H47: 43.39 | I47: 0 | J47: 186.15 | K47: =TRUNC(G47 * (1 + 20.5 / 100), 2) -> 229.54 | L47: =TRUNC(F47 * H47, 2) -> 47507.71 | M47: =TRUNC(F47 * I47, 2) -> 0 | N47: =TRUNC(F47 * J47, 2) -> 203815.63 | O47: =TRUNC(F47 * K47, 2) -> 251323.34 | P47: =O47 / 7467019.56 -> 0.033657785
A48: 5.9 | B48: 604 | C48: Próprio | D48: CONCRETAGEM DE PILARES, VIGAS E LAJES (PRE MOLDADAS OU MACIÇA) FCK = 30 MPA, COM USO DE BOMBA EM EDIFICAÇÃO - LANÇAMENTO, ADENSAMENTO E ACABAMENTO. | E48: m³ | F48: 75.56 | G48: 576.13 | H48: 41.31 | I48: 0 | J48: 652.92 | K48: =TRUNC(G48 * (1 + 20.5 / 100), 2) -> 694.23 | L48: =TRUNC(F48 * H48, 2) -> 3121.38 | M48: =TRUNC(F48 * I48, 2) -> 0 | N48: =TRUNC(F48 * J48, 2) -> 49334.63 | O48: =TRUNC(F48 * K48, 2) -> 52456.01 | P48: =O48 / 7467019.56 -> 0.0070250265
A49: 5.10 | B49: 97090 | C49: SINAPI | D49: ARMAÇÃO PARA EXECUÇÃO DE RADIER, PISO DE CONCRETO OU LAJE SOBRE SOLO, COM USO DE TELA Q-138. AF_09/2021 | E49: KG | F49: 2745.5 | G49: 14.07 | H49: 0.99 | I49: 0 | J49: 15.96 | K49: =TRUNC(G49 * (1 + 20.5 / 100), 2) -> 16.95 | L49: =TRUNC(F49 * H49, 2) -> 2718.04 | M49: =TRUNC(F49 * I49, 2) -> 0 | N49: =TRUNC(F49 * J49, 2) -> 43818.18 | O49: =TRUNC(F49 * K49, 2) -> 46536.22 | P49: =O49 / 7467019.56 -> 0.0062322349
A50: 6 | D50: PAREDES E DIVISÓRIAS | O50: 356105.95 | P50: =O50 / 7467019.56 -> 0.047690507
A51: 6.1 | B51: 103330 | C51: SINAPI | D51: ALVENARIA DE VEDAÇÃO DE BLOCOS CERÂMICOS FURADOS NA HORIZONTAL DE 11,5X19X19 CM (ESPESSURA 11,5 CM) E ARGAMASSA DE ASSENTAMENTO COM PREPARO EM BETONEIRA. AF_12/2021 | E51: m² | F51: 1628.16 | G51: 78.94 | H51: 43.4 | I51: 0 | J51: 51.72 | K51: =TRUNC(G51 * (1 + 20.5 / 100), 2) -> 95.12 | L51: =TRUNC(F51 * H51, 2) -> 70662.14 | M51: =TRUNC(F51 * I51, 2) -> 0 | N51: =TRUNC(F51 * J51, 2) -> 84208.43 | O51: =TRUNC(F51 * K51, 2) -> 154870.57 | P51: =O51 / 7467019.56 -> 0.020740614
A52: 6.2 | B52: 101161 | C52: SINAPI | D52: ALVENARIA DE VEDAÇÃO COM ELEMENTO VAZADO DE CONCRETO (COBOGÓ) DE 7X50X50CM E ARGAMASSA DE ASSENTAMENTO COM PREPARO EM BETONEIRA. AF_05/2020 | E52: m² | F52: 18.83 | G52: 226.45 | H52: 73.53 | I52: 0 | J52: 199.34 | K52: =TRUNC(G52 * (1 + 20.5 / 100), 2) -> 272.87 | L52: =TRUNC(F52 * H52, 2) -> 1384.56 | M52: =TRUNC(F52 * I52, 2) -> 0 | N52: =TRUNC(F52 * J52, 2) -> 3753.57 | O52: =TRUNC(F52 * K52, 2) -> 5138.14 | P52: =O52 / 7467019.56 -> 0.00068811123
A53: 6.3 | B53: 350 | C53: Próprio | D53: MURO EM ALVENARIA BLOCO CERÂMICO, E= 0,09M, C/ ALV DE PEDRA GRANÍTICA, 0,35 X 0,60M, COLUNAS (9X20CM) E CINTAMENTO (9X15CM) SUPERIOR E INFERIOR CONCRETO ARMADO FCK = 20,0 MPA CADA 3,00M, CHAPISCO E REBOCO | E53: m² | F53: 414.18 | G53: 229 | H53: 90.21 | I53: 0 | J53: 185.73 | K53: =TRUNC(G53 * (1 + 20.5 / 100), 2) -> 275.94 | L53: =TRUNC(F53 * H53, 2) -> 37363.17 | M53: =TRUNC(F53 * I53, 2) -> 0 | N53: =TRUNC(F53 * J53, 2) -> 76925.65 | O53: =TRUNC(F53 * K53, 2) -> 114288.82 | P53: =O53 / 7467019.56 -> 0.015305815
A54: 6.4 | B54: 101966 | C54: SINAPI | D54: CHAPIM SOBRE MUROS LINEARES, EM GRANITO OU MÁRMORE, L = 25 CM, ASSENTADO COM ARGAMASSA 1:6 COM ADITIVO. AF_11/2020 | E54: M | F54: 180.6 | G54: 197.64 | H54: 11.32 | I54: 0 | J54: 226.83 | K54: =TRUNC(G54 * (1 + 20.5 / 100), 2) -> 238.15 | L54: =TRUNC(F54 * H54, 2) -> 2044.39 | M54: =TRUNC(F54 * I54, 2) -> 0 | N54: =TRUNC(F54 * J54, 2) -> 40965.49 | O54: =TRUNC(F54 * K54, 2) -> 43009.89 | P54: =O54 / 7467019.56 -> 0.0057599809
A55: 6.5 | B55: 102253 | C55: SINAPI | D55: DIVISORIA SANITÁRIA, TIPO CABINE, EM GRANITO CINZA POLIDO, ESP = 3CM, ASSENTADO COM ARGAMASSA COLANTE AC III-E, EXCLUSIVE FERRAGENS. AF_01/2021 | E55: m² | F55: 14.63 | G55: 1058.51 | H55: 81.04 | I55: 0 | J55: 1194.46 | K55: =TRUNC(G55 * (1 + 20.5 / 100), 2) -> 1275.5 | L55: =TRUNC(F55 * H55, 2) -> 1185.61 | M55: =TRUNC(F55 * I55, 2) -> 0 | N55: =TRUNC(F55 * J55, 2) -> 17474.94 | O55: =TRUNC(F55 * K55, 2) -> 18660.56 | P55: =O55 / 7467019.56 -> 0.002499064
A56: 6.6 | B56: 103324 | C56: SINAPI | D56: ALVENARIA DE VEDAÇÃO DE BLOCOS CERÂMICOS FURADOS NA VERTICAL DE 14X19X39 CM (ESPESSURA 14 CM) E ARGAMASSA DE ASSENTAMENTO COM PREPARO EM BETONEIRA. AF_12/2021 | E56: m² | F56: 33.73 | G56: 74.08 | H56: 31.5 | I56: 0 | J56: 57.76 | K56: =TRUNC(G56 * (1 + 20.5 / 100), 2) -> 89.26 | L56: =TRUNC(F56 * H56, 2) -> 1062.49 | M56: =TRUNC(F56 * I56, 2) -> 0 | N56: =TRUNC(F56 * J56, 2) -> 1948.24 | O56: =TRUNC(F56 * K56, 2) -> 3010.73 | P56: =O56 / 7467019.56 -> 0.00040320371
A57: 6.7 | B57: 93202 | C57: SINAPI | D57: FIXAÇÃO (ENCUNHAMENTO) DE ALVENARIA DE VEDAÇÃO COM TIJOLO MACIÇO. AF_03/2024 | E57: M | F57: 522.65 | G57: 27.2 | H57: 16.89 | I57: 0 | J57: 15.88 | K57: =TRUNC(G57 * (1 + 20.5 / 100), 2) -> 32.77 | L57: =TRUNC(F57 * H57, 2) -> 8827.55 | M57: =TRUNC(F57 * I57, 2) -> 0 | N57: =TRUNC(F57 * J57, 2) -> 8299.68 | O57: =TRUNC(F57 * K57, 2) -> 17127.24 | P57: =O57 / 7467019.56 -> 0.0022937184
A58: 7 | D58: COBERTURA E IMPERMEABILIZAÇÃO | O58: 554285.99 | P58: =O58 / 7467019.56 -> 0.074231222
A59: 7.1 | B59: 101964 | C59: SINAPI | D59: LAJE PRÉ-MOLDADA UNIDIRECIONAL, BIAPOIADA, PARA FORRO, ENCHIMENTO EM CERÂMICA, VIGOTA CONVENCIONAL, ALTURA TOTAL DA LAJE (ENCHIMENTO+CAPA) = (8+3). AF_11/2020 | E59: m² | F59: 12.06 | G59: 193.32 | H59: 31.2 | I59: 0 | J59: 201.75 | K59: =TRUNC(G59 * (1 + 20.5 / 100), 2) -> 232.95 | L59: =TRUNC(F59 * H59, 2) -> 376.27 | M59: =TRUNC(F59 * I59, 2) -> 0 | N59: =TRUNC(F59 * J59, 2) -> 2433.1 | O59: =TRUNC(F59 * K59, 2) -> 2809.37 | P59: =O59 / 7467019.56 -> 0.00037623713
A60: 7.2 | B60: 3120 | C60: Próprio | D60: ESTRUTURA TRELIÇADA DE COBERTURA, TIPO FINK, COM LIGAÇÕES SOLDADAS, INCLUSOS PERFIS METÁLICOS, CHAPAS METÁLICAS, MÃO DE OBRA E TRANSPORTE COM GUINDASTE - FORNECIMENTO E INSTALAÇÃO. AF_01/2020_PSA | E60: KG | F60: 3465.64 | G60: 14.39 | H60: 0.55 | I60: 0 | J60: 16.78 | K60: =TRUNC(G60 * (1 + 20.5 / 100), 2) -> 17.33 | L60: =TRUNC(F60 * H60, 2) -> 1906.1 | M60: =TRUNC(F60 * I60, 2) -> 0 | N60: =TRUNC(F60 * J60, 2) -> 58153.43 | O60: =TRUNC(F60 * K60, 2) -> 60059.54 | P60: =O60 / 7467019.56 -> 0.0080433082
A61: 7.3 | B61: 94216 | C61: SINAPI | D61: TELHAMENTO COM TELHA METÁLICA TERMOACÚSTICA E = 30 MM, COM ATÉ 2 ÁGUAS, INCLUSO IÇAMENTO. AF_07/2019 | E61: m² | F61: 1037.26 | G61: 209.55 | H61: 2.61 | I61: 0 | J61: 249.89 | K61: =TRUNC(G61 * (1 + 20.5 / 100), 2) -> 252.5 | L61: =TRUNC(F61 * H61, 2) -> 2707.24 | M61: =TRUNC(F61 * I61, 2) -> 0 | N61: =TRUNC(F61 * J61, 2) -> 259200.9 | O61: =TRUNC(F61 * K61, 2) -> 261908.15 | P61: =O61 / 7467019.56 -> 0.035075327
A62: 7.4 | B62: 101979 | C62: SINAPI | D62: CHAPIM (RUFO CAPA) EM AÇO GALVANIZADO, CORTE 33. AF_11/2020 | E62: M | F62: 134.65 | G62: 39.55 | H62: 6.34 | I62: 0 | J62: 41.31 | K62: =TRUNC(G62 * (1 + 20.5 / 100), 2) -> 47.65 | L62: =TRUNC(F62 * H62, 2) -> 853.68 | M62: =TRUNC(F62 * I62, 2) -> 0 | N62: =TRUNC(F62 * J62, 2) -> 5562.39 | O62: =TRUNC(F62 * K62, 2) -> 6416.07 | P62: =O62 / 7467019.56 -> 0.00085925448
A63: 7.5 | B63: 94229 | C63: SINAPI | D63: CALHA EM CHAPA DE AÇO GALVANIZADO NÚMERO 24, DESENVOLVIMENTO DE 100 CM, INCLUSO TRANSPORTE VERTICAL. AF_07/2019 | E63: M | F63: 85.1 | G63: 148.82 | H63: 26.44 | I63: 0 | J63: 152.88 | K63: =TRUNC(G63 * (1 + 20.5 / 100), 2) -> 179.32 | L63: =TRUNC(F63 * H63, 2) -> 2250.04 | M63: =TRUNC(F63 * I63, 2) -> 0 | N63: =TRUNC(F63 * J63, 2) -> 13010.08 | O63: =TRUNC(F63 * K63, 2) -> 15260.13 | P63: =O63 / 7467019.56 -> 0.0020436708
A64: 7.6 | B64: 98680 | C64: SINAPI | D64: PISO CIMENTADO, TRAÇO 1:5 (CIMENTO E AREIA), ACABAMENTO LISO, ESPESSURA 3,0 CM, PREPARO MECÂNICO DA ARGAMASSA. AF_02/2026 | E64: m² | F64: 385.93 | G64: 46.99 | H64: 17.41 | I64: 0 | J64: 39.21 | K64: =TRUNC(G64 * (1 + 20.5 / 100), 2) -> 56.62 | L64: =TRUNC(F64 * H64, 2) -> 6719.04 | M64: =TRUNC(F64 * I64, 2) -> 0 | N64: =TRUNC(F64 * J64, 2) -> 15132.31 | O64: =TRUNC(F64 * K64, 2) -> 21851.35 | P64: =O64 / 7467019.56 -> 0.0029263818
A65: 7.7 | B65: 98546 | C65: SINAPI | D65: IMPERMEABILIZAÇÃO DE SUPERFÍCIE COM MANTA ASFÁLTICA, UMA CAMADA, INCLUSIVE APLICAÇÃO DE PRIMER ASFÁLTICO, E=4MM. AF_09/2023 | E65: m² | F65: 460.06 | G65: 136.85 | H65: 28.36 | I65: 0 | J65: 136.54 | K65: =TRUNC(G65 * (1 + 20.5 / 100), 2) -> 164.9 | L65: =TRUNC(F65 * H65, 2) -> 13047.3 | M65: =TRUNC(F65 * I65, 2) -> 0 | N65: =TRUNC(F65 * J65, 2) -> 62816.59 | O65: =TRUNC(F65 * K65, 2) -> 75863.89 | P65: =O65 / 7467019.56 -> 0.010159862
A66: 7.8 | B66: 98563 | C66: SINAPI | D66: PROTEÇÃO MECÂNICA DE SUPERFÍCIE HORIZONTAL COM ARGAMASSA DE CIMENTO E AREIA, TRAÇO 1:3, E=2CM. AF_09/2023 | E66: m² | F66: 385.93 | G66: 38.53 | H66: 19.31 | I66: 0 | J66: 27.11 | K66: =TRUNC(G66 * (1 + 20.5 / 100), 2) -> 46.42 | L66: =TRUNC(F66 * H66, 2) -> 7452.3 | M66: =TRUNC(F66 * I66, 2) -> 0 | N66: =TRUNC(F66 * J66, 2) -> 10462.56 | O66: =TRUNC(F66 * K66, 2) -> 17914.87 | P66: =O66 / 7467019.56 -> 0.0023991996
A67: 7.9 | B67: 98558 | C67: SINAPI | D67: TRATAMENTO DE RALO OU PONTO EMERGENTE COM ARGAMASSA POLIMÉRICA / MEMBRANA ACRÍLICA REFORÇADO COM TELA DE POLIÉSTER (MAV). AF_09/2023 | E67: UN | F67: 21 | G67: 10.09 | H67: 4.12 | I67: 0 | J67: 8.03 | K67: =TRUNC(G67 * (1 + 20.5 / 100), 2) -> 12.15 | L67: =TRUNC(F67 * H67, 2) -> 86.52 | M67: =TRUNC(F67 * I67, 2) -> 0 | N67: =TRUNC(F67 * J67, 2) -> 168.63 | O67: =TRUNC(F67 * K67, 2) -> 255.15 | P67: =O67 / 7467019.56 -> 3.417026e-05
A68: 7.10 | B68: 94231 | C68: SINAPI | D68: RUFO EM CHAPA DE AÇO GALVANIZADO NÚMERO 24, CORTE DE 25 CM, INCLUSO TRANSPORTE VERTICAL. AF_07/2019 | E68: M | F68: 473.5 | G68: 46.74 | H68: 7.4 | I68: 0 | J68: 48.92 | K68: =TRUNC(G68 * (1 + 20.5 / 100), 2) -> 56.32 | L68: =TRUNC(F68 * H68, 2) -> 3503.9 | M68: =TRUNC(F68 * I68, 2) -> 0 | N68: =TRUNC(F68 * J68, 2) -> 23163.62 | O68: =TRUNC(F68 * K68, 2) -> 26667.52 | P68: =O68 / 7467019.56 -> 0.0035713741
A69: 7.11 | B69: 103314 | C69: SINAPI | D69: INSTALAÇÃO DE PERGOLADO DE MADEIRA, EM MAÇARANDUBA, ANGELIM OU EQUIVALENTE DA REGIÃO, FIXADO COM CONCRETO SOBRE PISO DE CONCRETO EXISTENTE. AF_11/2021 | E69: m² | F69: 20.45 | G69: 285.18 | H69: 28.61 | I69: 0 | J69: 315.03 | K69: =TRUNC(G69 * (1 + 20.5 / 100), 2) -> 343.64 | L69: =TRUNC(F69 * H69, 2) -> 585.07 | M69: =TRUNC(F69 * I69, 2) -> 0 | N69: =TRUNC(F69 * J69, 2) -> 6442.36 | O69: =TRUNC(F69 * K69, 2) -> 7027.43 | P69: =O69 / 7467019.56 -> 0.00094112918
A70: 7.12 | B70: 92580 | C70: SINAPI | D70: TRAMA DE AÇO COMPOSTA POR TERÇAS PARA TELHADOS DE ATÉ 2 ÁGUAS PARA TELHA ONDULADA DE FIBROCIMENTO, METÁLICA, PLÁSTICA OU TERMOACÚSTICA, INCLUSO TRANSPORTE VERTICAL. AF_07/2019 | E70: m² | F70: 1037.26 | G70: 46.61 | H70: 6.31 | I70: 0 | J70: 49.85 | K70: =TRUNC(G70 * (1 + 20.5 / 100), 2) -> 56.16 | L70: =TRUNC(F70 * H70, 2) -> 6545.11 | M70: =TRUNC(F70 * I70, 2) -> 0 | N70: =TRUNC(F70 * J70, 2) -> 51707.41 | O70: =TRUNC(F70 * K70, 2) -> 58252.52 | P70: =O70 / 7467019.56 -> 0.0078013081
A71: 8 | D71: PORTAS E ESQUADRIAS | O71: 263515.88 | P71: =O71 / 7467019.56 -> 0.035290637
A72: 8.1 | D72: VERGAS E CONTRAVERGAS | O72: 34727.24 | P72: =O72 / 7467019.56 -> 0.0046507498
A73: 8.1.1 | B73: 93187 | C73: SINAPI | D73: VERGA MOLDADA IN LOCO EM CONCRETO, ESPESSURA DE *20* CM. AF_03/2024 | E73: M | F73: 229.6 | G73: 77.94 | H73: 28.9 | I73: 0 | J73: 65.01 | K73: =TRUNC(G73 * (1 + 20.5 / 100), 2) -> 93.91 | L73: =TRUNC(F73 * H73, 2) -> 6635.44 | M73: =TRUNC(F73 * I73, 2) -> 0 | N73: =TRUNC(F73 * J73, 2) -> 14926.29 | O73: =TRUNC(F73 * K73, 2) -> 21561.73 | P73: =O73 / 7467019.56 -> 0.0028875952
A74: 8.1.2 | B74: 93197 | C74: SINAPI | D74: CONTRAVERGA MOLDADA IN LOCO EM CONCRETO, ESPESSURA DE *20* CM. AF_03/2024 | E74: M | F74: 143.65 | G74: 57.75 | H74: 17.93 | I74: 0 | J74: 51.65 | K74: =TRUNC(G74 * (1 + 20.5 / 100), 2) -> 69.58 | L74: =TRUNC(F74 * H74, 2) -> 2575.64 | M74: =TRUNC(F74 * I74, 2) -> 0 | N74: =TRUNC(F74 * J74, 2) -> 7419.52 | O74: =TRUNC(F74 * K74, 2) -> 9995.16 | P74: =O74 / 7467019.56 -> 0.0013385742
A75: 8.1.3 | B75: 94589 | C75: SINAPI | D75: CONTRAMARCO DE ALUMÍNIO, FIXAÇÃO COM ARGAMASSA - FORNECIMENTO E INSTALAÇÃO. AF_11/2024 | E75: M | F75: 143.65 | G75: 18.32 | H75: 10.93 | I75: 0 | J75: 11.14 | K75: =TRUNC(G75 * (1 + 20.5 / 100), 2) -> 22.07 | L75: =TRUNC(F75 * H75, 2) -> 1570.09 | M75: =TRUNC(F75 * I75, 2) -> 0 | N75: =TRUNC(F75 * J75, 2) -> 1600.26 | O75: =TRUNC(F75 * K75, 2) -> 3170.35 | P75: =O75 / 7467019.56 -> 0.00042458038
A76: 8.2 | D76: PORTAS EM MADEIRA | O76: 25402.85 | P76: =O76 / 7467019.56 -> 0.0034020066
A77: 8.2.1 | B77: 100675 | C77: SINAPI | D77: KIT DE PORTA-PRONTA DE MADEIRA EM ACABAMENTO MELAMÍNICO BRANCO, FOLHA LEVE OU MÉDIA, 90X210, EXCLUSIVE FECHADURA, FIXAÇÃO COM PREENCHIMENTO TOTAL DE ESPUMA EXPANSIVA - FORNECIMENTO E INSTALAÇÃO. AF_12/2019 | E77: UN | F77: 4 | G77: 684.98 | H77: 23.23 | I77: 0 | J77: 802.17 | K77: =TRUNC(G77 * (1 + 20.5 / 100), 2) -> 825.4 | L77: =TRUNC(F77 * H77, 2) -> 92.92 | M77: =TRUNC(F77 * I77, 2) -> 0 | N77: =TRUNC(F77 * J77, 2) -> 3208.68 | O77: =TRUNC(F77 * K77, 2) -> 3301.6 | P77: =O77 / 7467019.56 -> 0.00044215767
A78: 8.2.2 | B78: 363 | C78: Próprio | D78: CHAPA DE ACO GALVANIZADA, E = 0,50 MM4,00 KG/M2), CONTRA IMPACTO - FORNECIMENTO E INSTALACAO | E78: m² | F78: 3.6 | G78: 80.8 | H78: 31.21 | I78: 0 | J78: 66.15 | K78: =TRUNC(G78 * (1 + 20.5 / 100), 2) -> 97.36 | L78: =TRUNC(F78 * H78, 2) -> 112.35 | M78: =TRUNC(F78 * I78, 2) -> 0 | N78: =TRUNC(F78 * J78, 2) -> 238.14 | O78: =TRUNC(F78 * K78, 2) -> 350.49 | P78: =O78 / 7467019.56 -> 4.6938407e-05
A79: 8.2.3 | B79: 90831 | C79: SINAPI | D79: FECHADURA DE EMBUTIR PARA PORTA DE BANHEIRO, COMPLETA, ACABAMENTO PADRÃO MÉDIO, INCLUSO EXECUÇÃO DE FURO - FORNECIMENTO E INSTALAÇÃO. AF_12/2019 | E79: UN | F79: 4 | G79: 167 | H79: 26.15 | I79: 0 | J79: 175.08 | K79: =TRUNC(G79 * (1 + 20.5 / 100), 2) -> 201.23 | L79: =TRUNC(F79 * H79, 2) -> 104.6 | M79: =TRUNC(F79 * I79, 2) -> 0 | N79: =TRUNC(F79 * J79, 2) -> 700.32 | O79: =TRUNC(F79 * K79, 2) -> 804.92 | P79: =O79 / 7467019.56 -> 0.00010779669
A80: 8.2.4 | B80: 100874 | C80: SINAPI | D80: PUXADOR PARA PCD, FIXADO NA PORTA - FORNECIMENTO E INSTALAÇÃO. AF_01/2020 | E80: UN | F80: 8 | G80: 326.5 | H80: 30.16 | I80: 0 | J80: 363.27 | K80: =TRUNC(G80 * (1 + 20.5 / 100), 2) -> 393.43 | L80: =TRUNC(F80 * H80, 2) -> 241.28 | M80: =TRUNC(F80 * I80, 2) -> 0 | N80: =TRUNC(F80 * J80, 2) -> 2906.16 | O80: =TRUNC(F80 * K80, 2) -> 3147.44 | P80: =O80 / 7467019.56 -> 0.00042151222
A81: 8.2.5 | B81: 90790 | C81: SINAPI | D81: KIT DE PORTA-PRONTA DE MADEIRA EM ACABAMENTO MELAMÍNICO BRANCO, FOLHA LEVE OU MÉDIA, 80X210CM, EXCLUSIVE FECHADURA, FIXAÇÃO COM PREENCHIMENTO PARCIAL DE ESPUMA EXPANSIVA - FORNECIMENTO E INSTALAÇÃO. AF_12/2019 | E81: UN | F81: 14 | G81: 613.93 | H81: 18.92 | I81: 0 | J81: 720.86 | K81: =TRUNC(G81 * (1 + 20.5 / 100), 2) -> 739.78 | L81: =TRUNC(F81 * H81, 2) -> 264.88 | M81: =TRUNC(F81 * I81, 2) -> 0 | N81: =TRUNC(F81 * J81, 2) -> 10092.04 | O81: =TRUNC(F81 * K81, 2) -> 10356.92 | P81: =O81 / 7467019.56 -> 0.0013870219
A82: 8.2.6 | B82: 657 | C82: Próprio | D82: KIT DE PORTA-PRONTA DE MADEIRA EM ACABAMENTO MELAMÍNICO BRANCO DE CORRER, FOLHA LEVE OU MÉDIA, 80X210CM, EXCLUSIVE FECHADURA- FORNECIMENTO E INSTALAÇÃO. | E82: un | F82: 4 | G82: 687.72 | H82: 18.92 | I82: 0 | J82: 809.78 | K82: =TRUNC(G82 * (1 + 20.5 / 100), 2) -> 828.7 | L82: =TRUNC(F82 * H82, 2) -> 75.68 | M82: =TRUNC(F82 * I82, 2) -> 0 | N82: =TRUNC(F82 * J82, 2) -> 3239.12 | O82: =TRUNC(F82 * K82, 2) -> 3314.8 | P82: =O82 / 7467019.56 -> 0.00044392545
A83: 8.2.7 | B83: 90830 | C83: SINAPI | D83: FECHADURA DE EMBUTIR COM CILINDRO, EXTERNA, COMPLETA, ACABAMENTO PADRÃO MÉDIO, INCLUSO EXECUÇÃO DE FURO - FORNECIMENTO E INSTALAÇÃO. AF_12/2019 | E83: UN | F83: 18 | G83: 190.26 | H83: 34.16 | I83: 0 | J83: 195.1 | K83: =TRUNC(G83 * (1 + 20.5 / 100), 2) -> 229.26 | L83: =TRUNC(F83 * H83, 2) -> 614.88 | M83: =TRUNC(F83 * I83, 2) -> 0 | N83: =TRUNC(F83 * J83, 2) -> 3511.8 | O83: =TRUNC(F83 * K83, 2) -> 4126.68 | P83: =O83 / 7467019.56 -> 0.00055265424
A84: 8.3 | D84: ESQUADRIA DE ALUMINIO E VIDRO | O84: 203385.79 | P84: =O84 / 7467019.56 -> 0.027237881
A85: 8.3.1 | B85: 94573 | C85: SINAPI | D85: JANELA DE ALUMÍNIO DE CORRER COM 4 FOLHAS PARA VIDROS (VIDROS INCLUSOS), COM BANDEIRA, BATENTE/ REQUADRO 6 A 14 CM, ACABAMENTO COM ACETATO OU BRILHANTE, FIXAÇÃO COM PARAFUSO, SEM GUARNIÇÃO/ ALIZAR, DIMENSÕES 150X120 CM, VEDAÇÃO COM SILICONE, EXCLUSIVE CONTRAMARCO - FORNECIMENTO E INSTALAÇÃO. AF_11/2024 | E85: m² | F85: 141.5 | G85: 276.19 | H85: 11.05 | I85: 0 | J85: 321.75 | K85: =TRUNC(G85 * (1 + 20.5 / 100), 2) -> 332.8 | L85: =TRUNC(F85 * H85, 2) -> 1563.57 | M85: =TRUNC(F85 * I85, 2) -> 0 | N85: =TRUNC(F85 * J85, 2) -> 45527.62 | O85: =TRUNC(F85 * K85, 2) -> 47091.2 | P85: =O85 / 7467019.56 -> 0.0063065591
A86: 8.3.2 | B86: 94570 | C86: SINAPI | D86: JANELA DE ALUMÍNIO DE CORRER COM 2 FOLHAS PARA VIDROS (VIDROS INCLUSOS), BATENTE/ REQUADRO 6 A 14 CM, ACABAMENTO COM ACETATO OU BRILHANTE, FIXAÇÃO COM PARAFUSO, SEM GUARNIÇÃO/ ALIZAR, DIMENSÕES 100X120 CM, VEDAÇÃO COM SILICONE, EXCLUSIVE CONTRAMARCO - FORNECIMENTO E INSTALAÇÃO. AF_11/2024 | E86: m² | F86: 74.22 | G86: 249.73 | H86: 11.1 | I86: 0 | J86: 289.82 | K86: =TRUNC(G86 * (1 + 20.5 / 100), 2) -> 300.92 | L86: =TRUNC(F86 * H86, 2) -> 823.84 | M86: =TRUNC(F86 * I86, 2) -> 0 | N86: =TRUNC(F86 * J86, 2) -> 21510.44 | O86: =TRUNC(F86 * K86, 2) -> 22334.28 | P86: =O86 / 7467019.56 -> 0.0029910568
A87: 8.3.3 | B87: 91341 | C87: SINAPI | D87: PORTA EM ALUMÍNIO DE ABRIR TIPO VENEZIANA COM GUARNIÇÃO, FIXAÇÃO COM PARAFUSOS - FORNECIMENTO E INSTALAÇÃO. AF_10/2025 | E87: m² | F87: 54.75 | G87: 485.94 | H87: 13.55 | I87: 0 | J87: 572 | K87: =TRUNC(G87 * (1 + 20.5 / 100), 2) -> 585.55 | L87: =TRUNC(F87 * H87, 2) -> 741.86 | M87: =TRUNC(F87 * I87, 2) -> 0 | N87: =TRUNC(F87 * J87, 2) -> 31317 | O87: =TRUNC(F87 * K87, 2) -> 32058.86 | P87: =O87 / 7467019.56 -> 0.0042933944
A88: 8.3.4 | B88: 470 | C88: Próprio | D88: TELA EM POLIETILENO ANTI INSETO NA COR BRANCA 2X2MM FORMADO POR CANTONEIRA ALUMINIO 1X1/8 + BARRA CHATA ALUMINIO 7/8 X 1/8 | E88: m² | F88: 14.5 | G88: 100.05 | H88: 40.83 | I88: 0 | J88: 79.73 | K88: =TRUNC(G88 * (1 + 20.5 / 100), 2) -> 120.56 | L88: =TRUNC(F88 * H88, 2) -> 592.03 | M88: =TRUNC(F88 * I88, 2) -> 0 | N88: =TRUNC(F88 * J88, 2) -> 1156.08 | O88: =TRUNC(F88 * K88, 2) -> 1748.12 | P88: =O88 / 7467019.56 -> 0.00023411215
A89: 8.3.5 | B89: 471 | C89: Próprio | D89: GUARDA CORPO COM CORRIMÃO DUPLO DE AÇO GALVANIZADO D 1,1M , MONTANTES TUBULARES DE 1.1/4 ESPAÇADOS DE 1.2M, TRAVESSA SUPERIOR DE 1.1/2, GRADIL, FORMADO POR TUBOS HORIZONTAIS DE 1 E VERTICAIS DE /34, FIXADO COMCUMBADOR MECANICO | E89: M | F89: 26.8 | G89: 749.67 | H89: 308.28 | I89: 0 | J89: 595.07 | K89: =TRUNC(G89 * (1 + 20.5 / 100), 2) -> 903.35 | L89: =TRUNC(F89 * H89, 2) -> 8261.9 | M89: =TRUNC(F89 * I89, 2) -> 0 | N89: =TRUNC(F89 * J89, 2) -> 15947.87 | O89: =TRUNC(F89 * K89, 2) -> 24209.78 | P89: =O89 / 7467019.56 -> 0.003242228
A90: 8.3.6 | B90: 468 | C90: Próprio | D90: PORTÃO COM GRADIL NYLOFOR 3D, MALHA 20X5CM, DIM. 5MM 250X103CM, PINTURA BRANCA VERDE E PRETA, BELGO OU SIMILAR , INCLUI POSTES E ACESSÓRIOS | E90: m² | F90: 25.39 | G90: 202.46 | H90: 45.19 | I90: 0 | J90: 198.77 | K90: =TRUNC(G90 * (1 + 20.5 / 100), 2) -> 243.96 | L90: =TRUNC(F90 * H90, 2) -> 1147.37 | M90: =TRUNC(F90 * I90, 2) -> 0 | N90: =TRUNC(F90 * J90, 2) -> 5046.77 | O90: =TRUNC(F90 * K90, 2) -> 6194.14 | P90: =O90 / 7467019.56 -> 0.00082953312
A91: 8.3.7 | B91: 658 | C91: Próprio | D91: GRADIL NYLOFOR H=1.53 M INCLUSIVE POSTE OU EQUIVALENTE | E91: un | F91: 68.85 | G91: 300.53 | H91: 64.59 | I91: 0 | J91: 297.54 | K91: =TRUNC(G91 * (1 + 20.5 / 100), 2) -> 362.13 | L91: =TRUNC(F91 * H91, 2) -> 4447.02 | M91: =TRUNC(F91 * I91, 2) -> 0 | N91: =TRUNC(F91 * J91, 2) -> 20485.62 | O91: =TRUNC(F91 * K91, 2) -> 24932.65 | P91: =O91 / 7467019.56 -> 0.0033390364
A92: 8.3.8 | B92: 659 | C92: Próprio | D92: PORTA DE CORRER COM JANELA FIXA ( 3,0m x 2,50m) - P1 | E92: un | F92: 4 | G92: 2793.87 | H92: 94.52 | I92: 0 | J92: 3272.09 | K92: =TRUNC(G92 * (1 + 20.5 / 100), 2) -> 3366.61 | L92: =TRUNC(F92 * H92, 2) -> 378.08 | M92: =TRUNC(F92 * I92, 2) -> 0 | N92: =TRUNC(F92 * J92, 2) -> 13088.36 | O92: =TRUNC(F92 * K92, 2) -> 13466.44 | P92: =O92 / 7467019.56 -> 0.0018034558
A93: 8.3.9 | B93: 660 | C93: Próprio | D93: PORTA DE ABRI COM JANELA FIXA ( 1,25m x 2,50m) - P1A | E93: un | F93: 1 | G93: 1162.41 | H93: 39.32 | I93: 0 | J93: 1361.38 | K93: =TRUNC(G93 * (1 + 20.5 / 100), 2) -> 1400.7 | L93: =TRUNC(F93 * H93, 2) -> 39.32 | M93: =TRUNC(F93 * I93, 2) -> 0 | N93: =TRUNC(F93 * J93, 2) -> 1361.38 | O93: =TRUNC(F93 * K93, 2) -> 1400.7 | P93: =O93 / 7467019.56 -> 0.00018758488
A94: 8.3.10 | B94: 927 | C94: Próprio | D94: GRADIL NYLOFOR H=2.43 M INCLUSIVE POSTE OU EQUIVALENTE | E94: un | F94: 29.85 | G94: 423.33 | H94: 64.59 | I94: 0 | J94: 445.52 | K94: =TRUNC(G94 * (1 + 20.5 / 100), 2) -> 510.11 | L94: =TRUNC(F94 * H94, 2) -> 1928.01 | M94: =TRUNC(F94 * I94, 2) -> 0 | N94: =TRUNC(F94 * J94, 2) -> 13298.77 | O94: =TRUNC(F94 * K94, 2) -> 15226.78 | P94: =O94 / 7467019.56 -> 0.0020392045
A95: 8.3.11 | B95: 928 | C95: Próprio | D95: PORTÃO COM GRADIL NYLOFOR 3D, MALHA 20X5CM, DIM. 5MM 150X103CM, PINTURA BRANCA VERDE E PRETA, BELGO OU SIMILAR , INCLUI POSTES E ACESSÓRIOS | E95: un | F95: 4.8 | G95: 477.83 | H95: 45.19 | I95: 0 | J95: 530.59 | K95: =TRUNC(G95 * (1 + 20.5 / 100), 2) -> 575.78 | L95: =TRUNC(F95 * H95, 2) -> 216.91 | M95: =TRUNC(F95 * I95, 2) -> 0 | N95: =TRUNC(F95 * J95, 2) -> 2546.83 | O95: =TRUNC(F95 * K95, 2) -> 2763.74 | P95: =O95 / 7467019.56 -> 0.00037012626
A96: 8.3.12 | B96: 955 | C96: Próprio | D96: PORTA DE CORRER DE 04 FOLHAS EM VIDRO (DUAS FIXAS E DUAS MÓVEIS) PF-6 C/ FERRAGENS | E96: un | F96: 10 | G96: 992.46 | H96: 57.72 | I96: 0 | J96: 1138.19 | K96: =TRUNC(G96 * (1 + 20.5 / 100), 2) -> 1195.91 | L96: =TRUNC(F96 * H96, 2) -> 577.2 | M96: =TRUNC(F96 * I96, 2) -> 0 | N96: =TRUNC(F96 * J96, 2) -> 11381.9 | O96: =TRUNC(F96 * K96, 2) -> 11959.1 | P96: =O96 / 7467019.56 -> 0.0016015895
A97: 9 | D97: REVESTIMENTOS | O97: 780012.78 | P97: =O97 / 7467019.56 -> 0.10446106
A98: 9.1 | D98: PAREDES | O98: 368818.23 | P98: =O98 / 7467019.56 -> 0.049392964
A99: 9.1.1 | B99: 87879 | C99: SINAPI | D99: CHAPISCO APLICADO EM ALVENARIAS E ESTRUTURAS DE CONCRETO INTERNAS, COM COLHER DE PEDREIRO. ARGAMASSA TRAÇO 1:3 COM PREPARO EM BETONEIRA 400L. AF_10/2022 | E99: m² | F99: 3256.31 | G99: 4.44 | H99: 2.53 | I99: 0 | J99: 2.82 | K99: =TRUNC(G99 * (1 + 20.5 / 100), 2) -> 5.35 | L99: =TRUNC(F99 * H99, 2) -> 8238.46 | M99: =TRUNC(F99 * I99, 2) -> 0 | N99: =TRUNC(F99 * J99, 2) -> 9182.79 | O99: =TRUNC(F99 * K99, 2) -> 17421.25 | P99: =O99 / 7467019.56 -> 0.0023330929
A100: 9.1.2 | B100: 87529 | C100: SINAPI | D100: MASSA ÚNICA, EM ARGAMASSA TRAÇO 1:2:8, PREPARO MECÂNICO, APLICADA MANUALMENTE EM PAREDES INTERNAS DE AMBIENTES COM ÁREA ENTRE 5M² E 10M², E = 17,5MM, COM TALISCAS. AF_03/2024 | E100: m² | F100: 1886.31 | G100: 40.03 | H100: 19.33 | I100: 0 | J100: 28.9 | K100: =TRUNC(G100 * (1 + 20.5 / 100), 2) -> 48.23 | L100: =TRUNC(F100 * H100, 2) -> 36462.37 | M100: =TRUNC(F100 * I100, 2) -> 0 | N100: =TRUNC(F100 * J100, 2) -> 54514.35 | O100: =TRUNC(F100 * K100, 2) -> 90976.73 | P100: =O100 / 7467019.56 -> 0.012183808
A101: 9.1.3 | B101: 87535 | C101: SINAPI | D101: EMBOÇO, EM ARGAMASSA TRAÇO 1:2:8, PREPARO MECÂNICO, APLICADO MANUALMENTE EM PAREDES INTERNAS DE AMBIENTES COM ÁREA MAIOR QUE 10M², E = 17,5MM, COM TALISCAS. AF_03/2024 | E101: m² | F101: 1370 | G101: 36.11 | H101: 15.84 | I101: 0 | J101: 27.67 | K101: =TRUNC(G101 * (1 + 20.5 / 100), 2) -> 43.51 | L101: =TRUNC(F101 * H101, 2) -> 21700.8 | M101: =TRUNC(F101 * I101, 2) -> 0 | N101: =TRUNC(F101 * J101, 2) -> 37907.9 | O101: =TRUNC(F101 * K101, 2) -> 59608.7 | P101: =O101 / 7467019.56 -> 0.0079829307
...

Sheet Orçamento Analítico
D1: Obra | E1: Bancos | G1: B.D.I. | I1: Encargos Sociais
D2: CONSTRUÇÃO DE CRECHE 10 SALAS - FUNDAÇÃO RASA, NO DISTRITO DE UMARI, BOM JARDIM/PE | E2: SINAPI - 04/2025 - Pernambuco | G2: 20,5% | I2: Não Desonerado: embutido nos preços unitário dos insumos de mão de obra, de acordo com as bases.
A3: Planilha Orçamentária Analítica
A4: 1 | D4: ADMINISTRAÇÃO LOCAL | J4: 334535.04
A5: 1.1 | B5: Código | C5: Banco | D5: Descrição | E5: Tipo | G5: Und | H5: Quant. | I5: Valor Unit | J5: Total
A6: Composição | B6: 4975 | C6: Próprio | D6: ADMINISTRAÇÃO LOCAL CRECHE 10 SALAS | G6: un | H6: 1 | I6: 277622.44 | J6: 277622.44
A7: Composição Auxiliar | B7: 100321 | C7: SINAPI | D7: TÉCNICO EM SEGURANÇA DO TRABALHO COM ENCARGOS COMPLEMENTARES | E7: Livro SINAPI: Cálculos e Parâmetros | G7: MES | H7: 5 | I7: 5129.4 | J7: 25647
A8: Composição Auxiliar | B8: 101460 | C8: SINAPI | D8: VIGIA DIURNO COM ENCARGOS COMPLEMENTARES | E8: Livro SINAPI: Cálculos e Parâmetros | G8: MES | H8: 10 | I8: 4145.02 | J8: 41450.2
A9: Composição Auxiliar | B9: 93572 | C9: SINAPI | D9: ENCARREGADO GERAL DE OBRAS COM ENCARGOS COMPLEMENTARES | E9: Livro SINAPI: Cálculos e Parâmetros | G9: MES | H9: 10 | I9: 6345.55 | J9: 63455.5
A10: Composição Auxiliar | B10: 93565 | C10: SINAPI | D10: ENGENHEIRO CIVIL DE OBRA JUNIOR COM ENCARGOS COMPLEMENTARES | E10: Livro SINAPI: Cálculos e Parâmetros | G10: MES | H10: 2.05 | I10: 22627.68 | J10: 46386.74
A11: Insumo | B11: 4546 | C11: Próprio | D11: VIGIA NOTURNO (REGIME DE TRABALHO - 12 X 36), COM ADICIONAL NOTURNO 20% + HORA REDUZIDA + DSR | E11: Mão de Obra | G11: MES | H11: 20 | I11: 5034.15 | J11: 100683
E12: MO sem LS => | F12: 256137.33 | G12: LS => | H12: 0 | I12: MO com LS => | J12: 256137.33
E13: Valor do BDI => | F13: 56912.6 | H13: Valor com BDI => | J13: 334535.04
G14: Quant. => | H14: 1,00 | I14: Preço Total => | J14: 334535.04
A16: 2 | D16: TERRAPLENAGEM | J16: 1288606.7
A17: 2.1 | B17: Código | C17: Banco | D17: Descrição | E17: Tipo | G17: Und | H17: Quant. | I17: Valor Unit | J17: Total
A18: Composição | B18: 102291 | C18: SINAPI | D18: ESCAVAÇÃO MECANIZADA DE VALA COM PROF. ATÉ 1,5 M (MÉDIA MONTANTE E JUSANTE/UMA COMPOSIÇÃO POR TRECHO), ESCAVADEIRA (0,8 M3), LARG. DE 1,5 M A 2,5 M, EM SOLO MOLE, LOCAIS COM BAIXO NÍVEL DE INTERFERÊNCIA. AF_09/2024 | E18: Escavação de Valas | G18: m³ | H18: 1 | I18: 8.06 | J18: 8.06
A19: Composição Auxiliar | B19: 5632 | C19: SINAPI | D19: ESCAVADEIRA HIDRÁULICA SOBRE ESTEIRAS, CAÇAMBA 0,80 M3, PESO OPERACIONAL 17 T, POTENCIA BRUTA 111 HP - CHI DIURNO. AF_06/2014 | E19: Custos Horários Produtivo e Improdutivo dos Equipamentos | G19: CHI | H19: 0.0191774 | I19: 89.96 | J19: 1.72
A20: Composição Auxiliar | B20: 88316 | C20: SINAPI | D20: SERVENTE COM ENCARGOS COMPLEMENTARES | E20: Livro SINAPI: Cálculos e Parâmetros | G20: H | H20: 0.0435232 | I20: 22.95 | J20: 0.99
A21: Composição Auxiliar | B21: 5631 | C21: SINAPI | D21: ESCAVADEIRA HIDRÁULICA SOBRE ESTEIRAS, CAÇAMBA 0,80 M3, PESO OPERACIONAL 17 T, POTENCIA BRUTA 111 HP - CHP DIURNO. AF_06/2014 | E21: Custos Horários Produtivo e Improdutivo dos Equipamentos | G21: CHP | H21: 0.0243458 | I21: 220 | J21: 5.35
E22: MO sem LS => | F22: 1.61 | G22: LS => | H22: 0 | I22: MO com LS => | J22: 1.61
E23: Valor do BDI => | F23: 1.65 | H23: Valor com BDI => | J23: 9.71
G24: Quant. => | H24: 6.806,00 | I24: Preço Total => | J24: 66086.26
A26: 2.2 | B26: Código | C26: Banco | D26: Descrição | E26: Tipo | G26: Und | H26: Quant. | I26: Valor Unit | J26: Total
A27: Composição | B27: 104738 | C27: SINAPI | D27: ATERRO MECANIZADO DE VALA COM MINICARREGADEIRA, COM SOLO ARGILO-ARENOSO. AF_08/2023 | E27: Aterro e Reaterro de Valas | G27: m³ | H27: 1 | I27: 80.36 | J27: 80.36
A28: Composição Auxiliar | B28: 91533 | C28: SINAPI | D28: COMPACTADOR DE SOLOS DE PERCUSSÃO (SOQUETE) COM MOTOR A GASOLINA 4 TEMPOS, POTÊNCIA 4 CV - CHP DIURNO. AF_08/2015 | E28: Custos Horários Produtivo e Improdutivo dos Equipamentos | G28: CHP | H28: 0.1962 | I28: 33.07 | J28: 6.48
A29: Composição Auxiliar | B29: 90693 | C29: SINAPI | D29: MINICARREGADEIRA SOBRE RODAS, POTÊNCIA LÍQUIDA DE 47 HP, CAPACIDADE NOMINAL DE OPERAÇÃO DE 646 KG - CHI DIURNO. AF_06/2015 | E29: Custos Horários Produtivo e Improdutivo dos Equipamentos | G29: CHI | H29: 0.1072 | I29: 57.08 | J29: 6.11
A30: Composição Auxiliar | B30: 5903 | C30: SINAPI | D30: CAMINHÃO PIPA 10.000 L TRUCADO, PESO BRUTO TOTAL 23.000 KG, CARGA ÚTIL MÁXIMA 15.935 KG, DISTÂNCIA ENTRE EIXOS 4,8 M, POTÊNCIA 230 CV, INCLUSIVE TANQUE DE AÇO PARA TRANSPORTE DE ÁGUA - CHI DIURNO. AF_06/2014 | E30: Custos Horários Produtivo e Improdutivo dos Equipamentos | G30: CHI | H30: 0.0006 | I30: 72.71 | J30: 0.04
A31: Composição Auxiliar | B31: 90692 | C31: SINAPI | D31: MINICARREGADEIRA SOBRE RODAS, POTÊNCIA LÍQUIDA DE 47 HP, CAPACIDADE NOMINAL DE OPERAÇÃO DE 646 KG - CHP DIURNO. AF_06/2015 | E31: Custos Horários Produtivo e Improdutivo dos Equipamentos | G31: CHP | H31: 0.0742 | I31: 132.22 | J31: 9.81
A32: Composição Auxiliar | B32: 5901 | C32: SINAPI | D32: CAMINHÃO PIPA 10.000 L TRUCADO, PESO BRUTO TOTAL 23.000 KG, CARGA ÚTIL MÁXIMA 15.935 KG, DISTÂNCIA ENTRE EIXOS 4,8 M, POTÊNCIA 230 CV, INCLUSIVE TANQUE DE AÇO PARA TRANSPORTE DE ÁGUA - CHP DIURNO. AF_06/2014 | E32: Custos Horários Produtivo e Improdutivo dos Equipamentos | G32: CHP | H32: 0.0054 | I32: 327.82 | J32: 1.77
A33: Composição Auxiliar | B33: 88316 | C33: SINAPI | D33: SERVENTE COM ENCARGOS COMPLEMENTARES | E33: Livro SINAPI: Cálculos e Parâmetros | G33: H | H33: 0.1012 | I33: 22.95 | J33: 2.32
A34: Insumo | B34: 00006079 | C34: SINAPI | D34: ARGILA, ARGILA VERMELHA OU ARGILA ARENOSA (RETIRADA NA JAZIDA, SEM TRANSPORTE) | E34: Material | G34: m³ | H34: 1.3889 | I34: 38.76 | J34: 53.83
E35: MO sem LS => | F35: 8.91 | G35: LS => | H35: 0 | I35: MO com LS => | J35: 8.91
E36: Valor do BDI => | F36: 16.47 | H36: Valor com BDI => | J36: 96.83
G37: Quant. => | H37: 1.985,32 | I37: Preço Total => | J37: 192238.53
A39: 2.3 | B39: Código | C39: Banco | D39: Descrição | E39: Tipo | G39: Und | H39: Quant. | I39: Valor Unit | J39: Total
A40: Composição | B40: 95876 | C40: SINAPI | D40: TRANSPORTE COM CAMINHÃO BASCULANTE DE 14 M³, EM VIA URBANA PAVIMENTADA, DMT ATÉ 30 KM (UNIDADE: M3XKM). AF_07/2020 | E40: Transporte, Carga e Descarga de Materiais | G40: M3XKM | H40: 1 | I40: 2.14 | J40: 2.14
A41: Composição Auxiliar | B41: 89876 | C41: SINAPI | D41: CAMINHÃO BASCULANTE 14 M3, COM CAVALO MECÂNICO DE CAPACIDADE MÁXIMA DE TRAÇÃO COMBINADO DE 36000 KG, POTÊNCIA 286 CV, INCLUSIVE SEMIREBOQUE COM CAÇAMBA METÁLICA - CHP DIURNO. AF_12/2014 | E41: Custos Horários Produtivo e Improdutivo dos Equipamentos | G41: CHP | H41: 0.0059 | I41: 328.91 | J41: 1.94
A42: Composição Auxiliar | B42: 89877 | C42: SINAPI | D42: CAMINHÃO BASCULANTE 14 M3, COM CAVALO MECÂNICO DE CAPACIDADE MÁXIMA DE TRAÇÃO COMBINADO DE 36000 KG, POTÊNCIA 286 CV, INCLUSIVE SEMIREBOQUE COM CAÇAMBA METÁLICA - CHI DIURNO. AF_12/2014 | E42: Custos Horários Produtivo e Improdutivo dos Equipamentos | G42: CHI | H42: 0.0025 | I42: 81.8 | J42: 0.2
E43: MO sem LS => | F43: 0.17 | G43: LS => | H43: 0 | I43: MO com LS => | J43: 0.17
E44: Valor do BDI => | F44: 0.43 | H44: Valor com BDI => | J44: 2.57
G45: Quant. => | H45: 8.860,00 | I45: Preço Total => | J45: 22770.2
A47: 2.4 | B47: Código | C47: Banco | D47: Descrição | E47: Tipo | G47: Und | H47: Quant. | I47: Valor Unit | J47: Total
A48: Composição | B48: 103800 | C48: SINAPI | D48: PEDRA ARGAMASSADA COM CIMENTO E AREIA 1:3, 40% DE ARGAMASSA EM VOLUME - AREIA E PEDRA DE MÃO COMERCIAIS - FORNECIMENTO E ASSENTAMENTO. AF_08/2022 | E48: Dissipadores de Energia | G48: m³ | H48: 1 | I48: 526.17 | J48: 526.17
A49: Composição Auxiliar | B49: 88309 | C49: SINAPI | D49: PEDREIRO COM ENCARGOS COMPLEMENTARES | E49: Livro SINAPI: Cálculos e Parâmetros | G49: H | H49: 2.2158 | I49: 28.34 | J49: 62.79
A50: Composição Auxiliar | B50: 88629 | C50: SINAPI | D50: ARGAMASSA TRAÇO 1:3 (EM VOLUME DE CIMENTO E AREIA MÉDIA ÚMIDA), PREPARO MANUAL. AF_08/2019 | E50: Argamassas | G50: m³ | H50: 0.4412 | I50: 679.2 | J50: 299.66
A51: Composição Auxiliar | B51: 88316 | C51: SINAPI | D51: SERVENTE COM ENCARGOS COMPLEMENTARES | E51: Livro SINAPI: Cálculos e Parâmetros | G51: H | H51: 3.1021 | I51: 22.95 | J51: 71.19
A52: Insumo | B52: 00004730 | C52: SINAPI | D52: PEDRA DE MAO OU PEDRA RACHAO PARA ARRIMO/FUNDACAO (POSTO PEDREIRA/FORNECEDOR, SEM FRETE) | E52: Material | G52: m³ | H52: 0.9086 | I52: 101.84 | J52: 92.53
E53: MO sem LS => | F53: 158.32 | G53: LS => | H53: 0 | I53: MO com LS => | J53: 158.32
E54: Valor do BDI => | F54: 107.86 | H54: Valor com BDI => | J54: 634.03
G55: Quant. => | H55: 1.589,06 | I55: Preço Total => | J55: 1007511.7
A57: 3 | D57: INSTALAÇÕES PROVISÓRIAS | J57: 139281.1
A58: 3.1 | B58: Código | C58: Banco | D58: Descrição | E58: Tipo | G58: Und | H58: Quant. | I58: Valor Unit | J58: Total
A59: Composição | B59: 103689 | C59: SINAPI | D59: FORNECIMENTO E INSTALAÇÃO DE PLACA DE OBRA COM CHAPA GALVANIZADA E ESTRUTURA DE MADEIRA. AF_03/2022_PS | E59: Sinalização Vertical Viária | G59: m² | H59: 1 | I59: 465.96 | J59: 465.96
A60: Composição Auxiliar | B60: 88262 | C60: SINAPI | D60: CARPINTEIRO DE FORMAS COM ENCARGOS COMPLEMENTARES | E60: Livro SINAPI: Cálculos e Parâmetros | G60: H | H60: 0.3729 | I60: 27.92 | J60: 10.41
A61: Composição Auxiliar | B61: 88316 | C61: SINAPI | D61: SERVENTE COM ENCARGOS COMPLEMENTARES | E61: Livro SINAPI: Cálculos e Parâmetros | G61: H | H61: 1.1186 | I61: 22.95 | J61: 25.67
A62: Composição Auxiliar | B62: 102234 | C62: SINAPI | D62: PINTURA IMUNIZANTE PARA MADEIRA, 2 DEMÃOS. AF_01/2021 | E62: Pintura em Madeira | G62: m² | H62: 0.5 | I62: 23.97 | J62: 11.98
A63: Insumo | B63: 00004509 | C63: SINAPI | D63: SARRAFO *2,5 X 10* CM EM PINUS, MISTA OU EQUIVALENTE DA REGIAO - BRUTA | E63: Material | G63: M | H63: 3.2083 | I63: 5.41 | J63: 17.35
A64: Insumo | B64: 00005065 | C64: SINAPI | D64: PREGO DE ACO POLIDO COM CABECA 10 X 10 (7/8 X 17) | E64: Material | G64: KG | H64: 0.0113 | I64: 30.38 | J64: 0.34
A65: Insumo | B65: 00004813 | C65: SINAPI | D65: PLACA DE OBRA (PARA CONSTRUCAO CIVIL) EM CHAPA GALVANIZADA *N. 22*, ADESIVADA, DE *2,4 X 1,2* M (SEM POSTES PARA FIXACAO) | E65: Material | G65: m² | H65: 1 | I65: 400 | J65: 400
A66: Insumo | B66: 00005069 | C66: SINAPI | D66: PREGO DE ACO POLIDO COM CABECA 17 X 27 (2 1/2 X 11) | E66: Material | G66: KG | H66: 0.0132 | I66: 16.28 | J66: 0.21
E67: MO sem LS => | F67: 30.73 | G67: LS => | H67: 0 | I67: MO com LS => | J67: 30.73
E68: Valor do BDI => | F68: 95.52 | H68: Valor com BDI => | J68: 561.48
G69: Quant. => | H69: 15,00 | I69: Preço Total => | J69: 8422.2
A71: 3.2 | B71: Código | C71: Banco | D71: Descrição | E71: Tipo | G71: Und | H71: Quant. | I71: Valor Unit | J71: Total
A72: Composição | B72: 344 | C72: Próprio | D72: LIGACAO PROVISORIA DE AGUA -PARA MEDICAO DE AGUA - ENTRADA PRINCIPAL, EM PVC SOLDÁVEL DN 25 (¾") FORNECIMENTO E INSTALAÇÃO (INCLUSIVE HIDRÔMETRO) | G72: un | H72: 1 | I72: 360.44 | J72: 360.44
A73: Composição Auxiliar | B73: 88267 | C73: SINAPI | D73: ENCANADOR OU BOMBEIRO HIDRÁULICO COM ENCARGOS COMPLEMENTARES | E73: Livro SINAPI: Cálculos e Parâmetros | G73: H | H73: 1.7025 | I73: 27.62 | J73: 47.02
A74: Composição Auxiliar | B74: 88248 | C74: SINAPI | D74: AUXILIAR DE ENCANADOR OU BOMBEIRO HIDRÁULICO COM ENCARGOS COMPLEMENTARES | E74: Livro SINAPI: Cálculos e Parâmetros | G74: H | H74: 1.705 | I74: 23.32 | J74: 39.76
A75: Insumo | B75: 00020083 | C75: SINAPI | D75: SOLUCAO PREPARADORA / LIMPADORA PARA PVC, FRASCO COM 1000 CM3 | E75: Material | G75: UN | H75: 0.072 | I75: 74.09 | J75: 5.33
A76: Insumo | B76: 00012774 | C76: SINAPI | D76: HIDROMETRO UNIJATO / MEDIDOR DE AGUA, DN 3/4", VAZAO MAXIMA DE 5 M3/H, PARA AGUA POTAVEL FRIA, RELOJOARIA PLANA, CLASSE B, HORIZONTAL (SEM CONEXOES)0, | E76: Material | G76: UN | H76: 1 | I76: 124.34 | J76: 124.34
A77: Insumo | B77: 00038383 | C77: SINAPI | D77: LIXA D'AGUA EM FOLHA, COR PRETA, GRAO 100 | E77: Material | G77: UN | H77: 0.396 | I77: 2.26 | J77: 0.89
A78: Insumo | B78: 00020080 | C78: SINAPI | D78: ADESIVO PLASTICO PARA PVC, FRASCO COM 175 GR | E78: Material | G78: UN | H78: 0.306 | I78: 21.34 | J78: 6.53
A79: Insumo | B79: 00003729 | C79: SINAPI | D79: KIT CAVALETE, PVC, COM REGISTRO, PARA HIDROMETRO, BITOLAS 1/2" OU 3/4" - COMPLETO | E79: Material | G79: UN | H79: 1 | I79: 136.57 | J79: 136.57
E80: MO sem LS => | F80: 65.38 | G80: LS => | H80: 0 | I80: MO com LS => | J80: 65.38
E81: Valor do BDI => | F81: 73.89 | H81: Valor com BDI => | J81: 434.33
G82: Quant. => | H82: 1,00 | I82: Preço Total => | J82: 434.33
A84: 3.3 | B84: Código | C84: Banco | D84: Descrição | E84: Tipo | G84: Und | H84: Quant. | I84: Valor Unit | J84: Total
A85: Composição | B85: 345 | C85: Próprio | D85: INSTALACAO/LIGACAO PROVISORIA ELETRICA BAIXA TENSAO P/CANTEIRO DE OBRA | G85: un | H85: 1 | I85: 2016.64 | J85: 2016.64
A86: Composição Auxiliar | B86: 88316 | C86: SINAPI | D86: SERVENTE COM ENCARGOS COMPLEMENTARES | E86: Livro SINAPI: Cálculos e Parâmetros | G86: H | H86: 24 | I86: 22.95 | J86: 550.8
A87: Composição Auxiliar | B87: 88264 | C87: SINAPI | D87: ELETRICISTA COM ENCARGOS COMPLEMENTARES | E87: Livro SINAPI: Cálculos e Parâmetros | G87: H | H87: 24 | I87: 28.71 | J87: 689.04
A88: Insumo | B88: 00001875 | C88: SINAPI | D88: CURVA 90 GRAUS, LONGA, DE PVC RIGIDO ROSCAVEL, DE 1 1/2", PARA ELETRODUTO | E88: Material | G88: UN | H88: 2 | I88: 8.39 | J88: 16.78
A89: Insumo | B89: 00007701 | C89: SINAPI | D89: TUBO ACO GALVANIZADO COM COSTURA, CLASSE MEDIA, DN 2.1/2", E = *3,65* MM, PESO *6,51* KG/M (NBR 5580) | E89: Material | G89: M | H89: 2 | I89: 82.2 | J89: 164.4
A90: Insumo | B90: 00000979 | C90: SINAPI | D90: CABO DE COBRE, FLEXIVEL, CLASSE 4 OU 5, ISOLACAO EM PVC/A, ANTICHAMA BWF-B, 1 CONDUTOR, 450/750 V, SECAO NOMINAL 16 MM2 | E90: Material | G90: M | H90: 20 | I90: 15.23 | J90: 304.6
A91: Insumo | B91: 00000392 | C91: SINAPI | D91: ABRACADEIRA EM ACO PARA AMARRACAO DE ELETRODUTOS, TIPO D, COM 1/2" E PARAFUSO DE FIXACAO | E91: Material | G91: UN | H91: 1 | I91: 2.43 | J91: 2.43
A92: Insumo | B92: 00003406 | C92: SINAPI | D92: ISOLADOR DE PORCELANA, TIPO PINO MONOCORPO, PARA TENSAO DE *15* KV | E92: Material | G92: UN | H92: 4 | I92: 26.57 | J92: 106.28
A93: Insumo | B93: 00012344 | C93: SINAPI | D93: FUSIVEL DIAZED 20 A TAMANHO DII, CAPACIDADE DE INTERRUPCAO DE 50 KA EM VCA E 8 KA EM VCC, TENSAO NOMINAL DE 500 V | E93: Material | G93: UN | H93: 3 | I93: 4.49 | J93: 13.47
A94: Insumo | B94: 00012056 | C94: SINAPI | D94: ELETRODUTO FLEXIVEL, EM FITA DE ACO GALVANIZADO, SEM REVESTIMENTO, DIAMETRO NOMINAL 1 1/2" | E94: Material | G94: M | H94: 5 | I94: 22.56 | J94: 112.8
A95: Insumo | B95: 00002673 | C95: SINAPI | D95: ELETRODUTO DE PVC RIGIDO ROSCAVEL DE 1/2 ", SEM LUVA | E95: Material | G95: M | H95: 12 | I95: 4.67 | J95: 56.04
E96: MO sem LS => | F96: 908.64 | G96: LS => | H96: 0 | I96: MO com LS => | J96: 908.64
E97: Valor do BDI => | F97: 413.41 | H97: Valor com BDI => | J97: 2430.05
G98: Quant. => | H98: 1,00 | I98: Preço Total => | J98: 2430.05
A100: 3.4 | B100: Código | C100: Banco | D100: Descrição | E100: Tipo | G100: Und | H100: Quant. | I100: Valor Unit | J100: Total
A101: Composição | B101: 98459 | C101: SINAPI | D101: TAPUME COM TELHA METÁLICA. AF_03/2024 | E101: Instalações para Canteiros de Obras | G101: m² | H101: 1 | I101: 95.96 | J101: 95.96
A102: Composição Auxiliar | B102: 94974 | C102: SINAPI | D102: CONCRETO MAGRO PARA LASTRO, TRAÇO 1:4,5:4,5 (EM MASSA SECA DE CIMENTO/ AREIA MÉDIA/ BRITA 1) - PREPARO MANUAL. AF_05/2021 | E102: Produção de Concreto | G102: m³ | H102: 0.0061 | I102: 477.45 | J102: 2.91
A103: Composição Auxiliar | B103: 91692 | C103: SINAPI | D103: SERRA CIRCULAR DE BANCADA COM MOTOR ELÉTRICO POTÊNCIA DE 5HP, COM COIFA PARA DISCO 10" - CHP DIURNO. AF_08/2015 | E103: Custos Horários Produtivo e Improdutivo dos Equipamentos | G103: CHP | H103: 0.0066 | I103: 25.82 | J103: 0.17
A104: Composição Auxiliar | B104: 88239 | C104: SINAPI | D104: AJUDANTE DE CARPINTEIRO COM ENCARGOS COMPLEMENTARES | E104: Livro SINAPI: Cálculos e Parâmetros | G104: H | H104: 0.492 | I104: 23.69 | J104: 11.65
A105: Composição Auxiliar | B105: 91693 | C105: SINAPI | D105: SERRA CIRCULAR DE BANCADA COM MOTOR ELÉTRICO POTÊNCIA DE 5HP, COM COIFA PARA DISCO 10" - CHI DIURNO. AF_08/2015 | E105: Custos Horários Produtivo e Improdutivo dos Equipamentos | G105: CHI | H105: 0.0264 | I105: 24.46 | J105: 0.64
A106: Composição Auxiliar | B106: 88262 | C106: SINAPI | D106: CARPINTEIRO DE FORMAS COM ENCARGOS COMPLEMENTARES | E106: Livro SINAPI: Cálculos e Parâmetros | G106: H | H106: 0.735 | I106: 27.92 | J106: 20.52
A107: Insumo | B107: 00004491 | C107: SINAPI | D107: PONTALETE *7,5 X 7,5* CM EM PINUS, MISTA OU EQUIVALENTE DA REGIAO - BRUTA | E107: Material | G107: M | H107: 1.2273 | I107: 10.66 | J107: 13.08
A108: Insumo | B108: 00005061 | C108: SINAPI | D108: PREGO DE ACO POLIDO COM CABECA 18 X 27 (2 1/2 X 10) | E108: Material | G108: KG | H108: 0.068 | I108: 15.7 | J108: 1.06
...

Sheet Orçamento Sintético
D1: Obra | E1: Bancos | G1: B.D.I. | I1: Encargos Sociais | J1: =I7 + I9 + I14 + I25 + I40 + I51 + I59 + I72 + I98 + I120 + I134 + I287 + I314 + I324 + I492 + I523 + I525 + I594 + I601 + I615 + I656 -> 7467019.6
D2: CONSTRUÇÃO DE CRECHE 10 SALAS - FUNDAÇÃO RASA, NO DISTRITO DE UMARI, BOM JARDIM/PE | E2: SINAPI - 04/2025 - Pernambuco | G2: 20,5% | I2: Não Desonerado: embutido nos preços unitário dos insumos de mão de obra, de acordo com as bases.
A3: Orçamento Sintético com Fórmulas
H4: Valor Final do Orçamento | J4: 7467019.6
H5: BDI | J5: 0.205
A6: Item | B6: Código | C6: Banco | D6: Descrição | E6: Und | F6: Quant. | G6: Valor Unit | H6: Valor Unit com BDI | I6: Total | J6: Peso (%)
A7: 1 | D7: ADMINISTRAÇÃO LOCAL | F7: 1 | H7: =I8 -> 334535.04 | I7: =TRUNC(F7 * H7,2) -> 334535.04 | J7: =I7 / J4 -> 0.044801683
A8: 1.1 | B8: 4975 | C8: Próprio | D8: ADMINISTRAÇÃO LOCAL CRECHE 10 SALAS | E8: un | F8: 1 | G8: 277622.44 | H8: =TRUNC(TRUNC(G8 * J5, 2) + G8, 2) -> 334535.04 | I8: =TRUNC(F8 * H8,2) -> 334535.04 | J8: =I8 / J4 -> 0.044801683
A9: 2 | D9: TERRAPLENAGEM | F9: 1 | H9: =I10 + I11 + I12 + I13 -> 1288606.7 | I9: =TRUNC(F9 * H9,2) -> 1288606.7 | J9: =I9 / J4 -> 0.1725731
A10: 2.1 | B10: 102291 | C10: SINAPI | D10: ESCAVAÇÃO MECANIZADA DE VALA COM PROF. ATÉ 1,5 M (MÉDIA MONTANTE E JUSANTE/UMA COMPOSIÇÃO POR TRECHO), ESCAVADEIRA (0,8 M3), LARG. DE 1,5 M A 2,5 M, EM SOLO MOLE, LOCAIS COM BAIXO NÍVEL DE INTERFERÊNCIA. AF_09/2024 | E10: m³ | F10: 6806 | G10: 8.06 | H10: =TRUNC(TRUNC(G10 * J5, 2) + G10, 2) -> 9.71 | I10: =TRUNC(F10 * H10,2) -> 66086.26 | J10: =I10 / J4 -> 0.0088504201
A11: 2.2 | B11: 104738 | C11: SINAPI | D11: ATERRO MECANIZADO DE VALA COM MINICARREGADEIRA, COM SOLO ARGILO-ARENOSO. AF_08/2023 | E11: m³ | F11: 1985.32 | G11: 80.36 | H11: =TRUNC(TRUNC(G11 * J5, 2) + G11, 2) -> 96.83 | I11: =TRUNC(F11 * H11,2) -> 192238.53 | J11: =I11 / J4 -> 0.025745015
A12: 2.3 | B12: 95876 | C12: SINAPI | D12: TRANSPORTE COM CAMINHÃO BASCULANTE DE 14 M³, EM VIA URBANA PAVIMENTADA, DMT ATÉ 30 KM (UNIDADE: M3XKM). AF_07/2020 | E12: M3XKM | F12: 8860 | G12: 2.14 | H12: =TRUNC(TRUNC(G12 * J5, 2) + G12, 2) -> 2.57 | I12: =TRUNC(F12 * H12,2) -> 22770.2 | J12: =I12 / J4 -> 0.0030494362
A13: 2.4 | B13: 103800 | C13: SINAPI | D13: PEDRA ARGAMASSADA COM CIMENTO E AREIA 1:3, 40% DE ARGAMASSA EM VOLUME - AREIA E PEDRA DE MÃO COMERCIAIS - FORNECIMENTO E ASSENTAMENTO. AF_08/2022 | E13: m³ | F13: 1589.06 | G13: 526.17 | H13: =TRUNC(TRUNC(G13 * J5, 2) + G13, 2) -> 634.03 | I13: =TRUNC(F13 * H13,2) -> 1007511.7 | J13: =I13 / J4 -> 0.13492823
A14: 3 | D14: INSTALAÇÕES PROVISÓRIAS | F14: 1 | H14: =I15 + I16 + I17 + I18 + I19 + I20 + I21 + I22 + I23 + I24 -> 139281.1 | I14: =TRUNC(F14 * H14,2) -> 139281.1 | J14: =I14 / J4 -> 0.018652837
A15: 3.1 | B15: 103689 | C15: SINAPI | D15: FORNECIMENTO E INSTALAÇÃO DE PLACA DE OBRA COM CHAPA GALVANIZADA E ESTRUTURA DE MADEIRA. AF_03/2022_PS | E15: m² | F15: 15 | G15: 465.96 | H15: =TRUNC(TRUNC(G15 * J5, 2) + G15, 2) -> 561.48 | I15: =TRUNC(F15 * H15,2) -> 8422.2 | J15: =I15 / J4 -> 0.0011279199
A16: 3.2 | B16: 344 | C16: Próprio | D16: LIGACAO PROVISORIA DE AGUA -PARA MEDICAO DE AGUA - ENTRADA PRINCIPAL, EM PVC SOLDÁVEL DN 25 (¾") FORNECIMENTO E INSTALAÇÃO (INCLUSIVE HIDRÔMETRO) | E16: un | F16: 1 | G16: 360.44 | H16: =TRUNC(TRUNC(G16 * J5, 2) + G16, 2) -> 434.33 | I16: =TRUNC(F16 * H16,2) -> 434.33 | J16: =I16 / J4 -> 5.8166447e-05
A17: 3.3 | B17: 345 | C17: Próprio | D17: INSTALACAO/LIGACAO PROVISORIA ELETRICA BAIXA TENSAO P/CANTEIRO DE OBRA | E17: un | F17: 1 | G17: 2016.64 | H17: =TRUNC(TRUNC(G17 * J5, 2) + G17, 2) -> 2430.05 | I17: =TRUNC(F17 * H17,2) -> 2430.05 | J17: =I17 / J4 -> 0.00032543774
A18: 3.4 | B18: 98459 | C18: SINAPI | D18: TAPUME COM TELHA METÁLICA. AF_03/2024 | E18: m² | F18: 480 | G18: 95.96 | H18: =TRUNC(TRUNC(G18 * J5, 2) + G18, 2) -> 115.63 | I18: =TRUNC(F18 * H18,2) -> 55502.4 | J18: =I18 / J4 -> 0.0074330058
A19: 3.5 | B19: 99059 | C19: SINAPI | D19: LOCAÇÃO CONVENCIONAL DE OBRA, UTILIZANDO GABARITO DE TÁBUAS CORRIDAS PONTALETADAS A CADA 2,00M - 2 UTILIZAÇÕES. AF_03/2024 | E19: M | F19: 200 | G19: 67.09 | H19: =TRUNC(TRUNC(G19 * J5, 2) + G19, 2) -> 80.84 | I19: =TRUNC(F19 * H19,2) -> 16168 | J19: =I19 / J4 -> 0.0021652548
A20: 3.6 | B20: 4976 | C20: Próprio | D20: MOBILIZAÇÃO CRECHE 10 SALAS | E20: un | F20: 1 | G20: 4164.69 | H20: =TRUNC(TRUNC(G20 * J5, 2) + G20, 2) -> 5018.45 | I20: =TRUNC(F20 * H20,2) -> 5018.45 | J20: =I20 / J4 -> 0.00067208208
A21: 3.7 | B21: 4979 | C21: Próprio | D21: DESMOBILIZAÇÃO CRECHE 10 SALAS | E21: un | F21: 1 | G21: 4164.69 | H21: =TRUNC(TRUNC(G21 * J5, 2) + G21, 2) -> 5018.45 | I21: =TRUNC(F21 * H21,2) -> 5018.45 | J21: =I21 / J4 -> 0.00067208208
A22: 3.8 | B22: 4981 | C22: Próprio | D22: ADESIVO PARA APLICAÇÃO EM TAPUME DE TELHA METÁLICA DE CONSTRUÇÃO | E22: un | F22: 119.13 | G22: 45 | H22: =TRUNC(TRUNC(G22 * J5, 2) + G22, 2) -> 54.22 | I22: =TRUNC(F22 * H22,2) -> 6459.22 | J22: =I22 / J4 -> 0.00086503322
A23: 3.9 | B23: 2069 | C23: Próprio | D23: LOCACAO DE CONTAINER 2,30 X 6,00 M, ALT. 2,50 M, COM 1 SANITARIO, PARA ESCRITORIO, COMPLETO, SEM DIVISORIAS INTERNAS (NAO INCLUI MOBILIZACAO/DESMOBILIZACAO) | E23: MES | F23: 24 | G23: 847.5 | H23: =TRUNC(TRUNC(G23 * J5, 2) + G23, 2) -> 1021.23 | I23: =TRUNC(F23 * H23,2) -> 24509.52 | J23: =I23 / J4 -> 0.0032823699
A24: 3.10 | B24: 2068 | C24: Próprio | D24: LOCACAO DE CONTAINER 2,30 X 4,30 M, ALT. 2,50 M, P/ SANITARIO, C/ 5 BACIAS, 1 LAVATORIO E 4 MICTORIOS (NAO INCLUI MOBILIZACAO/DESMOBILIZACAO) | E24: MES | F24: 12 | G24: 1059.37 | H24: =TRUNC(TRUNC(G24 * J5, 2) + G24, 2) -> 1276.54 | I24: =TRUNC(F24 * H24,2) -> 15318.48 | J24: =I24 / J4 -> 0.0020514852
A25: 4 | D25: INFRAESTRUTURA | F25: 1 | H25: =I26 + I27 + I28 + I29 + I30 + I31 + I32 + I33 + I34 + I35 + I36 + I37 + I38 + I39 -> 236769.64 | I25: =TRUNC(F25 * H25,2) -> 236769.64 | J25: =I25 / J4 -> 0.031708721
A26: 4.1 | B26: 104916 | C26: SINAPI | D26: ARMAÇÃO DE SAPATA ISOLADA, VIGA BALDRAME E SAPATA CORRIDA UTILIZANDO AÇO CA-60 DE 5 MM - MONTAGEM. AF_01/2024 | E26: KG | F26: 519.82 | G26: 17 | H26: =TRUNC(TRUNC(G26 * J5, 2) + G26, 2) -> 20.48 | I26: =TRUNC(F26 * H26,2) -> 10645.91 | J26: =I26 / J4 -> 0.0014257241
A27: 4.2 | B27: 104918 | C27: SINAPI | D27: ARMAÇÃO DE SAPATA ISOLADA, VIGA BALDRAME E SAPATA CORRIDA UTILIZANDO AÇO CA-50 DE 8 MM - MONTAGEM. AF_01/2024 | E27: KG | F27: 1239.09 | G27: 14.57 | H27: =TRUNC(TRUNC(G27 * J5, 2) + G27, 2) -> 17.55 | I27: =TRUNC(F27 * H27,2) -> 21746.02 | J27: =I27 / J4 -> 0.0029122758
A28: 4.3 | B28: 104917 | C28: SINAPI | D28: ARMAÇÃO DE SAPATA ISOLADA, VIGA BALDRAME E SAPATA CORRIDA UTILIZANDO AÇO CA-50 DE 6,3 MM - MONTAGEM. AF_01/2024 | E28: KG | F28: 0.36 | G28: 15.75 | H28: =TRUNC(TRUNC(G28 * J5, 2) + G28, 2) -> 18.97 | I28: =TRUNC(F28 * H28,2) -> 6.82 | J28: =I28 / J4 -> 9.1334969e-07
A29: 4.4 | B29: 104919 | C29: SINAPI | D29: ARMAÇÃO DE SAPATA ISOLADA, VIGA BALDRAME E SAPATA CORRIDA UTILIZANDO AÇO CA-50 DE 10 MM - MONTAGEM. AF_01/2024 | E29: KG | F29: 557.09 | G29: 12.95 | H29: =TRUNC(TRUNC(G29 * J5, 2) + G29, 2) -> 15.6 | I29: =TRUNC(F29 * H29,2) -> 8690.6 | J29: =I29 / J4 -> 0.0011638646
A30: 4.5 | B30: 104920 | C30: SINAPI | D30: ARMAÇÃO DE BLOCO, SAPATA ISOLADA, VIGA BALDRAME E SAPATA CORRIDA UTILIZANDO AÇO CA-50 DE 12,5 MM - MONTAGEM. AF_01/2024 | E30: KG | F30: 412.64 | G30: 10.95 | H30: =TRUNC(TRUNC(G30 * J5, 2) + G30, 2) -> 13.19 | I30: =TRUNC(F30 * H30,2) -> 5442.72 | J30: =I30 / J4 -> 0.00072890126
A31: 4.6 | B31: 96558 | C31: SINAPI | D31: CONCRETAGEM DE SAPATA, FCK 30 MPA, COM USO DE BOMBA - LANÇAMENTO, ADENSAMENTO E ACABAMENTO. AF_01/2024 | E31: m³ | F31: 21.15 | G31: 702.57 | H31: =TRUNC(TRUNC(G31 * J5, 2) + G31, 2) -> 846.59 | I31: =TRUNC(F31 * H31,2) -> 17905.37 | J31: =I31 / J4 -> 0.0023979273
A32: 4.7 | B32: 96538 | C32: SINAPI | D32: FABRICAÇÃO, MONTAGEM E DESMONTAGEM DE FÔRMA PARA SAPATA, EM CHAPA DE MADEIRA COMPENSADA RESINADA, E=17 MM, 2 UTILIZAÇÕES. AF_01/2024 | E32: m² | F32: 99.25 | G32: 248.52 | H32: =TRUNC(TRUNC(G32 * J5, 2) + G32, 2) -> 299.46 | I32: =TRUNC(F32 * H32,2) -> 29721.4 | J32: =I32 / J4 -> 0.0039803565
A33: 4.8 | B33: 96616 | C33: SINAPI | D33: LASTRO DE CONCRETO MAGRO, APLICADO EM BLOCOS DE COROAMENTO OU SAPATAS. AF_01/2024 | E33: m³ | F33: 6.35 | G33: 809.8 | H33: =TRUNC(TRUNC(G33 * J5, 2) + G33, 2) -> 975.8 | I33: =TRUNC(F33 * H33,2) -> 6196.33 | J33: =I33 / J4 -> 0.00082982641
A34: 4.9 | B34: 96521 | C34: SINAPI | D34: ESCAVAÇÃO MECANIZADA PARA BLOCO DE COROAMENTO OU SAPATA COM RETROESCAVADEIRA (INCLUINDO ESCAVAÇÃO PARA COLOCAÇÃO DE FÔRMAS). AF_01/2024 | E34: m³ | F34: 228.54 | G34: 40.6 | H34: =TRUNC(TRUNC(G34 * J5, 2) + G34, 2) -> 48.92 | I34: =TRUNC(F34 * H34,2) -> 11180.17 | J34: =I34 / J4 -> 0.0014972734
A35: 4.10 | B35: 96527 | C35: SINAPI | D35: ESCAVAÇÃO MANUAL PARA VIGA BALDRAME OU SAPATA CORRIDA (INCLUINDO ESCAVAÇÃO PARA COLOCAÇÃO DE FÔRMAS). AF_01/2024 | E35: m³ | F35: 74.75 | G35: 109.11 | H35: =TRUNC(TRUNC(G35 * J5, 2) + G35, 2) -> 131.47 | I35: =TRUNC(F35 * H35,2) -> 9827.38 | J35: =I35 / J4 -> 0.0013161048
A36: 4.11 | B36: 104741 | C36: SINAPI | D36: REATERRO MECANIZADO DE VALA COM MINICARREGADEIRA, COM PLACA VIBRATÓRIA. AF_08/2023 | E36: m³ | F36: 242.96 | G36: 23.21 | H36: =TRUNC(TRUNC(G36 * J5, 2) + G36, 2) -> 27.96 | I36: =TRUNC(F36 * H36,2) -> 6793.16 | J36: =I36 / J4 -> 0.00090975522
A37: 4.12 | B37: 96557 | C37: SINAPI | D37: CONCRETAGEM DE BLOCO DE COROAMENTO OU VIGA BALDRAME, FCK 30 MPA, COM USO DE BOMBA - LANÇAMENTO, ADENSAMENTO E ACABAMENTO. AF_01/2024 | E37: m³ | F37: 32.83 | G37: 670.71 | H37: =TRUNC(TRUNC(G37 * J5, 2) + G37, 2) -> 808.2 | I37: =TRUNC(F37 * H37,2) -> 26533.2 | J37: =I37 / J4 -> 0.0035533856
A38: 4.13 | B38: 96536 | C38: SINAPI | D38: FABRICAÇÃO, MONTAGEM E DESMONTAGEM DE FÔRMA PARA VIGA BALDRAME, EM MADEIRA SERRADA, E=25 MM, 4 UTILIZAÇÕES. AF_01/2024 | E38: m² | F38: 531.74 | G38: 73.38 | H38: =TRUNC(TRUNC(G38 * J5, 2) + G38, 2) -> 88.42 | I38: =TRUNC(F38 * H38,2) -> 47016.45 | J38: =I38 / J4 -> 0.0062965484
A39: 4.14 | B39: 98557 | C39: SINAPI | D39: IMPERMEABILIZAÇÃO DE SUPERFÍCIE COM EMULSÃO ASFÁLTICA, 2 DEMÃOS. AF_09/2023 | E39: m² | F39: 630.99 | G39: 46.12 | H39: =TRUNC(TRUNC(G39 * J5, 2) + G39, 2) -> 55.57 | I39: =TRUNC(F39 * H39,2) -> 35064.11 | J39: =I39 / J4 -> 0.0046958642
A40: 5 | D40: SUPERESTRUTURA | F40: 1 | H40: =I41 + I42 + I43 + I44 + I45 + I46 + I47 + I48 + I49 + I50 -> 577093.46 | I40: =TRUNC(F40 * H40,2) -> 577093.46 | J40: =I40 / J4 -> 0.07728565
A41: 5.1 | B41: 92762 | C41: SINAPI | D41: ARMAÇÃO DE PILAR OU VIGA DE ESTRUTURA CONVENCIONAL DE CONCRETO ARMADO UTILIZANDO AÇO CA-50 DE 10,0 MM - MONTAGEM. AF_06/2022 | E41: KG | F41: 1859.73 | G41: 11.23 | H41: =TRUNC(TRUNC(G41 * J5, 2) + G41, 2) -> 13.53 | I41: =TRUNC(F41 * H41,2) -> 25162.14 | J41: =I41 / J4 -> 0.0033697702
A42: 5.2 | B42: 92763 | C42: SINAPI | D42: ARMAÇÃO DE PILAR OU VIGA DE ESTRUTURA CONVENCIONAL DE CONCRETO ARMADO UTILIZANDO AÇO CA-50 DE 12,5 MM - MONTAGEM. AF_06/2022 | E42: KG | F42: 154.73 | G42: 9.4 | H42: =TRUNC(TRUNC(G42 * J5, 2) + G42, 2) -> 11.32 | I42: =TRUNC(F42 * H42,2) -> 1751.54 | J42: =I42 / J4 -> 0.00023457016
A43: 5.3 | B43: 92759 | C43: SINAPI | D43: ARMAÇÃO DE PILAR OU VIGA DE ESTRUTURA CONVENCIONAL DE CONCRETO ARMADO UTILIZANDO AÇO CA-60 DE 5,0 MM - MONTAGEM. AF_06/2022 | E43: KG | F43: 1157.45 | G43: 14.3 | H43: =TRUNC(TRUNC(G43 * J5, 2) + G43, 2) -> 17.23 | I43: =TRUNC(F43 * H43,2) -> 19942.86 | J43: =I43 / J4 -> 0.0026707925
A44: 5.4 | B44: 92761 | C44: SINAPI | D44: ARMAÇÃO DE PILAR OU VIGA DE ESTRUTURA CONVENCIONAL DE CONCRETO ARMADO UTILIZANDO AÇO CA-50 DE 8,0 MM - MONTAGEM. AF_06/2022 | E44: KG | F44: 966.45 | G44: 12.6 | H44: =TRUNC(TRUNC(G44 * J5, 2) + G44, 2) -> 15.18 | I44: =TRUNC(F44 * H44,2) -> 14670.71 | J44: =I44 / J4 -> 0.0019647344
A45: 5.5 | B45: 92760 | C45: SINAPI | D45: ARMAÇÃO DE PILAR OU VIGA DE ESTRUTURA CONVENCIONAL DE CONCRETO ARMADO UTILIZANDO AÇO CA-50 DE 6,3 MM - MONTAGEM. AF_06/2022 | E45: KG | F45: 5 | G45: 13.47 | H45: =TRUNC(TRUNC(G45 * J5, 2) + G45, 2) -> 16.23 | I45: =TRUNC(F45 * H45,2) -> 81.15 | J45: =I45 / J4 -> 1.086779e-05
A46: 5.6 | B46: 92456 | C46: SINAPI | D46: MONTAGEM E DESMONTAGEM DE FÔRMA DE VIGA, ESCORAMENTO METÁLICO, PÉ-DIREITO SIMPLES, EM CHAPA DE MADEIRA RESINADA, 4 UTILIZAÇÕES. AF_09/2020 | E46: m² | F46: 615.54 | G46: 158.33 | H46: =TRUNC(TRUNC(G46 * J5, 2) + G46, 2) -> 190.78 | I46: =TRUNC(F46 * H46,2) -> 117432.72 | J46: =I46 / J4 -> 0.015726853
A47: 5.7 | B47: 92419 | C47: SINAPI | D47: MONTAGEM E DESMONTAGEM DE FÔRMA DE PILARES RETANGULARES E ESTRUTURAS SIMILARES, PÉ-DIREITO SIMPLES, EM CHAPA DE MADEIRA COMPENSADA RESINADA, 4 UTILIZAÇÕES. AF_09/2020 | E47: m² | F47: 429.79 | G47: 92.18 | H47: =TRUNC(TRUNC(G47 * J5, 2) + G47, 2) -> 111.07 | I47: =TRUNC(F47 * H47,2) -> 47736.77 | J47: =I47 / J4 -> 0.0063930153
A48: 5.8 | B48: 3060 | C48: Próprio | D48: LAJE PRÉ-MOLDADA UNIDIRECIONAL B16, BIAPOIADA, PARA FORRO OU PISO, ENCHIMENTO EM EPS 40x40, VIGOTA CONVENCIONAL, ALTURA TOTAL DA LAJE (ENCHIMENTO+CAPA) = (12+4) | E48: m² | F48: 1094.9 | G48: 190.49 | H48: =TRUNC(TRUNC(G48 * J5, 2) + G48, 2) -> 229.54 | I48: =TRUNC(F48 * H48,2) -> 251323.34 | J48: =I48 / J4 -> 0.033657785
A49: 5.9 | B49: 604 | C49: Próprio | D49: CONCRETAGEM DE PILARES, VIGAS E LAJES (PRE MOLDADAS OU MACIÇA) FCK = 30 MPA, COM USO DE BOMBA EM EDIFICAÇÃO - LANÇAMENTO, ADENSAMENTO E ACABAMENTO. | E49: m³ | F49: 75.56 | G49: 576.13 | H49: =TRUNC(TRUNC(G49 * J5, 2) + G49, 2) -> 694.23 | I49: =TRUNC(F49 * H49,2) -> 52456.01 | J49: =I49 / J4 -> 0.0070250265
A50: 5.10 | B50: 97090 | C50: SINAPI | D50: ARMAÇÃO PARA EXECUÇÃO DE RADIER, PISO DE CONCRETO OU LAJE SOBRE SOLO, COM USO DE TELA Q-138. AF_09/2021 | E50: KG | F50: 2745.5 | G50: 14.07 | H50: =TRUNC(TRUNC(G50 * J5, 2) + G50, 2) -> 16.95 | I50: =TRUNC(F50 * H50,2) -> 46536.22 | J50: =I50 / J4 -> 0.0062322349
A51: 6 | D51: PAREDES E DIVISÓRIAS | F51: 1 | H51: =I52 + I53 + I54 + I55 + I56 + I57 + I58 -> 356105.95 | I51: =TRUNC(F51 * H51,2) -> 356105.95 | J51: =I51 / J4 -> 0.047690507
A52: 6.1 | B52: 103330 | C52: SINAPI | D52: ALVENARIA DE VEDAÇÃO DE BLOCOS CERÂMICOS FURADOS NA HORIZONTAL DE 11,5X19X19 CM (ESPESSURA 11,5 CM) E ARGAMASSA DE ASSENTAMENTO COM PREPARO EM BETONEIRA. AF_12/2021 | E52: m² | F52: 1628.16 | G52: 78.94 | H52: =TRUNC(TRUNC(G52 * J5, 2) + G52, 2) -> 95.12 | I52: =TRUNC(F52 * H52,2) -> 154870.57 | J52: =I52 / J4 -> 0.020740614
A53: 6.2 | B53: 101161 | C53: SINAPI | D53: ALVENARIA DE VEDAÇÃO COM ELEMENTO VAZADO DE CONCRETO (COBOGÓ) DE 7X50X50CM E ARGAMASSA DE ASSENTAMENTO COM PREPARO EM BETONEIRA. AF_05/2020 | E53: m² | F53: 18.83 | G53: 226.45 | H53: =TRUNC(TRUNC(G53 * J5, 2) + G53, 2) -> 272.87 | I53: =TRUNC(F53 * H53,2) -> 5138.14 | J53: =I53 / J4 -> 0.00068811123
A54: 6.3 | B54: 350 | C54: Próprio | D54: MURO EM ALVENARIA BLOCO CERÂMICO, E= 0,09M, C/ ALV DE PEDRA GRANÍTICA, 0,35 X 0,60M, COLUNAS (9X20CM) E CINTAMENTO (9X15CM) SUPERIOR E INFERIOR CONCRETO ARMADO FCK = 20,0 MPA CADA 3,00M, CHAPISCO E REBOCO | E54: m² | F54: 414.18 | G54: 229 | H54: =TRUNC(TRUNC(G54 * J5, 2) + G54, 2) -> 275.94 | I54: =TRUNC(F54 * H54,2) -> 114288.82 | J54: =I54 / J4 -> 0.015305815
A55: 6.4 | B55: 101966 | C55: SINAPI | D55: CHAPIM SOBRE MUROS LINEARES, EM GRANITO OU MÁRMORE, L = 25 CM, ASSENTADO COM ARGAMASSA 1:6 COM ADITIVO. AF_11/2020 | E55: M | F55: 180.6 | G55: 197.64 | H55: =TRUNC(TRUNC(G55 * J5, 2) + G55, 2) -> 238.15 | I55: =TRUNC(F55 * H55,2) -> 43009.89 | J55: =I55 / J4 -> 0.0057599809
A56: 6.5 | B56: 102253 | C56: SINAPI | D56: DIVISORIA SANITÁRIA, TIPO CABINE, EM GRANITO CINZA POLIDO, ESP = 3CM, ASSENTADO COM ARGAMASSA COLANTE AC III-E, EXCLUSIVE FERRAGENS. AF_01/2021 | E56: m² | F56: 14.63 | G56: 1058.51 | H56: =TRUNC(TRUNC(G56 * J5, 2) + G56, 2) -> 1275.5 | I56: =TRUNC(F56 * H56,2) -> 18660.56 | J56: =I56 / J4 -> 0.002499064
A57: 6.6 | B57: 103324 | C57: SINAPI | D57: ALVENARIA DE VEDAÇÃO DE BLOCOS CERÂMICOS FURADOS NA VERTICAL DE 14X19X39 CM (ESPESSURA 14 CM) E ARGAMASSA DE ASSENTAMENTO COM PREPARO EM BETONEIRA. AF_12/2021 | E57: m² | F57: 33.73 | G57: 74.08 | H57: =TRUNC(TRUNC(G57 * J5, 2) + G57, 2) -> 89.26 | I57: =TRUNC(F57 * H57,2) -> 3010.73 | J57: =I57 / J4 -> 0.00040320371
A58: 6.7 | B58: 93202 | C58: SINAPI | D58: FIXAÇÃO (ENCUNHAMENTO) DE ALVENARIA DE VEDAÇÃO COM TIJOLO MACIÇO. AF_03/2024 | E58: M | F58: 522.65 | G58: 27.2 | H58: =TRUNC(TRUNC(G58 * J5, 2) + G58, 2) -> 32.77 | I58: =TRUNC(F58 * H58,2) -> 17127.24 | J58: =I58 / J4 -> 0.0022937184
A59: 7 | D59: COBERTURA E IMPERMEABILIZAÇÃO | F59: 1 | H59: =I60 + I61 + I62 + I63 + I64 + I65 + I66 + I67 + I68 + I69 + I70 + I71 -> 554285.99 | I59: =TRUNC(F59 * H59,2) -> 554285.99 | J59: =I59 / J4 -> 0.074231222
A60: 7.1 | B60: 101964 | C60: SINAPI | D60: LAJE PRÉ-MOLDADA UNIDIRECIONAL, BIAPOIADA, PARA FORRO, ENCHIMENTO EM CERÂMICA, VIGOTA CONVENCIONAL, ALTURA TOTAL DA LAJE (ENCHIMENTO+CAPA) = (8+3). AF_11/2020 | E60: m² | F60: 12.06 | G60: 193.32 | H60: =TRUNC(TRUNC(G60 * J5, 2) + G60, 2) -> 232.95 | I60: =TRUNC(F60 * H60,2) -> 2809.37 | J60: =I60 / J4 -> 0.00037623713
A61: 7.2 | B61: 3120 | C61: Próprio | D61: ESTRUTURA TRELIÇADA DE COBERTURA, TIPO FINK, COM LIGAÇÕES SOLDADAS, INCLUSOS PERFIS METÁLICOS, CHAPAS METÁLICAS, MÃO DE OBRA E TRANSPORTE COM GUINDASTE - FORNECIMENTO E INSTALAÇÃO. AF_01/2020_PSA | E61: KG | F61: 3465.64 | G61: 14.39 | H61: =TRUNC(TRUNC(G61 * J5, 2) + G61, 2) -> 17.33 | I61: =TRUNC(F61 * H61,2) -> 60059.54 | J61: =I61 / J4 -> 0.0080433082
A62: 7.3 | B62: 94216 | C62: SINAPI | D62: TELHAMENTO COM TELHA METÁLICA TERMOACÚSTICA E = 30 MM, COM ATÉ 2 ÁGUAS, INCLUSO IÇAMENTO. AF_07/2019 | E62: m² | F62: 1037.26 | G62: 209.55 | H62: =TRUNC(TRUNC(G62 * J5, 2) + G62, 2) -> 252.5 | I62: =TRUNC(F62 * H62,2) -> 261908.15 | J62: =I62 / J4 -> 0.035075327
A63: 7.4 | B63: 101979 | C63: SINAPI | D63: CHAPIM (RUFO CAPA) EM AÇO GALVANIZADO, CORTE 33. AF_11/2020 | E63: M | F63: 134.65 | G63: 39.55 | H63: =TRUNC(TRUNC(G63 * J5, 2) + G63, 2) -> 47.65 | I63: =TRUNC(F63 * H63,2) -> 6416.07 | J63: =I63 / J4 -> 0.00085925448
A64: 7.5 | B64: 94229 | C64: SINAPI | D64: CALHA EM CHAPA DE AÇO GALVANIZADO NÚMERO 24, DESENVOLVIMENTO DE 100 CM, INCLUSO TRANSPORTE VERTICAL. AF_07/2019 | E64: M | F64: 85.1 | G64: 148.82 | H64: =TRUNC(TRUNC(G64 * J5, 2) + G64, 2) -> 179.32 | I64: =TRUNC(F64 * H64,2) -> 15260.13 | J64: =I64 / J4 -> 0.0020436708
A65: 7.6 | B65: 98680 | C65: SINAPI | D65: PISO CIMENTADO, TRAÇO 1:5 (CIMENTO E AREIA), ACABAMENTO LISO, ESPESSURA 3,0 CM, PREPARO MECÂNICO DA ARGAMASSA. AF_02/2026 | E65: m² | F65: 385.93 | G65: 46.99 | H65: =TRUNC(TRUNC(G65 * J5, 2) + G65, 2) -> 56.62 | I65: =TRUNC(F65 * H65,2) -> 21851.35 | J65: =I65 / J4 -> 0.0029263818
A66: 7.7 | B66: 98546 | C66: SINAPI | D66: IMPERMEABILIZAÇÃO DE SUPERFÍCIE COM MANTA ASFÁLTICA, UMA CAMADA, INCLUSIVE APLICAÇÃO DE PRIMER ASFÁLTICO, E=4MM. AF_09/2023 | E66: m² | F66: 460.06 | G66: 136.85 | H66: =TRUNC(TRUNC(G66 * J5, 2) + G66, 2) -> 164.9 | I66: =TRUNC(F66 * H66,2) -> 75863.89 | J66: =I66 / J4 -> 0.010159862
A67: 7.8 | B67: 98563 | C67: SINAPI | D67: PROTEÇÃO MECÂNICA DE SUPERFÍCIE HORIZONTAL COM ARGAMASSA DE CIMENTO E AREIA, TRAÇO 1:3, E=2CM. AF_09/2023 | E67: m² | F67: 385.93 | G67: 38.53 | H67: =TRUNC(TRUNC(G67 * J5, 2) + G67, 2) -> 46.42 | I67: =TRUNC(F67 * H67,2) -> 17914.87 | J67: =I67 / J4 -> 0.0023991996
A68: 7.9 | B68: 98558 | C68: SINAPI | D68: TRATAMENTO DE RALO OU PONTO EMERGENTE COM ARGAMASSA POLIMÉRICA / MEMBRANA ACRÍLICA REFORÇADO COM TELA DE POLIÉSTER (MAV). AF_09/2023 | E68: UN | F68: 21 | G68: 10.09 | H68: =TRUNC(TRUNC(G68 * J5, 2) + G68, 2) -> 12.15 | I68: =TRUNC(F68 * H68,2) -> 255.15 | J68: =I68 / J4 -> 3.417026e-05
A69: 7.10 | B69: 94231 | C69: SINAPI | D69: RUFO EM CHAPA DE AÇO GALVANIZADO NÚMERO 24, CORTE DE 25 CM, INCLUSO TRANSPORTE VERTICAL. AF_07/2019 | E69: M | F69: 473.5 | G69: 46.74 | H69: =TRUNC(TRUNC(G69 * J5, 2) + G69, 2) -> 56.32 | I69: =TRUNC(F69 * H69,2) -> 26667.52 | J69: =I69 / J4 -> 0.0035713741
A70: 7.11 | B70: 103314 | C70: SINAPI | D70: INSTALAÇÃO DE PERGOLADO DE MADEIRA, EM MAÇARANDUBA, ANGELIM OU EQUIVALENTE DA REGIÃO, FIXADO COM CONCRETO SOBRE PISO DE CONCRETO EXISTENTE. AF_11/2021 | E70: m² | F70: 20.45 | G70: 285.18 | H70: =TRUNC(TRUNC(G70 * J5, 2) + G70, 2) -> 343.64 | I70: =TRUNC(F70 * H70,2) -> 7027.43 | J70: =I70 / J4 -> 0.00094112918
A71: 7.12 | B71: 92580 | C71: SINAPI | D71: TRAMA DE AÇO COMPOSTA POR TERÇAS PARA TELHADOS DE ATÉ 2 ÁGUAS PARA TELHA ONDULADA DE FIBROCIMENTO, METÁLICA, PLÁSTICA OU TERMOACÚSTICA, INCLUSO TRANSPORTE VERTICAL. AF_07/2019 | E71: m² | F71: 1037.26 | G71: 46.61 | H71: =TRUNC(TRUNC(G71 * J5, 2) + G71, 2) -> 56.16 | I71: =TRUNC(F71 * H71,2) -> 58252.52 | J71: =I71 / J4 -> 0.0078013081
A72: 8 | D72: PORTAS E ESQUADRIAS | F72: 1 | H72: =I73 + I77 + I85 -> 263515.88 | I72: =TRUNC(F72 * H72,2) -> 263515.88 | J72: =I72 / J4 -> 0.035290637
A73: 8.1 | D73: VERGAS E CONTRAVERGAS | F73: 1 | H73: =I74 + I75 + I76 -> 34727.24 | I73: =TRUNC(F73 * H73,2) -> 34727.24 | J73: =I73 / J4 -> 0.0046507498
A74: 8.1.1 | B74: 93187 | C74: SINAPI | D74: VERGA MOLDADA IN LOCO EM CONCRETO, ESPESSURA DE *20* CM. AF_03/2024 | E74: M | F74: 229.6 | G74: 77.94 | H74: =TRUNC(TRUNC(G74 * J5, 2) + G74, 2) -> 93.91 | I74: =TRUNC(F74 * H74,2) -> 21561.73 | J74: =I74 / J4 -> 0.0028875952
A75: 8.1.2 | B75: 93197 | C75: SINAPI | D75: CONTRAVERGA MOLDADA IN LOCO EM CONCRETO, ESPESSURA DE *20* CM. AF_03/2024 | E75: M | F75: 143.65 | G75: 57.75 | H75: =TRUNC(TRUNC(G75 * J5, 2) + G75, 2) -> 69.58 | I75: =TRUNC(F75 * H75,2) -> 9995.16 | J75: =I75 / J4 -> 0.0013385742
A76: 8.1.3 | B76: 94589 | C76: SINAPI | D76: CONTRAMARCO DE ALUMÍNIO, FIXAÇÃO COM ARGAMASSA - FORNECIMENTO E INSTALAÇÃO. AF_11/2024 | E76: M | F76: 143.65 | G76: 18.32 | H76: =TRUNC(TRUNC(G76 * J5, 2) + G76, 2) -> 22.07 | I76: =TRUNC(F76 * H76,2) -> 3170.35 | J76: =I76 / J4 -> 0.00042458038
A77: 8.2 | D77: PORTAS EM MADEIRA | F77: 1 | H77: =I78 + I79 + I80 + I81 + I82 + I83 + I84 -> 25402.85 | I77: =TRUNC(F77 * H77,2) -> 25402.85 | J77: =I77 / J4 -> 0.0034020066
A78: 8.2.1 | B78: 100675 | C78: SINAPI | D78: KIT DE PORTA-PRONTA DE MADEIRA EM ACABAMENTO MELAMÍNICO BRANCO, FOLHA LEVE OU MÉDIA, 90X210, EXCLUSIVE FECHADURA, FIXAÇÃO COM PREENCHIMENTO TOTAL DE ESPUMA EXPANSIVA - FORNECIMENTO E INSTALAÇÃO. AF_12/2019 | E78: UN | F78: 4 | G78: 684.98 | H78: =TRUNC(TRUNC(G78 * J5, 2) + G78, 2) -> 825.4 | I78: =TRUNC(F78 * H78,2) -> 3301.6 | J78: =I78 / J4 -> 0.00044215767
A79: 8.2.2 | B79: 363 | C79: Próprio | D79: CHAPA DE ACO GALVANIZADA, E = 0,50 MM4,00 KG/M2), CONTRA IMPACTO - FORNECIMENTO E INSTALACAO | E79: m² | F79: 3.6 | G79: 80.8 | H79: =TRUNC(TRUNC(G79 * J5, 2) + G79, 2) -> 97.36 | I79: =TRUNC(F79 * H79,2) -> 350.49 | J79: =I79 / J4 -> 4.6938407e-05
A80: 8.2.3 | B80: 90831 | C80: SINAPI | D80: FECHADURA DE EMBUTIR PARA PORTA DE BANHEIRO, COMPLETA, ACABAMENTO PADRÃO MÉDIO, INCLUSO EXECUÇÃO DE FURO - FORNECIMENTO E INSTALAÇÃO. AF_12/2019 | E80: UN | F80: 4 | G80: 167 | H80: =TRUNC(TRUNC(G80 * J5, 2) + G80, 2) -> 201.23 | I80: =TRUNC(F80 * H80,2) -> 804.92 | J80: =I80 / J4 -> 0.00010779669
A81: 8.2.4 | B81: 100874 | C81: SINAPI | D81: PUXADOR PARA PCD, FIXADO NA PORTA - FORNECIMENTO E INSTALAÇÃO. AF_01/2020 | E81: UN | F81: 8 | G81: 326.5 | H81: =TRUNC(TRUNC(G81 * J5, 2) + G81, 2) -> 393.43 | I81: =TRUNC(F81 * H81,2) -> 3147.44 | J81: =I81 / J4 -> 0.00042151222
A82: 8.2.5 | B82: 90790 | C82: SINAPI | D82: KIT DE PORTA-PRONTA DE MADEIRA EM ACABAMENTO MELAMÍNICO BRANCO, FOLHA LEVE OU MÉDIA, 80X210CM, EXCLUSIVE FECHADURA, FIXAÇÃO COM PREENCHIMENTO PARCIAL DE ESPUMA EXPANSIVA - FORNECIMENTO E INSTALAÇÃO. AF_12/2019 | E82: UN | F82: 14 | G82: 613.93 | H82: =TRUNC(TRUNC(G82 * J5, 2) + G82, 2) -> 739.78 | I82: =TRUNC(F82 * H82,2) -> 10356.92 | J82: =I82 / J4 -> 0.0013870219
A83: 8.2.6 | B83: 657 | C83: Próprio | D83: KIT DE PORTA-PRONTA DE MADEIRA EM ACABAMENTO MELAMÍNICO BRANCO DE CORRER, FOLHA LEVE OU MÉDIA, 80X210CM, EXCLUSIVE FECHADURA- FORNECIMENTO E INSTALAÇÃO. | E83: un | F83: 4 | G83: 687.72 | H83: =TRUNC(TRUNC(G83 * J5, 2) + G83, 2) -> 828.7 | I83: =TRUNC(F83 * H83,2) -> 3314.8 | J83: =I83 / J4 -> 0.00044392545
A84: 8.2.7 | B84: 90830 | C84: SINAPI | D84: FECHADURA DE EMBUTIR COM CILINDRO, EXTERNA, COMPLETA, ACABAMENTO PADRÃO MÉDIO, INCLUSO EXECUÇÃO DE FURO - FORNECIMENTO E INSTALAÇÃO. AF_12/2019 | E84: UN | F84: 18 | G84: 190.26 | H84: =TRUNC(TRUNC(G84 * J5, 2) + G84, 2) -> 229.26 | I84: =TRUNC(F84 * H84,2) -> 4126.68 | J84: =I84 / J4 -> 0.00055265424
A85: 8.3 | D85: ESQUADRIA DE ALUMINIO E VIDRO | F85: 1 | H85: =I86 + I87 + I88 + I89 + I90 + I91 + I92 + I93 + I94 + I95 + I96 + I97 -> 203385.79 | I85: =TRUNC(F85 * H85,2) -> 203385.79 | J85: =I85 / J4 -> 0.027237881
A86: 8.3.1 | B86: 94573 | C86: SINAPI | D86: JANELA DE ALUMÍNIO DE CORRER COM 4 FOLHAS PARA VIDROS (VIDROS INCLUSOS), COM BANDEIRA, BATENTE/ REQUADRO 6 A 14 CM, ACABAMENTO COM ACETATO OU BRILHANTE, FIXAÇÃO COM PARAFUSO, SEM GUARNIÇÃO/ ALIZAR, DIMENSÕES 150X120 CM, VEDAÇÃO COM SILICONE, EXCLUSIVE CONTRAMARCO - FORNECIMENTO E INSTALAÇÃO. AF_11/2024 | E86: m² | F86: 141.5 | G86: 276.19 | H86: =TRUNC(TRUNC(G86 * J5, 2) + G86, 2) -> 332.8 | I86: =TRUNC(F86 * H86,2) -> 47091.2 | J86: =I86 / J4 -> 0.0063065591
A87: 8.3.2 | B87: 94570 | C87: SINAPI | D87: JANELA DE ALUMÍNIO DE CORRER COM 2 FOLHAS PARA VIDROS (VIDROS INCLUSOS), BATENTE/ REQUADRO 6 A 14 CM, ACABAMENTO COM ACETATO OU BRILHANTE, FIXAÇÃO COM PARAFUSO, SEM GUARNIÇÃO/ ALIZAR, DIMENSÕES 100X120 CM, VEDAÇÃO COM SILICONE, EXCLUSIVE CONTRAMARCO - FORNECIMENTO E INSTALAÇÃO. AF_11/2024 | E87: m² | F87: 74.22 | G87: 249.73 | H87: =TRUNC(TRUNC(G87 * J5, 2) + G87, 2) -> 300.92 | I87: =TRUNC(F87 * H87,2) -> 22334.28 | J87: =I87 / J4 -> 0.0029910568
A88: 8.3.3 | B88: 91341 | C88: SINAPI | D88: PORTA EM ALUMÍNIO DE ABRIR TIPO VENEZIANA COM GUARNIÇÃO, FIXAÇÃO COM PARAFUSOS - FORNECIMENTO E INSTALAÇÃO. AF_10/2025 | E88: m² | F88: 54.75 | G88: 485.94 | H88: =TRUNC(TRUNC(G88 * J5, 2) + G88, 2) -> 585.55 | I88: =TRUNC(F88 * H88,2) -> 32058.86 | J88: =I88 / J4 -> 0.0042933944
A89: 8.3.4 | B89: 470 | C89: Próprio | D89: TELA EM POLIETILENO ANTI INSETO NA COR BRANCA 2X2MM FORMADO POR CANTONEIRA ALUMINIO 1X1/8 + BARRA CHATA ALUMINIO 7/8 X 1/8 | E89: m² | F89: 14.5 | G89: 100.05 | H89: =TRUNC(TRUNC(G89 * J5, 2) + G89, 2) -> 120.56 | I89: =TRUNC(F89 * H89,2) -> 1748.12 | J89: =I89 / J4 -> 0.00023411215
A90: 8.3.5 | B90: 471 | C90: Próprio | D90: GUARDA CORPO COM CORRIMÃO DUPLO DE AÇO GALVANIZADO D 1,1M , MONTANTES TUBULARES DE 1.1/4 ESPAÇADOS DE 1.2M, TRAVESSA SUPERIOR DE 1.1/2, GRADIL, FORMADO POR TUBOS HORIZONTAIS DE 1 E VERTICAIS DE /34, FIXADO COMCUMBADOR MECANICO | E90: M | F90: 26.8 | G90: 749.67 | H90: =TRUNC(TRUNC(G90 * J5, 2) + G90, 2) -> 903.35 | I90: =TRUNC(F90 * H90,2) -> 24209.78 | J90: =I90 / J4 -> 0.003242228
A91: 8.3.6 | B91: 468 | C91: Próprio | D91: PORTÃO COM GRADIL NYLOFOR 3D, MALHA 20X5CM, DIM. 5MM 250X103CM, PINTURA BRANCA VERDE E PRETA, BELGO OU SIMILAR , INCLUI POSTES E ACESSÓRIOS | E91: m² | F91: 25.39 | G91: 202.46 | H91: =TRUNC(TRUNC(G91 * J5, 2) + G91, 2) -> 243.96 | I91: =TRUNC(F91 * H91,2) -> 6194.14 | J91: =I91 / J4 -> 0.00082953312
A92: 8.3.7 | B92: 658 | C92: Próprio | D92: GRADIL NYLOFOR H=1.53 M INCLUSIVE POSTE OU EQUIVALENTE | E92: un | F92: 68.85 | G92: 300.53 | H92: =TRUNC(TRUNC(G92 * J5, 2) + G92, 2) -> 362.13 | I92: =TRUNC(F92 * H92,2) -> 24932.65 | J92: =I92 / J4 -> 0.0033390364
A93: 8.3.8 | B93: 659 | C93: Próprio | D93: PORTA DE CORRER COM JANELA FIXA ( 3,0m x 2,50m) - P1 | E93: un | F93: 4 | G93: 2793.87 | H93: =TRUNC(TRUNC(G93 * J5, 2) + G93, 2) -> 3366.61 | I93: =TRUNC(F93 * H93,2) -> 13466.44 | J93: =I93 / J4 -> 0.0018034558
A94: 8.3.9 | B94: 660 | C94: Próprio | D94: PORTA DE ABRI COM JANELA FIXA ( 1,25m x 2,50m) - P1A | E94: un | F94: 1 | G94: 1162.41 | H94: =TRUNC(TRUNC(G94 * J5, 2) + G94, 2) -> 1400.7 | I94: =TRUNC(F94 * H94,2) -> 1400.7 | J94: =I94 / J4 -> 0.00018758488
A95: 8.3.10 | B95: 927 | C95: Próprio | D95: GRADIL NYLOFOR H=2.43 M INCLUSIVE POSTE OU EQUIVALENTE | E95: un | F95: 29.85 | G95: 423.33 | H95: =TRUNC(TRUNC(G95 * J5, 2) + G95, 2) -> 510.11 | I95: =TRUNC(F95 * H95,2) -> 15226.78 | J95: =I95 / J4 -> 0.0020392045
A96: 8.3.11 | B96: 928 | C96: Próprio | D96: PORTÃO COM GRADIL NYLOFOR 3D, MALHA 20X5CM, DIM. 5MM 150X103CM, PINTURA BRANCA VERDE E PRETA, BELGO OU SIMILAR , INCLUI POSTES E ACESSÓRIOS | E96: un | F96: 4.8 | G96: 477.83 | H96: =TRUNC(TRUNC(G96 * J5, 2) + G96, 2) -> 575.78 | I96: =TRUNC(F96 * H96,2) -> 2763.74 | J96: =I96 / J4 -> 0.00037012626
A97: 8.3.12 | B97: 955 | C97: Próprio | D97: PORTA DE CORRER DE 04 FOLHAS EM VIDRO (DUAS FIXAS E DUAS MÓVEIS) PF-6 C/ FERRAGENS | E97: un | F97: 10 | G97: 992.46 | H97: =TRUNC(TRUNC(G97 * J5, 2) + G97, 2) -> 1195.91 | I97: =TRUNC(F97 * H97,2) -> 11959.1 | J97: =I97 / J4 -> 0.0016015895
A98: 9 | D98: REVESTIMENTOS | F98: 1 | H98: =I99 + I107 + I116 -> 780012.78 | I98: =TRUNC(F98 * H98,2) -> 780012.78 | J98: =I98 / J4 -> 0.10446106
A99: 9.1 | D99: PAREDES | F99: 1 | H99: =I100 + I101 + I102 + I103 + I104 + I105 + I106 -> 368818.23 | I99: =TRUNC(F99 * H99,2) -> 368818.23 | J99: =I99 / J4 -> 0.049392964
A100: 9.1.1 | B100: 87879 | C100: SINAPI | D100: CHAPISCO APLICADO EM ALVENARIAS E ESTRUTURAS DE CONCRETO INTERNAS, COM COLHER DE PEDREIRO. ARGAMASSA TRAÇO 1:3 COM PREPARO EM BETONEIRA 400L. AF_10/2022 | E100: m² | F100: 3256.31 | G100: 4.44 | H100: =TRUNC(TRUNC(G100 * J5, 2) + G100, 2) -> 5.35 | I100: =TRUNC(F100 * H100,2) -> 17421.25 | J100: =I100 / J4 -> 0.0023330929
...

Sheet MC - CRECHE 10 SALAS RASA
D1: MEMÓRIA DE CÁLCULO - ORÇAMENTO CRECHE 10 SALAS - FUNDAÇÕES RASA
D2: Item | E2: Descrição | F2: Unid. | G2: Taxa | H2: Comp. | I2: Larg. | J2: Alt. | K2: Quant. | L2: Total
D3: 1 | E3: ADMINISTRAÇÃO LOCAL
A4: 1 | B4: 1 | D4: =CONCATENATE($A$4,".",B4,) -> 1.1 | E4: ADMINISTRAÇÃO LOCAL CRECHE 10 SALAS | F4: M2 | K4: 1 | L4: =PRODUCT(G4:K4) -> 1
D5: 2 | E5: TERRAPLENAGEM
D6: 2.1 | E6: ESCAVAÇÃO MECANIZADA DE VALA COM PROF. ATÉ 1,5 M (MÉDIA MONTANTE E JUSANTE/UMA COMPOSIÇÃO POR TRECHO), ESCAVADEIRA (0,8 M3), LARG. DE 1,5 M A 2,5 M, EM SOLO MOLE, LOCAIS COM BAIXO NÍVEL DE INTERFERÊNCIA. AF_09/2024 | F6: M3
H7: 6806 | L7: =H7 -> 6806
E9: Total item 2.1.1 | L9: =L7 -> 6806
D11: 2.2 | E11: ATERRO MECANIZADO DE VALA COM MINICARREGADEIRA, COM SOLO ARGILO-ARENOSO. AF_08/2023 | F11: M3
E12: Volume | H12: 1985.32 | L12: =H12 -> 1985.32
E14: Total item 2.1.2 | L14: =L12 -> 1985.32
D16: 2.3 | E16: TRANSPORTE COM CAMINHÃO BASCULANTE DE 14 M³, EM VIA URBANA PAVIMENTADA, DMT ATÉ 30 KM (UNIDADE: M3XKM). AF_07/2020 | F16: M3XKM
H18: 8860 | L18: =H18 -> 8860
E20: Total item 2.1.3 | L20: =L18 -> 8860
D22: 2.4 | E22: PEDRA ARGAMASSADA COM CIMENTO E AREIA 1:3, 40% DE ARGAMASSA EM VOLUME - AREIA E PEDRA DE MÃO COMERCIAIS - FORNECIMENTO E ASSENTAMENTO. AF_08/2022 | F22: M3
H24: 1589.06 | L24: =H24 -> 1589.06
E26: Total item 2.1.4 | L26: =L24 -> 1589.06
D28: 3 | E28: INSTALAÇÕES PROVISÓRIAS
A29: 3 | B29: 1 | D29: 3.1 | E29: FORNECIMENTO E INSTALAÇÃO DE PLACA DE OBRA COM CHAPA GALVANIZADA E ESTRUTURA DE MADEIRA. AF_03/2022_PS | F29: M2 | K29: 15 | L29: =PRODUCT(G29:K29) -> 15
B30: =B29+1 -> 2 | D30: 3.2 | E30: LIGACAO PROVISORIA DE AGUA -PARA MEDICAO DE AGUA - ENTRADA PRINCIPAL, EM PVC SOLDÁVEL DN 25 (¾") FORNECIMENTO E INSTALAÇÃO (INCLUSIVE HIDRÔMETRO) | F30: UN | K30: 1 | L30: =PRODUCT(G30:K30) -> 1
B31: =B30+1 -> 3 | D31: 3.3 | E31: INSTALACAO/LIGACAO PROVISORIA ELETRICA BAIXA TENSAO P/CANTEIRO DE OBRA | F31: UN | K31: 1 | L31: =PRODUCT(G31:K31) -> 1
B32: =B31+1 -> 4 | D32: 3.4 | E32: TAPUME COM TELHA METÁLICA. | F32: M2 | K32: 480 | L32: =PRODUCT(G32:K32) -> 480
B33: =#REF!+1 -> #REF! | D33: 3.5 | E33: LOCACAO CONVENCIONAL DE OBRA, UTILIZANDO GABARITO DE TÁBUAS CORRIDAS PONTALETADAS A CADA 2,00M - 2 UTILIZAÇÕES. AF_10/2018 | F33: M | K33: 200 | L33: =PRODUCT(G33:K33) -> 200
B34: =B33+1 -> #REF! | D34: 3.6 | E34: MOBILIZAÇÃO - CRECHE 10 SALAS | F34: UN | K34: 1 | L34: =PRODUCT(G34:K34) -> 1
B35: =B34+1 -> #REF! | D35: 3.7 | E35: DESMOBILIZAÇÃO - CRECHE 10 SALAS | F35: UN | K35: 1 | L35: =PRODUCT(G35:K35) -> 1
B36: =B35+1 -> #REF! | D36: 3.8 | E36: ADESIVO PARA APLICAÇÃO EM TAPUME DE TELHA METÁLICA DE CONSTRUÇÃO | F36: m² | H36: Comp | I36: Alt | J36: Qtd | L36: =PRODUCT(H37:J37) -> 119.13
E37: 1 ADESIVO A CADA 20 METROS | H37: 5.7 | I37: 1.9 | J37: =ROUND((K32/2.1)/20,0) -> 11
B38: =#REF!+1 -> #REF! | D38: 3.9 | E38: LOCACAO DE CONTAINER 2,30 X 6,00 M, ALT. 2,50 M, COM 1 SANITARIO, PARA ESCRITORIO, COMPLETO, SEM DIVISORIAS INTERNAS (NAO INCLUI MOBILIZACAO/DESMOBILIZACAO) | F38: MÊS | H38: 2 | K38: 12 | L38: =PRODUCT(G38:K38) -> 24
B39: =B38+1 -> #REF! | D39: 3.10 | E39: LOCACAO DE CONTAINER 2,30 X 4,30 M, ALT. 2,50 M, P/ SANITARIO, C/ 5 BACIAS, 1 LAVATORIO E 4 MICTORIOS (NAO INCLUI MOBILIZACAO/DESMOBILIZACAO) | F39: MÊS | K39: 12 | L39: =PRODUCT(G39:K39) -> 12
D41: 4 | E41: INFRAESTRUTURA
A42: 4 | B42: 1 | D42: =CONCATENATE($A$42,".",B42,) -> 4.1 | E42: ARMAÇÃO DE SAPATA ISOLADA, VIGA BALDRAME E SAPATA CORRIDA UTILIZANDO AÇO CA-60 DE 5 MM - MONTAGEM. AF_01/2024 | F42: kg | I42: Desconto 10% | L42: =L43 -> 519.81818
E43: Baldrame | H43: 571.8 | I43: 1.1 | L43: =H43/I43 -> 519.81818
B45: =1+B42 -> 2 | D45: =CONCATENATE($A$42,".",B45,) -> 4.2 | E45: ARMAÇÃO DE SAPATA ISOLADA, VIGA BALDRAME E SAPATA CORRIDA UTILIZANDO AÇO CA-50 DE 8 MM - MONTAGEM. AF_01/2024 | F45: kg | I45: Desconto 10% | L45: =SUM(L46:L47) -> 1239.0909
E46: Sapatas | H46: 737.4 | I46: 1.1 | L46: =H46/I46 -> 670.36364
E47: Baldrame | H47: 625.6 | I47: 1.1 | L47: =H47/I47 -> 568.72727
B49: =1+B45 -> 3 | D49: =CONCATENATE($A$42,".",B49,) -> 4.3 | E49: ARMAÇÃO DE SAPATA ISOLADA, VIGA BALDRAME E SAPATA CORRIDA UTILIZANDO AÇO CA-50 DE 6,3 MM - MONTAGEM. AF_01/2024 | F49: kg | I49: Desconto 10% | L49: =SUM(L50:L50) -> 0.36363636
E50: Baldrame | H50: 0.4 | I50: 1.1 | L50: =H50/I50 -> 0.36363636
B52: =1+B49 -> 4 | D52: =CONCATENATE($A$42,".",B52,) -> 4.4 | E52: ARMAÇÃO DE SAPATA ISOLADA, VIGA BALDRAME E SAPATA CORRIDA UTILIZANDO AÇO CA-50 DE 10 MM - MONTAGEM. AF_01/2024 | F52: kg | I52: Desconto 10% | L52: =SUM(L53:L53) -> 557.09091
E53: Baldrame | H53: 612.8 | I53: 1.1 | L53: =H53/I53 -> 557.09091
B55: =1+B52 -> 5 | D55: =CONCATENATE($A$42,".",B55,) -> 4.5 | E55: ARMAÇÃO DE BLOCO, SAPATA ISOLADA, VIGA BALDRAME E SAPATA CORRIDA UTILIZANDO AÇO CA-50 DE 12,5 MM - MONTAGEM. AF_01/2024 | F55: kg | I55: Desconto 10% | L55: =SUM(L56:L56) -> 412.63636
E56: Baldrame | H56: 453.9 | I56: 1.1 | L56: =H56/I56 -> 412.63636
B58: =1+B55 -> 6 | D58: =CONCATENATE($A$42,".",B58,) -> 4.6 | E58: CONCRETAGEM DE SAPATA, FCK 30 MPA, COM USO DE BOMBA - LANÇAMENTO, ADENSAMENTO E ACABAMENTO. AF_01/2024 | F58: m³ | L58: =SUM(L59:L59) -> 21.15
E59: Sapatas | H59: 21.15 | L59: =PRODUCT(G59:K59) -> 21.15
B61: =1+B58 -> 7 | D61: =CONCATENATE($A$42,".",B61,) -> 4.7 | E61: FABRICAÇÃO, MONTAGEM E DESMONTAGEM DE FÔRMA PARA SAPATA, EM CHAPA DE MADEIRA COMPENSADA RESINADA, E=17 MM, 2 UTILIZAÇÕES. AF_01/2024 | F61: m² | L61: =SUM(L62:L62) -> 99.25
E62: Sapatas | K62: 99.25 | L62: =PRODUCT(G62:K62) -> 99.25
B64: =1+B61 -> 8 | D64: =CONCATENATE($A$42,".",B64,) -> 4.8 | E64: LASTRO DE CONCRETO MAGRO, APLICADO EM BLOCOS DE COROAMENTO OU SAPATAS. AF_01/2024 | F64: m³ | L64: =SUM(L65:L91) -> 6.34825
H65: AREA
E66: S1 | H66: =1*0.75 -> 0.75 | J66: 0.05 | K66: 9 | L66: =PRODUCT(G66:K66) -> 0.3375
E67: S2 | H67: =1.1*0.85 -> 0.935 | J67: 0.05 | K67: 9 | L67: =PRODUCT(G67:K67) -> 0.42075
E68: S3 | H68: =1*0.8 -> 0.8 | J68: 0.05 | K68: 9 | L68: =PRODUCT(G68:K68) -> 0.36
E69: S4 | H69: =1.05*0.95 -> 0.9975 | J69: 0.05 | K69: 8 | L69: =PRODUCT(G69:K69) -> 0.399
E70: S6 | H70: =0.95*0.8 -> 0.76 | J70: 0.05 | K70: 8 | L70: =PRODUCT(G70:K70) -> 0.304
E71: S11 | H71: =0.95*1.1 -> 1.045 | J71: 0.05 | K71: 9 | L71: =PRODUCT(G71:K71) -> 0.47025
E72: S12 | H72: =1*1.2 -> 1.2 | J72: 0.05 | K72: 12 | L72: =PRODUCT(G72:K72) -> 0.72
E73: S13 | H73: =1.25*1.25 -> 1.5625 | J73: 0.05 | K73: 2 | L73: =PRODUCT(G73:K73) -> 0.15625
E74: S14 | H74: =1*1 -> 1 | J74: 0.05 | K74: 4 | L74: =PRODUCT(G74:K74) -> 0.2
E75: S16 | H75: =1.25*1 -> 1.25 | J75: 0.05 | K75: 2 | L75: =PRODUCT(G75:K75) -> 0.125
E76: S17 | H76: =1.05*0.8 -> 0.84 | J76: 0.05 | K76: 5 | L76: =PRODUCT(G76:K76) -> 0.21
E77: S18 | H77: =1.2*0.95 -> 1.14 | J77: 0.05 | K77: 8 | L77: =PRODUCT(G77:K77) -> 0.456
E78: S20 | H78: =0.8*1 -> 0.8 | J78: 0.05 | K78: 2 | L78: =PRODUCT(G78:K78) -> 0.08
E79: S21 | H79: =1.05*1.25 -> 1.3125 | J79: 0.05 | K79: 4 | L79: =PRODUCT(G79:K79) -> 0.2625
E80: S22 | H80: =1.2*1.35 -> 1.62 | J80: 0.05 | K80: 4 | L80: =PRODUCT(G80:K80) -> 0.324
E81: S25 | H81: =1.2*1.4 -> 1.68 | J81: 0.05 | K81: 3 | L81: =PRODUCT(G81:K81) -> 0.252
E82: S28 | H82: =0.75*0.85 -> 0.6375 | J82: 0.05 | K82: 1 | L82: =PRODUCT(G82:K82) -> 0.031875
E83: S32 | H83: =1.25*1.45 -> 1.8125 | J83: 0.05 | K83: 3 | L83: =PRODUCT(G83:K83) -> 0.271875
E84: S43 | H84: =0.85*1.05 -> 0.8925 | J84: 0.05 | K84: 4 | L84: =PRODUCT(G84:K84) -> 0.1785
E85: S53 | H85: =0.75*0.95 -> 0.7125 | J85: 0.05 | K85: 3 | L85: =PRODUCT(G85:K85) -> 0.106875
E86: S61 | H86: =0.95*0.75 -> 0.7125 | J86: 0.05 | K86: 11 | L86: =PRODUCT(G86:K86) -> 0.391875
E87: S79 | H87: =1*0.9 -> 0.9 | J87: 0.05 | K87: 2 | L87: =PRODUCT(G87:K87) -> 0.09
E88: S106 | H88: =1*0.85 -> 0.85 | J88: 0.05 | K88: 1 | L88: =PRODUCT(G88:K88) -> 0.0425
E89: S117 | H89: =1.15*1 -> 1.15 | J89: 0.05 | K89: 1 | L89: =PRODUCT(G89:K89) -> 0.0575
E90: S119 | H90: =1*1 -> 1 | J90: 0.05 | K90: 2 | L90: =PRODUCT(G90:K90) -> 0.1
B92: =1+B64 -> 9 | D92: =CONCATENATE($A$42,".",B92,) -> 4.9 | E92: ESCAVAÇÃO MECANIZADA PARA BLOCO DE COROAMENTO OU SAPATA COM RETROESCAVADEIRA (INCLUINDO ESCAVAÇÃO PARA COLOCAÇÃO DE FÔRMAS). AF_01/2024 | F92: m³ | L92: =SUM(L93:L119) -> 228.537
H93: AREA
E94: S1 | H94: =1*0.75 -> 0.75 | J94: 1.8 | K94: 9 | L94: =PRODUCT(G94:K94) -> 12.15
E95: S2 | H95: =1.1*0.85 -> 0.935 | J95: 1.8 | K95: 9 | L95: =PRODUCT(G95:K95) -> 15.147
E96: S3 | H96: =1*0.8 -> 0.8 | J96: 1.8 | K96: 9 | L96: =PRODUCT(G96:K96) -> 12.96
E97: S4 | H97: =1.05*0.95 -> 0.9975 | J97: 1.8 | K97: 8 | L97: =PRODUCT(G97:K97) -> 14.364
E98: S6 | H98: =0.95*0.8 -> 0.76 | J98: 1.8 | K98: 8 | L98: =PRODUCT(G98:K98) -> 10.944
E99: S11 | H99: =0.95*1.1 -> 1.045 | J99: 1.8 | K99: 9 | L99: =PRODUCT(G99:K99) -> 16.929
E100: S12 | H100: =1*1.2 -> 1.2 | J100: 1.8 | K100: 12 | L100: =PRODUCT(G100:K100) -> 25.92
E101: S13 | H101: =1.25*1.25 -> 1.5625 | J101: 1.8 | K101: 2 | L101: =PRODUCT(G101:K101) -> 5.625
E102: S14 | H102: =1*1 -> 1 | J102: 1.8 | K102: 4 | L102: =PRODUCT(G102:K102) -> 7.2
E103: S16 | H103: =1.25*1 -> 1.25 | J103: 1.8 | K103: 2 | L103: =PRODUCT(G103:K103) -> 4.5
E104: S17 | H104: =1.05*0.8 -> 0.84 | J104: 1.8 | K104: 5 | L104: =PRODUCT(G104:K104) -> 7.56
E105: S18 | H105: =1.2*0.95 -> 1.14 | J105: 1.8 | K105: 8 | L105: =PRODUCT(G105:K105) -> 16.416
E106: S20 | H106: =0.8*1 -> 0.8 | J106: 1.8 | K106: 2 | L106: =PRODUCT(G106:K106) -> 2.88
E107: S21 | H107: =1.05*1.25 -> 1.3125 | J107: 1.8 | K107: 4 | L107: =PRODUCT(G107:K107) -> 9.45
E108: S22 | H108: =1.2*1.35 -> 1.62 | J108: 1.8 | K108: 4 | L108: =PRODUCT(G108:K108) -> 11.664
E109: S25 | H109: =1.2*1.4 -> 1.68 | J109: 1.8 | K109: 3 | L109: =PRODUCT(G109:K109) -> 9.072
E110: S28 | H110: =0.75*0.85 -> 0.6375 | J110: 1.8 | K110: 1 | L110: =PRODUCT(G110:K110) -> 1.1475
E111: S32 | H111: =1.25*1.45 -> 1.8125 | J111: 1.8 | K111: 3 | L111: =PRODUCT(G111:K111) -> 9.7875
E112: S43 | H112: =0.85*1.05 -> 0.8925 | J112: 1.8 | K112: 4 | L112: =PRODUCT(G112:K112) -> 6.426
E113: S53 | H113: =0.75*0.95 -> 0.7125 | J113: 1.8 | K113: 3 | L113: =PRODUCT(G113:K113) -> 3.8475
E114: S61 | H114: =0.95*0.75 -> 0.7125 | J114: 1.8 | K114: 11 | L114: =PRODUCT(G114:K114) -> 14.1075
E115: S79 | H115: =1*0.9 -> 0.9 | J115: 1.8 | K115: 2 | L115: =PRODUCT(G115:K115) -> 3.24
E116: S106 | H116: =1*0.85 -> 0.85 | J116: 1.8 | K116: 1 | L116: =PRODUCT(G116:K116) -> 1.53
E117: S117 | H117: =1.15*1 -> 1.15 | J117: 1.8 | K117: 1 | L117: =PRODUCT(G117:K117) -> 2.07
E118: S119 | H118: =1*1 -> 1 | J118: 1.8 | K118: 2 | L118: =PRODUCT(G118:K118) -> 3.6
B120: =1+B92 -> 10 | D120: =CONCATENATE($A$42,".",B120,) -> 4.10 | E120: ESCAVAÇÃO MANUAL PARA VIGA BALDRAME OU SAPATA CORRIDA (INCLUINDO ESCAVAÇÃO PARA COLOCAÇÃO DE FÔRMAS). AF_01/2024 | F120: m³ | L120: =SUM(L121:L121) -> 74.7492
...

Sheet CPUs
C1: Composições Analíticas com Preço Unitário | E1: Bancos | G1: B.D.I. | I1: Encargos Sociais
C2: CONSTRUÇÃO DE CRECHE 10 SALAS - FUNDAÇÃO RASA, NO DISTRITO DE UMARI, BOM JARDIM/PE | E2: SINAPI - 04/2025 - Pernambuco | G2: 20,5% | I2: Não Desonerado: embutido nos preços unitário dos insumos de mão de obra, de acordo com as bases.
A3: Composições Analíticas com Preço Unitário
A4: Composições Principais
A5: 1.1 | B5: Código | C5: Banco | D5: Descrição | E5: Tipo | G5: Und | H5: Quant. | I5: Valor Unit | J5: Total
A6: Composição | B6: 4975 | C6: Próprio | D6: ADMINISTRAÇÃO LOCAL CRECHE 10 SALAS | G6: un | H6: 1 | I6: 277622.44 | J6: 277622.44
A7: Composição Auxiliar | B7: 100321 | C7: SINAPI | D7: TÉCNICO EM SEGURANÇA DO TRABALHO COM ENCARGOS COMPLEMENTARES | E7: Livro SINAPI: Cálculos e Parâmetros | G7: MES | H7: 5 | I7: 5129.4 | J7: 25647
A8: Composição Auxiliar | B8: 101460 | C8: SINAPI | D8: VIGIA DIURNO COM ENCARGOS COMPLEMENTARES | E8: Livro SINAPI: Cálculos e Parâmetros | G8: MES | H8: 10 | I8: 4145.02 | J8: 41450.2
A9: Composição Auxiliar | B9: 93572 | C9: SINAPI | D9: ENCARREGADO GERAL DE OBRAS COM ENCARGOS COMPLEMENTARES | E9: Livro SINAPI: Cálculos e Parâmetros | G9: MES | H9: 10 | I9: 6345.55 | J9: 63455.5
A10: Composição Auxiliar | B10: 93565 | C10: SINAPI | D10: ENGENHEIRO CIVIL DE OBRA JUNIOR COM ENCARGOS COMPLEMENTARES | E10: Livro SINAPI: Cálculos e Parâmetros | G10: MES | H10: 2.05 | I10: 22627.68 | J10: 46386.74
A11: Insumo | B11: 4546 | C11: Próprio | D11: VIGIA NOTURNO (REGIME DE TRABALHO - 12 X 36), COM ADICIONAL NOTURNO 20% + HORA REDUZIDA + DSR | E11: Mão de Obra | G11: MES | H11: 20 | I11: 5034.15 | J11: 100683
E12: MO sem LS => | F12: 256137.33 | G12: LS => | H12: 0 | I12: MO com LS => | J12: 256137.33
E13: Valor do BDI => | F13: 56912.6 | H13: Valor com BDI => | J13: 334535.04
A15: 2.1 | B15: Código | C15: Banco | D15: Descrição | E15: Tipo | G15: Und | H15: Quant. | I15: Valor Unit | J15: Total
A16: Composição | B16: 102291 | C16: SINAPI | D16: ESCAVAÇÃO MECANIZADA DE VALA COM PROF. ATÉ 1,5 M (MÉDIA MONTANTE E JUSANTE/UMA COMPOSIÇÃO POR TRECHO), ESCAVADEIRA (0,8 M3), LARG. DE 1,5 M A 2,5 M, EM SOLO MOLE, LOCAIS COM BAIXO NÍVEL DE INTERFERÊNCIA. AF_09/2024 | E16: Escavação de Valas | G16: m³ | H16: 1 | I16: 8.06 | J16: 8.06
A17: Composição Auxiliar | B17: 5632 | C17: SINAPI | D17: ESCAVADEIRA HIDRÁULICA SOBRE ESTEIRAS, CAÇAMBA 0,80 M3, PESO OPERACIONAL 17 T, POTENCIA BRUTA 111 HP - CHI DIURNO. AF_06/2014 | E17: Custos Horários Produtivo e Improdutivo dos Equipamentos | G17: CHI | H17: 0.0191774 | I17: 89.96 | J17: 1.72
A18: Composição Auxiliar | B18: 88316 | C18: SINAPI | D18: SERVENTE COM ENCARGOS COMPLEMENTARES | E18: Livro SINAPI: Cálculos e Parâmetros | G18: H | H18: 0.0435232 | I18: 22.95 | J18: 0.99
A19: Composição Auxiliar | B19: 5631 | C19: SINAPI | D19: ESCAVADEIRA HIDRÁULICA SOBRE ESTEIRAS, CAÇAMBA 0,80 M3, PESO OPERACIONAL 17 T, POTENCIA BRUTA 111 HP - CHP DIURNO. AF_06/2014 | E19: Custos Horários Produtivo e Improdutivo dos Equipamentos | G19: CHP | H19: 0.0243458 | I19: 220 | J19: 5.35
E20: MO sem LS => | F20: 1.61 | G20: LS => | H20: 0 | I20: MO com LS => | J20: 1.61
E21: Valor do BDI => | F21: 1.65 | H21: Valor com BDI => | J21: 9.71
A23: 2.2 | B23: Código | C23: Banco | D23: Descrição | E23: Tipo | G23: Und | H23: Quant. | I23: Valor Unit | J23: Total
A24: Composição | B24: 104738 | C24: SINAPI | D24: ATERRO MECANIZADO DE VALA COM MINICARREGADEIRA, COM SOLO ARGILO-ARENOSO. AF_08/2023 | E24: Aterro e Reaterro de Valas | G24: m³ | H24: 1 | I24: 80.36 | J24: 80.36
A25: Composição Auxiliar | B25: 91533 | C25: SINAPI | D25: COMPACTADOR DE SOLOS DE PERCUSSÃO (SOQUETE) COM MOTOR A GASOLINA 4 TEMPOS, POTÊNCIA 4 CV - CHP DIURNO. AF_08/2015 | E25: Custos Horários Produtivo e Improdutivo dos Equipamentos | G25: CHP | H25: 0.1962 | I25: 33.07 | J25: 6.48
A26: Composição Auxiliar | B26: 90693 | C26: SINAPI | D26: MINICARREGADEIRA SOBRE RODAS, POTÊNCIA LÍQUIDA DE 47 HP, CAPACIDADE NOMINAL DE OPERAÇÃO DE 646 KG - CHI DIURNO. AF_06/2015 | E26: Custos Horários Produtivo e Improdutivo dos Equipamentos | G26: CHI | H26: 0.1072 | I26: 57.08 | J26: 6.11
A27: Composição Auxiliar | B27: 5903 | C27: SINAPI | D27: CAMINHÃO PIPA 10.000 L TRUCADO, PESO BRUTO TOTAL 23.000 KG, CARGA ÚTIL MÁXIMA 15.935 KG, DISTÂNCIA ENTRE EIXOS 4,8 M, POTÊNCIA 230 CV, INCLUSIVE TANQUE DE AÇO PARA TRANSPORTE DE ÁGUA - CHI DIURNO. AF_06/2014 | E27: Custos Horários Produtivo e Improdutivo dos Equipamentos | G27: CHI | H27: 0.0006 | I27: 72.71 | J27: 0.04
A28: Composição Auxiliar | B28: 90692 | C28: SINAPI | D28: MINICARREGADEIRA SOBRE RODAS, POTÊNCIA LÍQUIDA DE 47 HP, CAPACIDADE NOMINAL DE OPERAÇÃO DE 646 KG - CHP DIURNO. AF_06/2015 | E28: Custos Horários Produtivo e Improdutivo dos Equipamentos | G28: CHP | H28: 0.0742 | I28: 132.22 | J28: 9.81
A29: Composição Auxiliar | B29: 5901 | C29: SINAPI | D29: CAMINHÃO PIPA 10.000 L TRUCADO, PESO BRUTO TOTAL 23.000 KG, CARGA ÚTIL MÁXIMA 15.935 KG, DISTÂNCIA ENTRE EIXOS 4,8 M, POTÊNCIA 230 CV, INCLUSIVE TANQUE DE AÇO PARA TRANSPORTE DE ÁGUA - CHP DIURNO. AF_06/2014 | E29: Custos Horários Produtivo e Improdutivo dos Equipamentos | G29: CHP | H29: 0.0054 | I29: 327.82 | J29: 1.77
A30: Composição Auxiliar | B30: 88316 | C30: SINAPI | D30: SERVENTE COM ENCARGOS COMPLEMENTARES | E30: Livro SINAPI: Cálculos e Parâmetros | G30: H | H30: 0.1012 | I30: 22.95 | J30: 2.32
A31: Insumo | B31: 00006079 | C31: SINAPI | D31: ARGILA, ARGILA VERMELHA OU ARGILA ARENOSA (RETIRADA NA JAZIDA, SEM TRANSPORTE) | E31: Material | G31: m³ | H31: 1.3889 | I31: 38.76 | J31: 53.83
E32: MO sem LS => | F32: 8.91 | G32: LS => | H32: 0 | I32: MO com LS => | J32: 8.91
E33: Valor do BDI => | F33: 16.47 | H33: Valor com BDI => | J33: 96.83
A35: 2.3 | B35: Código | C35: Banco | D35: Descrição | E35: Tipo | G35: Und | H35: Quant. | I35: Valor Unit | J35: Total
A36: Composição | B36: 95876 | C36: SINAPI | D36: TRANSPORTE COM CAMINHÃO BASCULANTE DE 14 M³, EM VIA URBANA PAVIMENTADA, DMT ATÉ 30 KM (UNIDADE: M3XKM). AF_07/2020 | E36: Transporte, Carga e Descarga de Materiais | G36: M3XKM | H36: 1 | I36: 2.14 | J36: 2.14
A37: Composição Auxiliar | B37: 89876 | C37: SINAPI | D37: CAMINHÃO BASCULANTE 14 M3, COM CAVALO MECÂNICO DE CAPACIDADE MÁXIMA DE TRAÇÃO COMBINADO DE 36000 KG, POTÊNCIA 286 CV, INCLUSIVE SEMIREBOQUE COM CAÇAMBA METÁLICA - CHP DIURNO. AF_12/2014 | E37: Custos Horários Produtivo e Improdutivo dos Equipamentos | G37: CHP | H37: 0.0059 | I37: 328.91 | J37: 1.94
A38: Composição Auxiliar | B38: 89877 | C38: SINAPI | D38: CAMINHÃO BASCULANTE 14 M3, COM CAVALO MECÂNICO DE CAPACIDADE MÁXIMA DE TRAÇÃO COMBINADO DE 36000 KG, POTÊNCIA 286 CV, INCLUSIVE SEMIREBOQUE COM CAÇAMBA METÁLICA - CHI DIURNO. AF_12/2014 | E38: Custos Horários Produtivo e Improdutivo dos Equipamentos | G38: CHI | H38: 0.0025 | I38: 81.8 | J38: 0.2
E39: MO sem LS => | F39: 0.17 | G39: LS => | H39: 0 | I39: MO com LS => | J39: 0.17
E40: Valor do BDI => | F40: 0.43 | H40: Valor com BDI => | J40: 2.57
A42: 2.4 | B42: Código | C42: Banco | D42: Descrição | E42: Tipo | G42: Und | H42: Quant. | I42: Valor Unit | J42: Total
A43: Composição | B43: 103800 | C43: SINAPI | D43: PEDRA ARGAMASSADA COM CIMENTO E AREIA 1:3, 40% DE ARGAMASSA EM VOLUME - AREIA E PEDRA DE MÃO COMERCIAIS - FORNECIMENTO E ASSENTAMENTO. AF_08/2022 | E43: Dissipadores de Energia | G43: m³ | H43: 1 | I43: 526.17 | J43: 526.17
A44: Composição Auxiliar | B44: 88309 | C44: SINAPI | D44: PEDREIRO COM ENCARGOS COMPLEMENTARES | E44: Livro SINAPI: Cálculos e Parâmetros | G44: H | H44: 2.2158 | I44: 28.34 | J44: 62.79
A45: Composição Auxiliar | B45: 88629 | C45: SINAPI | D45: ARGAMASSA TRAÇO 1:3 (EM VOLUME DE CIMENTO E AREIA MÉDIA ÚMIDA), PREPARO MANUAL. AF_08/2019 | E45: Argamassas | G45: m³ | H45: 0.4412 | I45: 679.2 | J45: 299.66
A46: Composição Auxiliar | B46: 88316 | C46: SINAPI | D46: SERVENTE COM ENCARGOS COMPLEMENTARES | E46: Livro SINAPI: Cálculos e Parâmetros | G46: H | H46: 3.1021 | I46: 22.95 | J46: 71.19
A47: Insumo | B47: 00004730 | C47: SINAPI | D47: PEDRA DE MAO OU PEDRA RACHAO PARA ARRIMO/FUNDACAO (POSTO PEDREIRA/FORNECEDOR, SEM FRETE) | E47: Material | G47: m³ | H47: 0.9086 | I47: 101.84 | J47: 92.53
E48: MO sem LS => | F48: 158.32 | G48: LS => | H48: 0 | I48: MO com LS => | J48: 158.32
E49: Valor do BDI => | F49: 107.86 | H49: Valor com BDI => | J49: 634.03
A51: 3.1 | B51: Código | C51: Banco | D51: Descrição | E51: Tipo | G51: Und | H51: Quant. | I51: Valor Unit | J51: Total
A52: Composição | B52: 103689 | C52: SINAPI | D52: FORNECIMENTO E INSTALAÇÃO DE PLACA DE OBRA COM CHAPA GALVANIZADA E ESTRUTURA DE MADEIRA. AF_03/2022_PS | E52: Sinalização Vertical Viária | G52: m² | H52: 1 | I52: 465.96 | J52: 465.96
A53: Composição Auxiliar | B53: 88262 | C53: SINAPI | D53: CARPINTEIRO DE FORMAS COM ENCARGOS COMPLEMENTARES | E53: Livro SINAPI: Cálculos e Parâmetros | G53: H | H53: 0.3729 | I53: 27.92 | J53: 10.41
A54: Composição Auxiliar | B54: 88316 | C54: SINAPI | D54: SERVENTE COM ENCARGOS COMPLEMENTARES | E54: Livro SINAPI: Cálculos e Parâmetros | G54: H | H54: 1.1186 | I54: 22.95 | J54: 25.67
A55: Composição Auxiliar | B55: 102234 | C55: SINAPI | D55: PINTURA IMUNIZANTE PARA MADEIRA, 2 DEMÃOS. AF_01/2021 | E55: Pintura em Madeira | G55: m² | H55: 0.5 | I55: 23.97 | J55: 11.98
A56: Insumo | B56: 00004509 | C56: SINAPI | D56: SARRAFO *2,5 X 10* CM EM PINUS, MISTA OU EQUIVALENTE DA REGIAO - BRUTA | E56: Material | G56: M | H56: 3.2083 | I56: 5.41 | J56: 17.35
A57: Insumo | B57: 00005065 | C57: SINAPI | D57: PREGO DE ACO POLIDO COM CABECA 10 X 10 (7/8 X 17) | E57: Material | G57: KG | H57: 0.0113 | I57: 30.38 | J57: 0.34
A58: Insumo | B58: 00004813 | C58: SINAPI | D58: PLACA DE OBRA (PARA CONSTRUCAO CIVIL) EM CHAPA GALVANIZADA *N. 22*, ADESIVADA, DE *2,4 X 1,2* M (SEM POSTES PARA FIXACAO) | E58: Material | G58: m² | H58: 1 | I58: 400 | J58: 400
A59: Insumo | B59: 00005069 | C59: SINAPI | D59: PREGO DE ACO POLIDO COM CABECA 17 X 27 (2 1/2 X 11) | E59: Material | G59: KG | H59: 0.0132 | I59: 16.28 | J59: 0.21
E60: MO sem LS => | F60: 30.73 | G60: LS => | H60: 0 | I60: MO com LS => | J60: 30.73
E61: Valor do BDI => | F61: 95.52 | H61: Valor com BDI => | J61: 561.48
A63: 3.2 | B63: Código | C63: Banco | D63: Descrição | E63: Tipo | G63: Und | H63: Quant. | I63: Valor Unit | J63: Total
A64: Composição | B64: 344 | C64: Próprio | D64: LIGACAO PROVISORIA DE AGUA -PARA MEDICAO DE AGUA - ENTRADA PRINCIPAL, EM PVC SOLDÁVEL DN 25 (¾") FORNECIMENTO E INSTALAÇÃO (INCLUSIVE HIDRÔMETRO) | G64: un | H64: 1 | I64: 360.44 | J64: 360.44
A65: Composição Auxiliar | B65: 88267 | C65: SINAPI | D65: ENCANADOR OU BOMBEIRO HIDRÁULICO COM ENCARGOS COMPLEMENTARES | E65: Livro SINAPI: Cálculos e Parâmetros | G65: H | H65: 1.7025 | I65: 27.62 | J65: 47.02
A66: Composição Auxiliar | B66: 88248 | C66: SINAPI | D66: AUXILIAR DE ENCANADOR OU BOMBEIRO HIDRÁULICO COM ENCARGOS COMPLEMENTARES | E66: Livro SINAPI: Cálculos e Parâmetros | G66: H | H66: 1.705 | I66: 23.32 | J66: 39.76
A67: Insumo | B67: 00020083 | C67: SINAPI | D67: SOLUCAO PREPARADORA / LIMPADORA PARA PVC, FRASCO COM 1000 CM3 | E67: Material | G67: UN | H67: 0.072 | I67: 74.09 | J67: 5.33
A68: Insumo | B68: 00012774 | C68: SINAPI | D68: HIDROMETRO UNIJATO / MEDIDOR DE AGUA, DN 3/4", VAZAO MAXIMA DE 5 M3/H, PARA AGUA POTAVEL FRIA, RELOJOARIA PLANA, CLASSE B, HORIZONTAL (SEM CONEXOES)0, | E68: Material | G68: UN | H68: 1 | I68: 124.34 | J68: 124.34
A69: Insumo | B69: 00038383 | C69: SINAPI | D69: LIXA D'AGUA EM FOLHA, COR PRETA, GRAO 100 | E69: Material | G69: UN | H69: 0.396 | I69: 2.26 | J69: 0.89
A70: Insumo | B70: 00020080 | C70: SINAPI | D70: ADESIVO PLASTICO PARA PVC, FRASCO COM 175 GR | E70: Material | G70: UN | H70: 0.306 | I70: 21.34 | J70: 6.53
A71: Insumo | B71: 00003729 | C71: SINAPI | D71: KIT CAVALETE, PVC, COM REGISTRO, PARA HIDROMETRO, BITOLAS 1/2" OU 3/4" - COMPLETO | E71: Material | G71: UN | H71: 1 | I71: 136.57 | J71: 136.57
E72: MO sem LS => | F72: 65.38 | G72: LS => | H72: 0 | I72: MO com LS => | J72: 65.38
E73: Valor do BDI => | F73: 73.89 | H73: Valor com BDI => | J73: 434.33
A75: 3.3 | B75: Código | C75: Banco | D75: Descrição | E75: Tipo | G75: Und | H75: Quant. | I75: Valor Unit | J75: Total
A76: Composição | B76: 345 | C76: Próprio | D76: INSTALACAO/LIGACAO PROVISORIA ELETRICA BAIXA TENSAO P/CANTEIRO DE OBRA | G76: un | H76: 1 | I76: 2016.64 | J76: 2016.64
A77: Composição Auxiliar | B77: 88316 | C77: SINAPI | D77: SERVENTE COM ENCARGOS COMPLEMENTARES | E77: Livro SINAPI: Cálculos e Parâmetros | G77: H | H77: 24 | I77: 22.95 | J77: 550.8
A78: Composição Auxiliar | B78: 88264 | C78: SINAPI | D78: ELETRICISTA COM ENCARGOS COMPLEMENTARES | E78: Livro SINAPI: Cálculos e Parâmetros | G78: H | H78: 24 | I78: 28.71 | J78: 689.04
A79: Insumo | B79: 00001875 | C79: SINAPI | D79: CURVA 90 GRAUS, LONGA, DE PVC RIGIDO ROSCAVEL, DE 1 1/2", PARA ELETRODUTO | E79: Material | G79: UN | H79: 2 | I79: 8.39 | J79: 16.78
A80: Insumo | B80: 00007701 | C80: SINAPI | D80: TUBO ACO GALVANIZADO COM COSTURA, CLASSE MEDIA, DN 2.1/2", E = *3,65* MM, PESO *6,51* KG/M (NBR 5580) | E80: Material | G80: M | H80: 2 | I80: 82.2 | J80: 164.4
A81: Insumo | B81: 00000979 | C81: SINAPI | D81: CABO DE COBRE, FLEXIVEL, CLASSE 4 OU 5, ISOLACAO EM PVC/A, ANTICHAMA BWF-B, 1 CONDUTOR, 450/750 V, SECAO NOMINAL 16 MM2 | E81: Material | G81: M | H81: 20 | I81: 15.23 | J81: 304.6
A82: Insumo | B82: 00000392 | C82: SINAPI | D82: ABRACADEIRA EM ACO PARA AMARRACAO DE ELETRODUTOS, TIPO D, COM 1/2" E PARAFUSO DE FIXACAO | E82: Material | G82: UN | H82: 1 | I82: 2.43 | J82: 2.43
A83: Insumo | B83: 00003406 | C83: SINAPI | D83: ISOLADOR DE PORCELANA, TIPO PINO MONOCORPO, PARA TENSAO DE *15* KV | E83: Material | G83: UN | H83: 4 | I83: 26.57 | J83: 106.28
A84: Insumo | B84: 00012344 | C84: SINAPI | D84: FUSIVEL DIAZED 20 A TAMANHO DII, CAPACIDADE DE INTERRUPCAO DE 50 KA EM VCA E 8 KA EM VCC, TENSAO NOMINAL DE 500 V | E84: Material | G84: UN | H84: 3 | I84: 4.49 | J84: 13.47
A85: Insumo | B85: 00012056 | C85: SINAPI | D85: ELETRODUTO FLEXIVEL, EM FITA DE ACO GALVANIZADO, SEM REVESTIMENTO, DIAMETRO NOMINAL 1 1/2" | E85: Material | G85: M | H85: 5 | I85: 22.56 | J85: 112.8
A86: Insumo | B86: 00002673 | C86: SINAPI | D86: ELETRODUTO DE PVC RIGIDO ROSCAVEL DE 1/2 ", SEM LUVA | E86: Material | G86: M | H86: 12 | I86: 4.67 | J86: 56.04
E87: MO sem LS => | F87: 908.64 | G87: LS => | H87: 0 | I87: MO com LS => | J87: 908.64
E88: Valor do BDI => | F88: 413.41 | H88: Valor com BDI => | J88: 2430.05
A90: 3.4 | B90: Código | C90: Banco | D90: Descrição | E90: Tipo | G90: Und | H90: Quant. | I90: Valor Unit | J90: Total
A91: Composição | B91: 98459 | C91: SINAPI | D91: TAPUME COM TELHA METÁLICA. AF_03/2024 | E91: Instalações para Canteiros de Obras | G91: m² | H91: 1 | I91: 95.96 | J91: 95.96
A92: Composição Auxiliar | B92: 94974 | C92: SINAPI | D92: CONCRETO MAGRO PARA LASTRO, TRAÇO 1:4,5:4,5 (EM MASSA SECA DE CIMENTO/ AREIA MÉDIA/ BRITA 1) - PREPARO MANUAL. AF_05/2021 | E92: Produção de Concreto | G92: m³ | H92: 0.0061 | I92: 477.45 | J92: 2.91
A93: Composição Auxiliar | B93: 91692 | C93: SINAPI | D93: SERRA CIRCULAR DE BANCADA COM MOTOR ELÉTRICO POTÊNCIA DE 5HP, COM COIFA PARA DISCO 10" - CHP DIURNO. AF_08/2015 | E93: Custos Horários Produtivo e Improdutivo dos Equipamentos | G93: CHP | H93: 0.0066 | I93: 25.82 | J93: 0.17
A94: Composição Auxiliar | B94: 88239 | C94: SINAPI | D94: AJUDANTE DE CARPINTEIRO COM ENCARGOS COMPLEMENTARES | E94: Livro SINAPI: Cálculos e Parâmetros | G94: H | H94: 0.492 | I94: 23.69 | J94: 11.65
A95: Composição Auxiliar | B95: 91693 | C95: SINAPI | D95: SERRA CIRCULAR DE BANCADA COM MOTOR ELÉTRICO POTÊNCIA DE 5HP, COM COIFA PARA DISCO 10" - CHI DIURNO. AF_08/2015 | E95: Custos Horários Produtivo e Improdutivo dos Equipamentos | G95: CHI | H95: 0.0264 | I95: 24.46 | J95: 0.64
A96: Composição Auxiliar | B96: 88262 | C96: SINAPI | D96: CARPINTEIRO DE FORMAS COM ENCARGOS COMPLEMENTARES | E96: Livro SINAPI: Cálculos e Parâmetros | G96: H | H96: 0.735 | I96: 27.92 | J96: 20.52
A97: Insumo | B97: 00004491 | C97: SINAPI | D97: PONTALETE *7,5 X 7,5* CM EM PINUS, MISTA OU EQUIVALENTE DA REGIAO - BRUTA | E97: Material | G97: M | H97: 1.2273 | I97: 10.66 | J97: 13.08
A98: Insumo | B98: 00005061 | C98: SINAPI | D98: PREGO DE ACO POLIDO COM CABECA 18 X 27 (2 1/2 X 10) | E98: Material | G98: KG | H98: 0.068 | I98: 15.7 | J98: 1.06
A99: Insumo | B99: 00007243 | C99: SINAPI | D99: TELHA TRAPEZOIDAL EM ACO ZINCADO, SEM PINTURA, ALTURA DE APROXIMADAMENTE 40 MM, ESPESSURA DE 0,50 MM E LARGURA UTIL DE 980 MM | E99: Material | G99: m² | H99: 0.5853 | I99: 52.51 | J99: 30.73
A100: Insumo | B100: 00006194 | C100: SINAPI | D100: TABUA *2,5 X 15 CM EM PINUS, MISTA OU EQUIVALENTE DA REGIAO - BRUTA | E100: Material | G100: M | H100: 2 | I100: 7.6 | J100: 15.2
E101: MO sem LS => | F101: 25.15 | G101: LS => | H101: 0 | I101: MO com LS => | J101: 25.15
E102: Valor do BDI => | F102: 19.67 | H102: Valor com BDI => | J102: 115.63
A104: 3.5 | B104: Código | C104: Banco | D104: Descrição | E104: Tipo | G104: Und | H104: Quant. | I104: Valor Unit | J104: Total
A105: Composição | B105: 99059 | C105: SINAPI | D105: LOCAÇÃO CONVENCIONAL DE OBRA, UTILIZANDO GABARITO DE TÁBUAS CORRIDAS PONTALETADAS A CADA 2,00M - 2 UTILIZAÇÕES. AF_03/2024 | E105: Locação de Obras | G105: M | H105: 1 | I105: 67.09 | J105: 67.09
A106: Composição Auxiliar | B106: 91693 | C106: SINAPI | D106: SERRA CIRCULAR DE BANCADA COM MOTOR ELÉTRICO POTÊNCIA DE 5HP, COM COIFA PARA DISCO 10" - CHI DIURNO. AF_08/2015 | E106: Custos Horários Produtivo e Improdutivo dos Equipamentos | G106: CHI | H106: 0.028 | I106: 24.46 | J106: 0.68
A107: Composição Auxiliar | B107: 94974 | C107: SINAPI | D107: CONCRETO MAGRO PARA LASTRO, TRAÇO 1:4,5:4,5 (EM MASSA SECA DE CIMENTO/ AREIA MÉDIA/ BRITA 1) - PREPARO MANUAL. AF_05/2021 | E107: Produção de Concreto | G107: m³ | H107: 0.004 | I107: 477.45 | J107: 1.9
A108: Composição Auxiliar | B108: 88262 | C108: SINAPI | D108: CARPINTEIRO DE FORMAS COM ENCARGOS COMPLEMENTARES | E108: Livro SINAPI: Cálculos e Parâmetros | G108: H | H108: 0.7247 | I108: 27.92 | J108: 20.23
A109: Composição Auxiliar | B109: 91692 | C109: SINAPI | D109: SERRA CIRCULAR DE BANCADA COM MOTOR ELÉTRICO POTÊNCIA DE 5HP, COM COIFA PARA DISCO 10" - CHP DIURNO. AF_08/2015 | E109: Custos Horários Produtivo e Improdutivo dos Equipamentos | G109: CHP | H109: 0.007 | I109: 25.82 | J109: 0.18
...

Sheet BDI_EDIFICACOES_20,50%_SEM
B2: COMPOSIÇÃO DE BDI PARA SERVIÇOS GERAIS DE EDIFICAÇÕES
B3: BONIFICAÇÃO E DESPESAS INDIRETAS
B5: OBRA: CONSTRUÇÃO DE CRECHE 10 SALAS - FUNDAÇÃO RASA, NO DISTRITO DE UMARI, BOM JARDIM/PE
B6: LOCALIZAÇÃO: DISTRITO DE UMARI - BOM JARDIM / PE
B7: DATA: MAIO/2026
B9: DESCRIÇÃO | C9: SIGLA | D9: VALOR (*) | F9: FAIXA REFERENCIAL - Ref. Acórdão 2622/2013
B11: Taxa de rateio da Administração Central | C11: AC | D11: 0.03 | E11: med | F11: De 3,00% até 5,50%; médio = 4,00%
B13: Taxa de Despesas Financeiras | C13: DF | D13: 0.0113 | E13: med | F13: De 0,59% até 1,39%; médio = 1,23%
B15: Taxa de Risco | C15: R | D15: 0.0097 | E15: med | F15: De 0,97% até 1,27%; médio = 1,27%
B17: Taxa de Seguro e Taxa de Garantia | C17: S + G | D17: 0.008 | E17: *med=min | F17: De 0,80% até 1,00%; médio = 0,80%
B19: COFINS | C19: COFINS | D19: 0.03
B20: ISS (**) | C20: ISS | D20: 0.03
B21: PIS | C21: PIS | D21: 0.0065
B22: CONTRIBUIÇÃO PREVIDENCIÁRIA SOBRE RECEITA BRUTA (***) | C22: CPRB | D22: 0
B23: Taxa de Tributos (Soma dos itens COFINS, ISS, PIS e CPRB) | C23: I | D23: =SUM(D19:D22) -> 0.0665
B25: Taxa de Lucro | C25: L | D25: 0.0617 | E25: min-med | F25: De 6,16% até 8,96%; médio = 7,40%
B27: BDI Resultante | D27: =ROUND((((1+D11+D17+D15)*(1+D13)*(1+D25))/(1-D23))-1,4) -> 0.205
F28: De 20,34% até 25,00%; médio = 22,12%
B31: Fórmula do BDI conforme Acórdão TCU 2622/2013-P:
B39: Obs.:
B54: Fórmula BDI conforme Acórdão TCU 325/2007:

Sheet CRONOGRAMA FISICO FINANCEIRO
A2: CRONOGRAMA FÍSICO FINANCEIRO NÃO DESONERADO
A3: CRECHE 10 SALAS - FUNDAÇÃO RASA SEE - BOM JARDIM - NÃO DESONERADO (ONERADO) | Q3: =C8/(C74-C8) -> 0.046903017
A5: ITEM | B5: DESCRIÇÃO DAS ETAPAS | C5: VALOR TOTAL DA ETAPA | E5: Mês 01 | F5: Mês 02 | G5: Mês 03 | H5: Mês 04 | I5: Mês 05 | J5: Mês 06 | K5: Mês 07 | L5: Mês 08 | M5: Mês 09 | N5: Mês 10 | O5: TOTAL
B7: OBRA CONSTRUÇÃO CRECHE 10 SALAS
A8: 1 | B8: ADMINISTRAÇAO LOCAL DA OBRA | C8: ='Resumo do Orçamento - Vantajoso'!I5 -> 334535.04 | E8: =((E65+E71+E68+E62+E59+E56+E53+E50+E47+E44+E41+E38+E35+E32+E29+E26+E23+E20+E17+E14)*$Q$3)/$C$8 -> 0.10595582 | F8: =((+F65+F71+F68+F62+F59+F56+F53+F50+F47+F44+F41+F38+F35+F32+F29+F26+F23+F20+F17+F14)*$Q$3)/$C$8 -> 0.11083717 | G8: =((+G65+G71+G68+G62+G59+G56+G53+G50+G47+G44+G41+G38+G35+G32+G29+G26+G23+G20+G17+G14)*$Q$3)/$C$8 -> 0.072031469 | H8: =((+H65+H71+H68+H62+H59+H56+H53+H50+H47+H44+H41+H38+H35+H32+H29+H26+H23+H20+H17+H14)*$Q$3)/$C$8 -> 0.0651877 | I8: =((+I65+I71+I68+I62+I59+I56+I53+I50+I47+I44+I41+I38+I35+I32+I29+I26+I23+I20+I17+I14)*$Q$3)/$C$8 -> 0.090334047 | J8: =((+J65+J71+J68+J62+J59+J56+J53+J50+J47+J44+J41+J38+J35+J32+J29+J26+J23+J20+J17+J14)*$Q$3)/$C$8 -> 0.071423137 | K8: =((+K65+K71+K68+K62+K59+K56+K53+K50+K47+K44+K41+K38+K35+K32+K29+K26+K23+K20+K17+K14)*$Q$3)/$C$8 -> 0.056924075 | L8: =((+L65+L71+L68+L62+L59+L56+L53+L50+L47+L44+L41+L38+L35+L32+L29+L26+L23+L20+L17+L14)*$Q$3)/$C$8 -> 0.12250599 | M8: =((+M65+M71+M68+M62+M59+M56+M53+M50+M47+M44+M41+M38+M35+M32+M29+M26+M23+M20+M17+M14)*$Q$3)/$C$8 -> 0.22413326 | N8: =((+N65+N71+N68+N62+N59+N56+N53+N50+N47+N44+N41+N38+N35+N32+N29+N26+N23+N20+N17+N14)*$Q$3)/$C$8 -> 0.080667335 | O8: =ROUND(SUM(E10:N10),2) -> 334535.04 | P8: =O8-C8 -> 0 | Q8: =SUM(E8:N8) -> 1
E10: =$C$8*E8 -> 35445.934 | F10: =$C$8*F8 -> 37078.917 | G10: =$C$8*G8 -> 24097.05 | H10: =$C$8*H8 -> 21807.57 | I10: =$C$8*I8 -> 30219.904 | J10: =$C$8*J8 -> 23893.542 | K10: =$C$8*K8 -> 19043.098 | L10: =$C$8*L8 -> 40982.545 | ... N10: =$C$8*N8 -> 26986.05
C11: =SUM(C12:C71) -> 7132484.5 | O11: =SUM(O12:O71) -> 7132484.5
A12: 2 | B12: TERRAPLANAGEM | C12: ='Resumo do Orçamento - Vantajoso'!I6 -> 1288606.7 | E12: 0.5 | F12: 0.5 | O12: =SUM(E14:N14) -> 1288606.7 | P12: =IF(O12=C12,"OK!","ERRO!") -> OK!
E14: =C12*E12 -> 644303.35 | F14: =C12*F12 -> 644303.35
A15: 3 | B15: INSTALAÇÕES PROVISÓRIAS | C15: ='Resumo do Orçamento - Vantajoso'!I7 -> 139281.1 | E15: 0.8 | F15: 0.2 | O15: =SUM(E17:N17) -> 139281.1 | P15: =IF(O15=C15,"OK!","ERRO!") -> OK!
E17: =C15*E15 -> 111424.88 | F17: =C15*F15 -> 27856.22
A18: 4 | B18: INFRAESTRUTURA | C18: ='Resumo do Orçamento - Vantajoso'!I8 -> 236769.64 | F18: 0.5 | G18: 0.5 | O18: =SUM(E20:N20) -> 236769.64 | P18: =IF(O18=C18,"OK!","ERRO!") -> OK!
F20: =C18*F18 -> 118384.82 | G20: =C18*G18 -> 118384.82
A21: 5 | B21: SUPERESTRUTURA | C21: ='Resumo do Orçamento - Vantajoso'!I9 -> 577093.46 | G21: 0.5 | H21: 0.5 | O21: =SUM(E23:N23) -> 577093.46 | P21: =IF(O21=C21,"OK!","ERRO!") -> OK!
G23: =C21*G21 -> 288546.73 | H23: =C21*H21 -> 288546.73
A24: 6 | B24: PAREDES E DIVISÓRIAS | C24: ='Resumo do Orçamento - Vantajoso'!I10 -> 356105.95 | G24: 0.3 | H24: 0.3 | I24: 0.3 | J24: 0.1 | O24: =SUM(E26:N26) -> 356105.95 | P24: =IF(O24=C24,"OK!","ERRO!") -> OK!
G26: =C24*G24 -> 106831.79 | H26: =C24*H24 -> 106831.79 | I26: =C24*I24 -> 106831.79 | J26: =C24*J24 -> 35610.595
A27: 7 | B27: COBERTURA E IMPERMEABILIZAÇÃO | C27: ='Resumo do Orçamento - Vantajoso'!I11 -> 554285.99 | I27: 0.7 | J27: 0.3 | O27: =SUM(E29:N29) -> 554285.99 | P27: =IF(O27=C27,"OK!","ERRO!") -> OK!
I29: =C27*I27 -> 388000.19 | J29: =C27*J27 -> 166285.8
